Workbook

Sheet Cover Page
A4: CARROLL INDEPENDENT SCHOOL DISTICT
A28: Total Debt Service Schedule
A37: 45473
A38: (After 2024 Defeasance)
G55: Lewis A. Wilks
G56: US Capital Advisors LLC
G57: 4444 Westheimer, Suite G500
G58: Houston, Texas 77027
G59: 888-601-8722; 713-366-0592 Telephone

Sheet Series1997-1
B1: Carroll ISD
B3: Series 1997 - 1
B4: Fixed Rate Conversion New Money Debt Service
E7: Total
A8: Date | B8: Principal | C8: Interest | D8: Total | E8: Annual D/S
A9: 40954 | B9: 0 | C9: 0 | D9: =B9+C9 -> 0 | E9: 0
A10: 41136 | B10: 0 | C10: 0 | D10: =B10+C10 -> 0 | E10: =+D9+D10 -> 0
A11: 41320 | B11: 0 | C11: 0 | D11: =B11+C11 -> 0 | E11: 0
A12: 41501 | B12: 0 | C12: 0 | D12: =B12+C12 -> 0 | E12: =+D11+D12 -> 0
A13: 41685 | B13: 0 | C13: 0 | D13: =B13+C13 -> 0 | E13: 0
A14: 41866 | B14: 0 | C14: 0 | D14: =B14+C14 -> 0 | E14: =+D13+D14 -> 0
A15: 42050 | B15: 0 | C15: 69187.5 | D15: =B15+C15 -> 69187.5 | E15: 0
A16: 42231 | B16: 0 | C16: 69187.5 | D16: =B16+C16 -> 69187.5 | E16: =+D15+D16 -> 138375
A18: 42415 | B18: 0 | C18: 107387.5 | D18: =B18+C18 -> 107387.5 | E18: 0
A19: 42597 | B19: 0 | C19: 107387.5 | D19: =B19+C19 -> 107387.5 | E19: =+D18+D19 -> 214775
A20: 42781 | B20: 0 | C20: 107387.5 | D20: =B20+C20 -> 107387.5 | E20: 0
A21: 42962 | B21: 0 | C21: 107387.5 | D21: =B21+C21 -> 107387.5 | E21: =+D20+D21 -> 214775
A22: 43146 | B22: 0 | C22: 107387.5 | D22: =B22+C22 -> 107387.5 | E22: 0
A23: 43327 | B23: 0 | C23: 107387.5 | D23: =B23+C23 -> 107387.5 | E23: =+D22+D23 -> 214775
A24: 43511 | B24: 0 | C24: 107387.5 | D24: =B24+C24 -> 107387.5
A25: 43692 | B25: 0 | C25: 107387.5 | D25: =B25+C25 -> 107387.5 | E25: =+D24+D25 -> 214775
A26: 43876 | B26: 400000 | C26: 107387.5 | D26: =B26+C26 -> 507387.5 | E26: 0
A27: 44058 | B27: 450000 | C27: 94687.5 | D27: =B27+C27 -> 544687.5 | E27: =+D26+D27 -> 1052075
A28: 44242 | B28: 0 | C28: 0 | D28: =B28+C28 -> 0 | E28: 0
A29: 44423 | B29: 0 | C29: 0 | D29: =B29+C29 -> 0 | E29: =+D28+D29 -> 0
A30: 44607 | B30: 0 | C30: 28687.5 | D30: =B30+C30 -> 28687.5 | E30: 0
A31: 44788 | B31: 850000 | C31: 28687.5 | D31: =B31+C31 -> 878687.5 | E31: =+D30+D31 -> 907375
A32: 44972 | B32: 0 | C32: 0 | D32: =B32+C32 -> 0 | E32: 0
A33: 45153 | B33: 0 | C33: 0 | D33: =B33+C33 -> 0 | E33: =+D32+D33 -> 0
A34: 45337 | B34: 0 | C34: 0 | D34: =B34+C34 -> 0 | E34: 0
A35: 45519 | B35: 0 | C35: 0 | D35: =B35+C35 -> 0 | E35: =+D34+D35 -> 0
A36: 45703 | B36: 0 | C36: 0 | D36: =B36+C36 -> 0 | E36: 0
A37: 45884 | B37: 0 | C37: 0 | D37: =B37+C37 -> 0 | E37: =+D36+D37 -> 0
A38: 46068 | B38: 0 | C38: 0 | D38: =B38+C38 -> 0 | E38: 0
A39: 46249 | B39: 0 | C39: 0 | D39: =B39+C39 -> 0 | E39: =+D38+D39 -> 0
A40: 46433 | B40: 0 | C40: 0 | D40: =B40+C40 -> 0 | E40: 0
A41: 46614 | B41: 0 | C41: 0 | D41: =B41+C41 -> 0 | E41: =+D40+D41 -> 0
A42: 46798 | B42: 0 | C42: 0 | D42: =B42+C42 -> 0 | E42: 0
A43: 46980 | B43: 0 | C43: 0 | D43: =B43+C43 -> 0 | E43: =+D42+D43 -> 0
A44: 47164 | B44: 0 | C44: 0 | D44: =B44+C44 -> 0 | E44: 0
A45: 47345 | B45: 0 | C45: 0 | D45: =B45+C45 -> 0 | E45: =+D44+D45 -> 0
A46: 47529 | B46: 0 | C46: 0 | D46: =B46+C46 -> 0 | E46: 0
A47: 47710 | B47: 0 | C47: 0 | D47: =B47+C47 -> 0 | E47: =+D46+D47 -> 0
A48: 47894 | B48: 0 | C48: 0 | D48: =B48+C48 -> 0 | E48: 0
A49: 48075 | B49: 0 | C49: 0 | D49: =B49+C49 -> 0 | E49: =+D48+D49 -> 0
A50: 48259 | B50: 0 | C50: 0 | D50: =B50+C50 -> 0 | E50: 0
A51: 48441 | B51: 0 | C51: 0 | D51: =B51+C51 -> 0 | E51: =+D50+D51 -> 0
A52: 48625 | B52: 0 | C52: 0 | D52: =B52+C52 -> 0 | E52: =+D51+D52 -> 0
A53: 48806 | B53: 0 | C53: 0 | D53: =B53+C53 -> 0 | E53: =+D52+D53 -> 0
A54: 48990 | B54: 0 | C54: 0 | D54: =B54+C54 -> 0 | E54: =+D53+D54 -> 0
A55: 49171 | B55: 0 | C55: 0 | D55: =B55+C55 -> 0 | E55: =+D54+D55 -> 0
A56: 49355 | B56: 0 | C56: 0 | D56: =B56+C56 -> 0 | E56: =+D55+D56 -> 0
A57: 49536 | B57: 0 | C57: 0 | D57: =B57+C57 -> 0 | E57: =+D56+D57 -> 0
A58: 49720 | B58: 0 | C58: 0 | D58: =B58+C58 -> 0 | E58: =+D57+D58 -> 0
A59: 49902 | B59: 0 | C59: 0 | D59: =B59+C59 -> 0 | E59: =+D58+D59 -> 0
A60: 50086 | B60: 0 | C60: 0 | D60: =B60+C60 -> 0 | E60: =+D59+D60 -> 0
A61: 50267 | B61: 0 | C61: 0 | D61: =B61+C61 -> 0 | E61: =+D60+D61 -> 0
A62: 50451 | B62: 0 | C62: 0 | D62: =B62+C62 -> 0 | E62: =+D61+D62 -> 0
... A97: 56841 | B97: 0 | C97: 0 | D97: =B97+C97 -> 0 | E97: =+D96+D97 -> 0
A98: 57025 | B98: 0 | C98: 0 | D98: =B98+C98 -> 0 | E98: 0
A99: 57207 | B99: 0 | C99: 0 | D99: =B99+C99 -> 0 | E99: =+D98+D99 -> 0
A100: 57391 | B100: 0 | C100: 0 | D100: =B100+C100 -> 0 | E100: 0
A101: 57572 | B101: 0 | C101: 0 | D101: =B101+C101 -> 0 | E101: =+D100+D101 -> 0
A102: 57756 | B102: 0 | C102: 0 | D102: =B102+C102 -> 0 | E102: 0
A103: 57937 | B103: 0 | C103: 0 | D103: =B103+C103 -> 0 | E103: =+D102+D103 -> 0
A104: Total | B104: =SUM(B28:B31) -> 850000 | C104: =SUM(C28:C31) -> 57375 | D104: =SUM(D28:D31) -> 907375 | E104: =SUM(E28:E31) -> 907375

Sheet Series 2006B
B1: Carroll ISD
B3: Series 2006B
B4: Refunding Debt Service
G7: Compound | J7: Combined | K7: Total
A8: Date | B8: Principal | C8: Interest | D8: Total | F8: Principal | G8: Interest | H8: Total D/S | J8: Total D/S | K8: Annual D/S
A10: 40954 | B10: 0 | C10: 0 | D10: =+B10+C10 -> 0 | F10: 0 | G10: 0 | H10: =+F10+G10 -> 0 | J10: =+D10+H10 -> 0 | K10: 0
A11: 41136 | B11: 0 | C11: 0 | D11: =+B11+C11 -> 0 | F11: 0 | G11: 0 | H11: =+F11+G11 -> 0 | J11: =+D11+H11 -> 0 | K11: =+J10+J11 -> 0
A12: 41320 | B12: 0 | C12: 0 | D12: =+B12+C12 -> 0 | F12: 0 | G12: 0 | H12: =+F12+G12 -> 0 | J12: =+D12+H12 -> 0 | K12: 0
A13: 41501 | B13: 0 | C13: 0 | D13: =+B13+C13 -> 0 | F13: 0 | G13: 0 | H13: =+F13+G13 -> 0 | J13: =+D13+H13 -> 0 | K13: =+J12+J13 -> 0
A14: 41685 | B14: 0 | C14: 0 | D14: =+B14+C14 -> 0 | F14: 0 | G14: 0 | H14: =+F14+G14 -> 0 | J14: =+D14+H14 -> 0 | K14: 0
A15: 41866 | B15: 0 | C15: 0 | D15: =+B15+C15 -> 0 | F15: 0 | G15: 0 | H15: =+F15+G15 -> 0 | J15: =+D15+H15 -> 0 | K15: =+J14+J15 -> 0
A16: 42050 | B16: 735000 | C16: 328637.5 | D16: =+B16+C16 -> 1063637.5 | F16: 276.9 | G16: 129723.1 | H16: =+F16+G16 -> 130000 | J16: =+D16+H16 -> 1193637.5 | K16: 0
A17: 42231 | B17: 0 | C17: 153278.13 | D17: =+B17+C17 -> 153278.13 | F17: 0 | G17: 0 | H17: =+F17+G17 -> 0 | J17: =+D17+H17 -> 153278.13 | K17: =+J16+J17 -> 1346915.6
A18: 42415 | B18: 0 | C18: 0 | D18: =+B18+C18 -> 0 | F18: 929.25 | G18: 884070.75 | H18: =+F18+G18 -> 885000 | J18: =+D18+H18 -> 885000 | K18: 0
A19: 42597 | B19: 0 | C19: 0 | D19: =+B19+C19 -> 0 | F19: 0 | G19: 0 | H19: =+F19+G19 -> 0 | J19: =+D19+H19 -> 0 | K19: =+J18+J19 -> 885000
A20: 42781 | B20: 0 | C20: 0 | D20: =+B20+C20 -> 0 | F20: 462.8 | G20: 889537.2 | H20: =+F20+G20 -> 890000 | J20: =+D20+H20 -> 890000 | K20: 0
A21: 42962 | B21: 0 | C21: 0 | D21: =+B21+C21 -> 0 | F21: 0 | G21: 0 | H21: =+F21+G21 -> 0 | J21: =+D21+H21 -> 0 | K21: =+J20+J21 -> 890000
A22: 43146 | B22: 0 | C22: 0 | D22: =+B22+C22 -> 0 | F22: 250 | G22: 999750 | H22: =+F22+G22 -> 1000000 | J22: =+D22+H22 -> 1000000 | K22: 0
A23: 43327 | B23: 0 | C23: 0 | D23: =+B23+C23 -> 0 | F23: 0 | G23: 0 | H23: =+F23+G23 -> 0 | J23: =+D23+H23 -> 0 | K23: =+J22+J23 -> 1000000
A24: 43511 | B24: 0 | C24: 0 | D24: =+B24+C24 -> 0 | F24: 0 | G24: 0 | H24: =+F24+G24 -> 0 | J24: =+D24+H24 -> 0 | K24: 0
A25: 43692 | B25: 0 | C25: 0 | D25: =+B25+C25 -> 0 | F25: 0 | G25: 0 | H25: =+F25+G25 -> 0 | J25: =+D25+H25 -> 0 | K25: =+J24+J25 -> 0
A26: 43876 | B26: 0 | C26: 0 | D26: =+B26+C26 -> 0 | F26: 0 | G26: 0 | H26: =+F26+G26 -> 0 | J26: =+D26+H26 -> 0 | K26: 0
A27: 44058 | B27: 0 | C27: 0 | D27: =+B27+C27 -> 0 | F27: 0 | G27: 0 | H27: =+F27+G27 -> 0 | J27: =+D27+H27 -> 0 | K27: =+J26+J27 -> 0
A28: 44242 | B28: 0 | C28: 0 | D28: =+B28+C28 -> 0 | F28: 0 | G28: 0 | H28: =+F28+G28 -> 0 | J28: =+D28+H28 -> 0 | K28: 0
A29: 44423 | B29: 0 | C29: 0 | D29: =+B29+C29 -> 0 | F29: 0 | G29: 0 | H29: =+F29+G29 -> 0 | J29: =+D29+H29 -> 0 | K29: =+J28+J29 -> 0
A30: 44607 | B30: 0 | C30: 0 | D30: =+B30+C30 -> 0 | F30: 0 | G30: 0 | H30: =+F30+G30 -> 0 | J30: =+D30+H30 -> 0 | K30: 0
A31: 44788 | B31: 0 | C31: 0 | D31: =+B31+C31 -> 0 | F31: 0 | G31: 0 | H31: =+F31+G31 -> 0 | J31: =+D31+H31 -> 0 | K31: =+J30+J31 -> 0
A32: 44972 | B32: 0 | C32: 0 | D32: =+B32+C32 -> 0 | F32: 0 | G32: 0 | H32: =+F32+G32 -> 0 | J32: =+D32+H32 -> 0 | K32: 0
A33: 45153 | B33: 0 | C33: 0 | D33: =+B33+C33 -> 0 | F33: 0 | G33: 0 | H33: =+F33+G33 -> 0 | J33: =+D33+H33 -> 0 | K33: =+J32+J33 -> 0
A34: 45337 | B34: 0 | C34: 0 | D34: =+B34+C34 -> 0 | F34: 0 | G34: 0 | H34: =+F34+G34 -> 0 | J34: =+D34+H34 -> 0 | K34: 0
A35: 45519 | B35: 0 | C35: 0 | D35: =+B35+C35 -> 0 | F35: 0 | G35: 0 | H35: =+F35+G35 -> 0 | J35: =+D35+H35 -> 0 | K35: =+J34+J35 -> 0
A36: 45703 | B36: 0 | C36: 0 | D36: =+B36+C36 -> 0 | F36: 0 | G36: 0 | H36: =+F36+G36 -> 0 | J36: =+D36+H36 -> 0 | K36: 0
A37: 45884 | B37: 0 | C37: 0 | D37: =+B37+C37 -> 0 | F37: 0 | G37: 0 | H37: =+F37+G37 -> 0 | J37: =+D37+H37 -> 0 | K37: =+J36+J37 -> 0
A38: 46068 | B38: 0 | C38: 0 | D38: =+B38+C38 -> 0 | F38: 0 | G38: 0 | H38: =+F38+G38 -> 0 | J38: =+D38+H38 -> 0 | K38: 0
A39: 46249 | B39: 0 | C39: 0 | D39: =+B39+C39 -> 0 | F39: 0 | G39: 0 | H39: =+F39+G39 -> 0 | J39: =+D39+H39 -> 0 | K39: =+J38+J39 -> 0
A40: 46433 | B40: 0 | C40: 0 | D40: =+B40+C40 -> 0 | F40: 0 | G40: 0 | H40: =+F40+G40 -> 0 | J40: =+D40+H40 -> 0 | K40: 0
A41: 46614 | B41: 0 | C41: 0 | D41: =+B41+C41 -> 0 | F41: 0 | G41: 0 | H41: =+F41+G41 -> 0 | J41: =+D41+H41 -> 0 | K41: =+J40+J41 -> 0
A42: 46798 | B42: 0 | C42: 0 | D42: =+B42+C42 -> 0 | F42: 0 | G42: 0 | H42: =+F42+G42 -> 0 | J42: =+D42+H42 -> 0 | K42: 0
A43: 46980 | B43: 0 | C43: 0 | D43: =+B43+C43 -> 0 | F43: 0 | G43: 0 | H43: =+F43+G43 -> 0 | J43: =+D43+H43 -> 0 | K43: =+J42+J43 -> 0
A44: 47164 | B44: 0 | C44: 0 | D44: =+B44+C44 -> 0 | F44: 0 | G44: 0 | H44: =+F44+G44 -> 0 | J44: =+D44+H44 -> 0 | K44: 0
A45: 47345 | B45: 0 | C45: 0 | D45: =+B45+C45 -> 0 | F45: 0 | G45: 0 | H45: =+F45+G45 -> 0 | J45: =+D45+H45 -> 0 | K45: =+J44+J45 -> 0
A46: 47529 | B46: 0 | C46: 0 | D46: =+B46+C46 -> 0 | F46: 0 | G46: 0 | H46: =+F46+G46 -> 0 | J46: =+D46+H46 -> 0 | K46: 0
A47: 47710 | B47: 0 | C47: 0 | D47: =+B47+C47 -> 0 | F47: 0 | G47: 0 | H47: =+F47+G47 -> 0 | J47: =+D47+H47 -> 0 | K47: =+J46+J47 -> 0
A48: 47894 | B48: 0 | C48: 0 | D48: =+B48+C48 -> 0 | F48: 0 | G48: 0 | H48: =+F48+G48 -> 0 | J48: =+D48+H48 -> 0 | K48: 0
A49: 48075 | B49: 0 | C49: 0 | D49: =+B49+C49 -> 0 | F49: 0 | G49: 0 | H49: =+F49+G49 -> 0 | J49: =+D49+H49 -> 0 | K49: =+J48+J49 -> 0
A50: 48259 | B50: 0 | C50: 0 | D50: =+B50+C50 -> 0 | F50: 0 | G50: 0 | H50: =+F50+G50 -> 0 | J50: =+D50+H50 -> 0 | K50: 0
A51: 48441 | B51: 0 | C51: 0 | D51: =+B51+C51 -> 0 | F51: 0 | G51: 0 | H51: =+F51+G51 -> 0 | J51: =+D51+H51 -> 0 | K51: =+J50+J51 -> 0
A52: 48625 | B52: 0 | C52: 0 | D52: =+B52+C52 -> 0 | F52: 0 | G52: 0 | H52: =+F52+G52 -> 0 | J52: =+D52+H52 -> 0 | K52: 0
A53: 48806 | B53: 0 | C53: 0 | D53: =+B53+C53 -> 0 | F53: 0 | G53: 0 | H53: =+F53+G53 -> 0 | J53: =+D53+H53 -> 0 | K53: =+J52+J53 -> 0
A54: 48990 | B54: 0 | C54: 0 | D54: =+B54+C54 -> 0 | F54: 0 | G54: 0 | H54: =+F54+G54 -> 0 | J54: =+D54+H54 -> 0 | K54: 0
A55: 49171 | B55: 0 | C55: 0 | D55: =+B55+C55 -> 0 | F55: 0 | G55: 0 | H55: =+F55+G55 -> 0 | J55: =+D55+H55 -> 0 | K55: =+J54+J55 -> 0
A56: 49355 | B56: 0 | C56: 0 | D56: =+B56+C56 -> 0 | F56: 0 | G56: 0 | H56: =+F56+G56 -> 0 | J56: =+D56+H56 -> 0 | K56: 0
A57: 49536 | B57: 0 | C57: 0 | D57: =+B57+C57 -> 0 | F57: 0 | G57: 0 | H57: =+F57+G57 -> 0 | J57: =+D57+H57 -> 0 | K57: =+J56+J57 -> 0
A58: 49720 | B58: 0 | C58: 0 | D58: =B58+C58 -> 0 | F58: 0 | G58: 0 | H58: =+F58+G58 -> 0 | J58: =+D58+H58 -> 0 | K58: =+J57+J58 -> 0
A59: 49902 | B59: 0 | C59: 0 | D59: =B59+C59 -> 0 | F59: 0 | G59: 0 | H59: =+F59+G59 -> 0 | J59: =+D59+H59 -> 0 | K59: =+J58+J59 -> 0
A60: 50086 | B60: 0 | C60: 0 | D60: =B60+C60 -> 0 | F60: 0 | G60: 0 | H60: =+F60+G60 -> 0 | J60: =+D60+H60 -> 0 | K60: =+J59+J60 -> 0
A61: 50267 | B61: 0 | C61: 0 | D61: =B61+C61 -> 0 | F61: 0 | G61: 0 | H61: =+F61+G61 -> 0 | J61: =+D61+H61 -> 0 | K61: =+J60+J61 -> 0
A62: 50451 | B62: 0 | C62: 0 | D62: =B62+C62 -> 0 | F62: 0 | G62: 0 | H62: =+F62+G62 -> 0 | J62: =+D62+H62 -> 0 | K62: =+J61+J62 -> 0
A63: 50632 | B63: 0 | C63: 0 | D63: =B63+C63 -> 0 | F63: 0 | G63: 0 | H63: =+F63+G63 -> 0 | J63: =+D63+H63 -> 0 | K63: =+J62+J63 -> 0
A64: 50816 | B64: 0 | C64: 0 | D64: =B64+C64 -> 0 | F64: 0 | G64: 0 | H64: =+F64+G64 -> 0 | J64: =+D64+H64 -> 0 | K64: =+J63+J64 -> 0
A65: 50997 | B65: 0 | C65: 0 | D65: =B65+C65 -> 0 | F65: 0 | G65: 0 | H65: =+F65+G65 -> 0 | J65: =+D65+H65 -> 0 | K65: =+J64+J65 -> 0
A66: 51181 | B66: 0 | C66: 0 | D66: =B66+C66 -> 0 | F66: 0 | G66: 0 | H66: =+F66+G66 -> 0 | J66: =+D66+H66 -> 0 | K66: =+J65+J66 -> 0
A67: 51363 | B67: 0 | C67: 0 | D67: =B67+C67 -> 0 | F67: 0 | G67: 0 | H67: =+F67+G67 -> 0 | J67: =+D67+H67 -> 0 | K67: =+J66+J67 -> 0
A68: 51547 | B68: 0 | C68: 0 | D68: =B68+C68 -> 0 | F68: 0 | G68: 0 | H68: =+F68+G68 -> 0 | J68: =+D68+H68 -> 0 | K68: =+J67+J68 -> 0
A69: 51728 | B69: 0 | C69: 0 | D69: =B69+C69 -> 0 | F69: 0 | G69: 0 | H69: =+F69+G69 -> 0 | J69: =+D69+H69 -> 0 | K69: =+J68+J69 -> 0
... A103: 57937 | B103: 0 | C103: 0 | D103: =B103+C103 -> 0 | F103: 0 | G103: 0 | H103: =+F103+G103 -> 0 | J103: =+D103+H103 -> 0 | K103: =+J102+J103 -> 0
A104: Total | B104: =SUM(B22:B103) -> 0 | C104: =SUM(C22:C103) -> 0 | D104: =SUM(D22:D103) -> 0 | F104: =SUM(F22:F103) -> 250 | G104: =SUM(G22:G103) -> 999750 | H104: =SUM(H22:H103) -> 1000000 | J104: =SUM(J22:J103) -> 1000000 | K104: =SUM(K22:K103) -> 1000000

Sheet Series 2009A(BABs)
B1: Carroll ISD
B3: Series 2009A
B4: New Money Debt Service (Build America Bonds)
H6: Build America Bond's
E7: Total | H7: Estimated Federal
A8: Date | B8: Principal | C8: Interest | D8: Total | E8: Annual D/S | H8: Funding on Interest @ 35%
A10: 40954 | B10: 0 | C10: 0 | D10: =B10+C10 -> 0 | E10: 0 | H10: =C10*0.35 -> 0
A11: 41136 | B11: 0 | C11: 0 | D11: =B11+C11 -> 0 | E11: =+D10+D11 -> 0 | H11: =C11*0.35 -> 0
A12: 41320 | B12: 0 | C12: 0 | D12: =B12+C12 -> 0 | E12: 0 | H12: =C12*0.35 -> 0
A13: 41501 | B13: 0 | C13: 0 | D13: =B13+C13 -> 0 | E13: =+D12+D13 -> 0 | H13: =C13*0.35 -> 0
A14: 41685 | B14: 0 | C14: 0 | D14: =B14+C14 -> 0 | E14: 0 | H14: =C14*0.35 -> 0
A15: 41866 | B15: 0 | C15: 0 | D15: =B15+C15 -> 0 | E15: =+D14+D15 -> 0 | H15: =C15*0.35 -> 0
A16: 42050 | B16: 1560000 | C16: 1776332.4 | D16: =B16+C16 -> 3336332.4 | E16: 0 | H16: =C16*0.35 -> 621716.33
A17: 42231 | B17: 0 | C17: 1745132.4 | D17: =B17+C17 -> 1745132.4 | E17: =+D16+D17 -> 5081464.8 | H17: =C17*0.35 -> 610796.33
A18: 42415 | B18: 1625000 | C18: 1745132.4 | D18: =B18+C18 -> 3370132.4 | E18: 0 | H18: =C18*0.35 -> 610796.33
A19: 42597 | B19: 0 | C19: 1708569.9 | D19: =B19+C19 -> 1708569.9 | E19: =+D18+D19 -> 5078702.3 | H19: =C19*0.35 -> 597999.46
A20: 42781 | B20: 1705000 | C20: 1708569.9 | D20: =B20+C20 -> 3413569.9 | E20: 0 | H20: =C20*0.35 -> 597999.46
A21: 42962 | B21: 0 | C21: 1668076.1 | D21: =B21+C21 -> 1668076.1 | E21: =+D20+D21 -> 5081646 | H21: =C21*0.35 -> 583826.65
A22: 43146 | B22: 1790000 | C22: 1668076.1 | D22: =B22+C22 -> 3458076.1 | E22: 0 | H22: =C22*0.35 -> 583826.65
A23: 43327 | B23: 0 | C23: 1623326.1 | D23: =B23+C23 -> 1623326.1 | E23: =+D22+D23 -> 5081402.3 | H23: =C23*0.35 -> 568164.15
A24: 43511 | B24: 1880000 | C24: 1623326.1 | D24: =B24+C24 -> 3503326.1 | H24: =C24*0.35 -> 568164.15
A25: 43692 | B25: 0 | C25: 1575151.1 | D25: =B25+C25 -> 1575151.1 | E25: =+D24+D25 -> 5078477.3 | H25: =C25*0.35 -> 551302.9
A26: 43876 | B26: 1980000 | C26: 1575151.1 | D26: =B26+C26 -> 3555151.1 | E26: 0 | H26: =C26*0.35 -> 551302.9
A27: 44058 | B27: 0 | C27: 1523087 | D27: =B27+C27 -> 1523087 | E27: =+D26+D27 -> 5078238.2 | H27: =C27*0.35 -> 533080.46
A28: 44242 | B28: 0 | C28: 0 | D28: =B28+C28 -> 0 | E28: 0 | H28: =C28*0.35 -> 0
A29: 44423 | B29: 0 | C29: 0 | D29: =B29+C29 -> 0 | E29: =+D28+D29 -> 0 | H29: =C29*0.35 -> 0
A30: 44607 | B30: 2215000 | C30: 1466563 | D30: =B30+C30 -> 3681563 | E30: 0 | H30: =C30*0.35 -> 513297.04
A31: 44788 | B31: 0 | C31: 1398728.6 | D31: =B31+C31 -> 1398728.6 | E31: =+D30+D31 -> 5080291.6 | H31: =C31*0.35 -> 489555.01
A32: 44972 | B32: 0 | C32: 0 | D32: =B32+C32 -> 0 | E32: 0 | H32: =C32*0.35 -> 0
A33: 45153 | B33: 0 | C33: 0 | D33: =B33+C33 -> 0 | E33: =+D32+D33 -> 0 | H33: =C33*0.35 -> 0
A34: 45337 | B34: 0 | C34: 0 | D34: =B34+C34 -> 0 | E34: 0 | H34: =C34*0.35 -> 0
A35: 45519 | B35: 0 | C35: 1250044.2 | D35: =B35+C35 -> 1250044.2 | E35: 0 | H35: =C35*0.35 -> 437515.48
A36: 45703 | B36: 2670000 | C36: 1250044.2 | D36: =B36+C36 -> 3920044.2 | E36: =+D35+D36 -> 5170088.5 | H36: =C36*0.35 -> 437515.48
A37: 45884 | B37: 0 | C37: 1158263 | D37: =B37+C37 -> 1158263 | E37: 0 | H37: =C37*0.35 -> 405392.04
A38: 46068 | B38: 2860000 | C38: 1158263 | D38: =B38+C38 -> 4018263 | E38: =+D37+D38 -> 5176526 | H38: =C38*0.35 -> 405392.04
A39: 46249 | B39: 0 | C39: 1059950.5 | D39: =B39+C39 -> 1059950.5 | E39: 0 | H39: =C39*0.35 -> 370982.67
A40: 46433 | B40: 3065000 | C40: 1059950.5 | D40: =B40+C40 -> 4124950.5 | E40: =+D39+D40 -> 5184901 | H40: =C40*0.35 -> 370982.67
A41: 46614 | B41: 0 | C41: 954591.1 | D41: =B41+C41 -> 954591.1 | E41: 0 | H41: =C41*0.35 -> 334106.88
A42: 46798 | B42: 3285000 | C42: 954591.1 | D42: =B42+C42 -> 4239591.1 | E42: =+D41+D42 -> 5194182.2 | H42: =C42*0.35 -> 334106.88
A43: 46980 | B43: 0 | C43: 841669.23 | D43: =B43+C43 -> 841669.23 | E43: 0 | H43: =C43*0.35 -> 294584.23
A44: 47164 | B44: 3515000 | C44: 841669.23 | D44: =B44+C44 -> 4356669.2 | E44: =+D43+D44 -> 5198338.5 | H44: =C44*0.35 -> 294584.23
A45: 47345 | B45: 0 | C45: 720841.1 | D45: =B45+C45 -> 720841.1 | E45: 0 | H45: =C45*0.35 -> 252294.38
A46: 47529 | B46: 3765000 | C46: 720841.1 | D46: =B46+C46 -> 4485841.1 | E46: =+D45+D46 -> 5206682.2 | H46: =C46*0.35 -> 252294.38
A47: 47710 | B47: 0 | C47: 595165.4 | D47: =B47+C47 -> 595165.4 | E47: 0 | H47: =C47*0.35 -> 208307.89
A48: 47894 | B48: 4020000 | C48: 595165.4 | D48: =B48+C48 -> 4615165.4 | E48: =+D47+D48 -> 5210330.8 | H48: =C48*0.35 -> 208307.89
A49: 48075 | B49: 0 | C49: 460977.8 | D49: =B49+C49 -> 460977.8 | E49: 0 | H49: =C49*0.35 -> 161342.23
A50: 48259 | B50: 4300000 | C50: 460977.8 | D50: =B50+C50 -> 4760977.8 | E50: =+D49+D50 -> 5221955.6 | H50: =C50*0.35 -> 161342.23
A51: 48441 | B51: 0 | C51: 317443.8 | D51: =B51+C51 -> 317443.8 | E51: 0 | H51: =C51*0.35 -> 111105.33
A52: 48625 | B52: 4595000 | C52: 317443.8 | D52: =B52+C52 -> 4912443.8 | E52: =+D51+D52 -> 5229887.6 | H52: =C52*0.35 -> 111105.33
A53: 48806 | B53: 0 | C53: 164062.7 | D53: =B53+C53 -> 164062.7 | E53: 0 | H53: =C53*0.35 -> 57421.945
A54: 48990 | B54: 4915000 | C54: 164062.7 | D54: =B54+C54 -> 5079062.7 | E54: =+D53+D54 -> 5243125.4 | H54: =C54*0.35 -> 57421.945
A55: 49171 | B55: 0 | C55: 0 | D55: =B55+C55 -> 0 | E55: 0 | H55: =C55*0.35 -> 0
A56: 49355 | B56: 0 | C56: 0 | D56: =B56+C56 -> 0 | E56: 0 | H56: =C56*0.35 -> 0
A57: 49536 | B57: 0 | C57: 0 | D57: =B57+C57 -> 0 | E57: 0 | H57: =C57*0.35 -> 0
A58: 49720 | B58: 0 | C58: 0 | D58: =B58+C58 -> 0 | E58: 0 | H58: =C58*0.35 -> 0
A59: 49902 | B59: 0 | C59: 0 | D59: =B59+C59 -> 0 | E59: 0 | H59: =C59*0.35 -> 0
A60: 50086 | B60: 0 | C60: 0 | D60: =B60+C60 -> 0 | E60: 0 | H60: =C60*0.35 -> 0
A61: 50267 | B61: 0 | C61: 0 | D61: =B61+C61 -> 0 | E61: 0 | H61: =C61*0.35 -> 0
A62: 50451 | B62: 0 | C62: 0 | D62: =B62+C62 -> 0 | E62: 0 | H62: =C62*0.35 -> 0
A63: 50632 | B63: 0 | C63: 0 | D63: =B63+C63 -> 0 | E63: 0 | H63: =C63*0.35 -> 0
A64: 50816 | B64: 0 | C64: 0 | D64: =B64+C64 -> 0 | E64: 0 | H64: =C64*0.35 -> 0
A65: 50997 | B65: 0 | C65: 0 | D65: =B65+C65 -> 0 | E65: 0 | H65: =C65*0.35 -> 0
A66: 51181 | B66: 0 | C66: 0 | D66: =B66+C66 -> 0 | E66: 0 | H66: =C66*0.35 -> 0
... A103: 57937 | B103: 0 | C103: 0 | D103: =B103+C103 -> 0 | E103: 0 | H103: =C103*0.35 -> 0
A104: Total | B104: =SUM(B32:B55) -> 36990000 | C104: =SUM(C32:C55) -> 15046018 | D104: =SUM(D32:D55) -> 52036018 | E104: =SUM(E32:E55) -> 52036018 | F104: =SUM(F32:F55) -> 0 | G104: =SUM(G32:G55) -> 0 | H104: =SUM(H32:H55) -> 5266106.2
A108: MAC | B108: 39490000 | C108: 16372624 | D108: 55862624
A110: Dif | B110: =+B108-B104 -> 2500000 | C110: =+C108-C104 -> 1326606.7 | D110: =+D108-D104 -> 3826606.7

Sheet Series 2009C
B1: Carroll ISD
B3: Series 2009C
B4: Refunding Debt Service
G7: Compound | J7: Combined | K7: Total
A8: Date | B8: Principal | C8: Interest | D8: Total | F8: Principal | G8: Interest | H8: Total D/S | J8: Total D/S | K8: Annual D/S
A10: 40954 | B10: 0 | C10: 0 | D10: =+B10+C10 -> 0 | F10: 0 | G10: 0 | H10: =+F10+G10 -> 0 | J10: =+D10+H10 -> 0 | K10: 0
A11: 41136 | B11: 0 | C11: 0 | D11: =+B11+C11 -> 0 | F11: 0 | G11: 0 | H11: =+F11+G11 -> 0 | J11: =+D11+H11 -> 0 | K11: =+J10+J11 -> 0
A12: 41320 | B12: 0 | C12: 0 | D12: =+B12+C12 -> 0 | F12: 0 | G12: 0 | H12: =+F12+G12 -> 0 | J12: =+D12+H12 -> 0 | K12: 0
A13: 41501 | B13: 0 | C13: 0 | D13: =+B13+C13 -> 0 | F13: 0 | G13: 0 | H13: =+F13+G13 -> 0 | J13: =+D13+H13 -> 0 | K13: =+J12+J13 -> 0
A14: 41685 | B14: 0 | C14: 0 | D14: =+B14+C14 -> 0 | F14: 0 | G14: 0 | H14: =+F14+G14 -> 0 | J14: =+D14+H14 -> 0 | K14: 0
A15: 41866 | B15: 0 | C15: 0 | D15: =+B15+C15 -> 0 | F15: 0 | G15: 0 | H15: =+F15+G15 -> 0 | J15: =+D15+H15 -> 0 | K15: =+J14+J15 -> 0
A16: 42050 | B16: 1920000 | C16: 430195 | D16: =+B16+C16 -> 2350195 | F16: 0 | G16: 0 | H16: =+F16+G16 -> 0 | J16: =+D16+H16 -> 2350195 | K16: 0
A17: 42231 | B17: 0 | C17: 401395 | D17: =+B17+C17 -> 401395 | F17: 0 | G17: 0 | H17: =+F17+G17 -> 0 | J17: =+D17+H17 -> 401395 | K17: =+J16+J17 -> 2751590
A18: 42415 | B18: 195000 | C18: 401395 | D18: =+B18+C18 -> 596395 | H18: =+F18+G18 -> 0 | J18: =+D18+H18 -> 596395 | K18: 0
A19: 42597 | B19: 0 | C19: 398226.25 | D19: =+B19+C19 -> 398226.25 | F19: 0 | G19: 0 | H19: =+F19+G19 -> 0 | J19: =+D19+H19 -> 398226.25 | K19: =+J18+J19 -> 994621.25
A20: 42781 | B20: 205000 | C20: 398226.25 | D20: =+B20+C20 -> 603226.25 | F20: 0 | G20: 0 | H20: =+F20+G20 -> 0 | J20: =+D20+H20 -> 603226.25 | K20: 0
A21: 42962 | B21: 0 | C21: 394638.75 | D21: =+B21+C21 -> 394638.75 | F21: 0 | G21: 0 | H21: =+F21+G21 -> 0 | J21: =+D21+H21 -> 394638.75 | K21: =+J20+J21 -> 997865
A22: 43146 | B22: 210000 | C22: 394638.75 | D22: =+B22+C22 -> 604638.75 | F22: 0 | G22: 0 | H22: =+F22+G22 -> 0 | J22: =+D22+H22 -> 604638.75 | K22: 0
A23: 43327 | B23: 0 | C23: 390963.75 | D23: =+B23+C23 -> 390963.75 | F23: 0 | G23: 0 | H23: =+F23+G23 -> 0 | J23: =+D23+H23 -> 390963.75 | K23: =+J22+J23 -> 995602.5
A24: 43511 | B24: 2445000 | C24: 390963.75 | D24: =+B24+C24 -> 2835963.8 | F24: 0 | G24: 0 | H24: =+F24+G24 -> 0 | J24: =+D24+H24 -> 2835963.8
A25: 43692 | B25: 0 | C25: 0 | D25: =+B25+C25 -> 0 | F25: 0 | G25: 0 | H25: =+F25+G25 -> 0 | J25: =+D25+H25 -> 0 | K25: =+J24+J25 -> 2835963.8
A26: 43876 | D26: =+B26+C26 -> 0 | F26: 0 | G26: 0 | H26: =+F26+G26 -> 0 | J26: =+D26+H26 -> 0 | K26: 0
A27: 44058 | D27: =+B27+C27 -> 0 | F27: 0 | G27: 0 | H27: =+F27+G27 -> 0 | J27: =+D27+H27 -> 0 | K27: =+J26+J27 -> 0
A28: 44242 | D28: =+B28+C28 -> 0 | F28: 0 | G28: 0 | H28: =+F28+G28 -> 0 | J28: =+D28+H28 -> 0 | K28: 0
A29: 44423 | D29: =+B29+C29 -> 0 | F29: 0 | G29: 0 | H29: =+F29+G29 -> 0 | J29: =+D29+H29 -> 0 | K29: =+J28+J29 -> 0
A30: 44607 | D30: =+B30+C30 -> 0 | F30: 0 | G30: 0 | H30: =+F30+G30 -> 0 | J30: =+D30+H30 -> 0 | K30: 0
A31: 44788 | D31: =+B31+C31 -> 0 | F31: 0 | G31: 0 | H31: =+F31+G31 -> 0 | J31: =+D31+H31 -> 0 | K31: =+J30+J31 -> 0
A32: 44972 | D32: =+B32+C32 -> 0 | F32: 0 | G32: 0 | H32: =+F32+G32 -> 0 | J32: =+D32+H32 -> 0 | K32: 0
A33: 45153 | D33: =+B33+C33 -> 0 | F33: 0 | G33: 0 | H33: =+F33+G33 -> 0 | J33: =+D33+H33 -> 0 | K33: =+J32+J33 -> 0
A34: 45337 | D34: =+B34+C34 -> 0 | F34: 0 | G34: 0 | H34: =+F34+G34 -> 0 | J34: =+D34+H34 -> 0 | K34: 0
A35: 45519 | D35: =+B35+C35 -> 0 | F35: 0 | G35: 0 | H35: =+F35+G35 -> 0 | J35: =+D35+H35 -> 0 | K35: =+J34+J35 -> 0
A36: 45703 | D36: =+B36+C36 -> 0 | F36: 0 | G36: 0 | H36: =+F36+G36 -> 0 | J36: =+D36+H36 -> 0 | K36: 0
A37: 45884 | D37: =+B37+C37 -> 0 | F37: 0 | G37: 0 | H37: =+F37+G37 -> 0 | J37: =+D37+H37 -> 0 | K37: =+J36+J37 -> 0
A38: 46068 | D38: =+B38+C38 -> 0 | F38: 0 | G38: 0 | H38: =+F38+G38 -> 0 | J38: =+D38+H38 -> 0 | K38: 0
A39: 46249 | D39: =+B39+C39 -> 0 | F39: 0 | G39: 0 | H39: =+F39+G39 -> 0 | J39: =+D39+H39 -> 0 | K39: =+J38+J39 -> 0
A40: 46433 | D40: =+B40+C40 -> 0 | F40: 0 | G40: 0 | H40: =+F40+G40 -> 0 | J40: =+D40+H40 -> 0 | K40: 0
A41: 46614 | D41: =+B41+C41 -> 0 | F41: 0 | G41: 0 | H41: =+F41+G41 -> 0 | J41: =+D41+H41 -> 0 | K41: =+J40+J41 -> 0
A42: 46798 | D42: =+B42+C42 -> 0 | F42: 0 | G42: 0 | H42: =+F42+G42 -> 0 | J42: =+D42+H42 -> 0 | K42: 0
A43: 46980 | D43: =+B43+C43 -> 0 | F43: 0 | G43: 0 | H43: =+F43+G43 -> 0 | J43: =+D43+H43 -> 0 | K43: =+J42+J43 -> 0
A44: 47164 | D44: =+B44+C44 -> 0 | F44: 0 | G44: 0 | H44: =+F44+G44 -> 0 | J44: =+D44+H44 -> 0 | K44: 0
A45: 47345 | D45: =+B45+C45 -> 0 | F45: 0 | G45: 0 | H45: =+F45+G45 -> 0 | J45: =+D45+H45 -> 0 | K45: =+J44+J45 -> 0
A46: 47529 | D46: =+B46+C46 -> 0 | F46: 0 | G46: 0 | H46: =+F46+G46 -> 0 | J46: =+D46+H46 -> 0 | K46: 0
A47: 47710 | B47: 0 | C47: 0 | D47: =+B47+C47 -> 0 | F47: 0 | G47: 0 | H47: =+F47+G47 -> 0 | J47: =+D47+H47 -> 0 | K47: =+J46+J47 -> 0
A48: 47894 | B48: 0 | C48: 0 | D48: =+B48+C48 -> 0 | F48: 0 | G48: 0 | H48: =+F48+G48 -> 0 | J48: =+D48+H48 -> 0 | K48: 0
A49: 48075 | B49: 0 | C49: 0 | D49: =+B49+C49 -> 0 | F49: 0 | G49: 0 | H49: =+F49+G49 -> 0 | J49: =+D49+H49 -> 0 | K49: =+J48+J49 -> 0
A50: 48259 | B50: 0 | C50: 0 | D50: =+B50+C50 -> 0 | F50: 0 | G50: 0 | H50: =+F50+G50 -> 0 | J50: =+D50+H50 -> 0 | K50: 0
A51: 48441 | B51: 0 | C51: 0 | D51: =+B51+C51 -> 0 | F51: 0 | G51: 0 | H51: =+F51+G51 -> 0 | J51: =+D51+H51 -> 0 | K51: =+J50+J51 -> 0
A52: 48625 | B52: 0 | C52: 0 | D52: =+B52+C52 -> 0 | F52: 0 | G52: 0 | H52: =+F52+G52 -> 0 | J52: =+D52+H52 -> 0 | K52: 0
A53: 48806 | B53: 0 | C53: 0 | D53: =+B53+C53 -> 0 | F53: 0 | G53: 0 | H53: =+F53+G53 -> 0 | J53: =+D53+H53 -> 0 | K53: =+J52+J53 -> 0
A54: 48990 | B54: 0 | C54: 0 | D54: =+B54+C54 -> 0 | F54: 0 | G54: 0 | H54: =+F54+G54 -> 0 | J54: =+D54+H54 -> 0 | K54: 0
A55: 49171 | B55: 0 | C55: 0 | D55: =+B55+C55 -> 0 | F55: 0 | G55: 0 | H55: =+F55+G55 -> 0 | J55: =+D55+H55 -> 0 | K55: =+J54+J55 -> 0
A56: 49355 | B56: 0 | C56: 0 | D56: =+B56+C56 -> 0 | F56: 0 | G56: 0 | H56: =+F56+G56 -> 0 | J56: =+D56+H56 -> 0 | K56: 0
A57: 49536 | B57: 0 | C57: 0 | D57: =+B57+C57 -> 0 | F57: 0 | G57: 0 | H57: =+F57+G57 -> 0 | J57: =+D57+H57 -> 0 | K57: =+J56+J57 -> 0
A58: 49720 | B58: 0 | C58: 0 | D58: =B58+C58 -> 0 | J58: =+D58+H58 -> 0 | K58: =+J57+J58 -> 0
A59: 49902 | B59: 0 | C59: 0 | D59: =B59+C59 -> 0 | J59: =+D59+H59 -> 0 | K59: =+J58+J59 -> 0
A60: 50086 | B60: 0 | C60: 0 | D60: =B60+C60 -> 0 | J60: =+D60+H60 -> 0 | K60: =+J59+J60 -> 0
A61: 50267 | B61: 0 | C61: 0 | D61: =B61+C61 -> 0 | J61: =+D61+H61 -> 0 | K61: =+J60+J61 -> 0
A62: 50451 | B62: 0 | C62: 0 | D62: =B62+C62 -> 0 | J62: =+D62+H62 -> 0 | K62: =+J61+J62 -> 0
A63: 50632 | B63: 0 | C63: 0 | D63: =B63+C63 -> 0 | J63: =+D63+H63 -> 0 | K63: =+J62+J63 -> 0
A64: 50816 | B64: 0 | C64: 0 | D64: =B64+C64 -> 0 | J64: =+D64+H64 -> 0 | K64: =+J63+J64 -> 0
A65: 50997 | B65: 0 | C65: 0 | D65: =B65+C65 -> 0 | J65: =+D65+H65 -> 0 | K65: =+J64+J65 -> 0
A66: 51181 | B66: 0 | C66: 0 | D66: =B66+C66 -> 0 | J66: =+D66+H66 -> 0 | K66: =+J65+J66 -> 0
A67: 51363 | B67: 0 | C67: 0 | D67: =B67+C67 -> 0 | J67: =+D67+H67 -> 0 | K67: =+J66+J67 -> 0
A68: 51547 | B68: 0 | C68: 0 | D68: =B68+C68 -> 0 | J68: =+D68+H68 -> 0 | K68: =+J67+J68 -> 0
A69: 51728 | B69: 0 | C69: 0 | D69: =B69+C69 -> 0 | J69: =+D69+H69 -> 0 | K69: =+J68+J69 -> 0
... A103: 57937 | B103: 0 | C103: 0 | D103: =B103+C103 -> 0 | J103: =+D103+H103 -> 0 | K103: =+J102+J103 -> 0
A104: Total | B104: =SUM(B24:B25) -> 2445000 | C104: =SUM(C24:C25) -> 390963.75 | D104: =SUM(D24:D25) -> 2835963.8 | E104: =SUM(E24:E25) -> 0 | F104: =SUM(F24:F25) -> 0 | G104: =SUM(G24:G25) -> 0 | H104: =SUM(H24:H25) -> 0 | I104: =SUM(I24:I25) -> 0 | ... K104: =SUM(K24:K25) -> 2835963.8

Sheet Series 2009D QSCB
B1: Carroll ISD
B3: Series 2009D QSCB
B4: New Money Debt Service
F7: Total
A8: Date | B8: Principal | C8: Interest | E8: Total | F8: Annual D/S
A10: 40954 | B10: 0 | C10: 0 | E10: =C10+B10 -> 0 | F10: 0
A11: 41136 | B11: 0 | C11: 0 | E11: =C11+B11 -> 0 | F11: =+E10+E11 -> 0
A12: 41320 | B12: 0 | C12: 0 | E12: =C12+B12 -> 0 | F12: 0
A13: 41501 | B13: 0 | C13: 0 | E13: =C13+B13 -> 0 | F13: =+E12+E13 -> 0
A14: 41685 | B14: 0 | C14: 0 | E14: =C14+B14 -> 0 | F14: 0
A15: 41866 | B15: 0 | C15: 0 | E15: =C15+B15 -> 0 | F15: =+E14+E15 -> 0
A16: 42050 | B16: 0 | C16: 9757.5 | E16: =C16+B16 -> 9757.5 | F16: 0
A17: 42231 | B17: 538529 | C17: 9757.5 | E17: =C17+B17 -> 548286.5 | F17: =+E16+E17 -> 558044
A18: 42415 | B18: 0 | C18: 8955 | E18: =C18+B18 -> 8955 | F18: 0
A19: 42597 | B19: 538529 | C19: 8955 | E19: =C19+B19 -> 547484 | F19: =+E18+E19 -> 556439
A20: 42781 | B20: 0 | C20: 8152.5 | E20: =C20+B20 -> 8152.5 | F20: 0
A21: 42962 | B21: 535000 | C21: 8152.5 | E21: =C21+B21 -> 543152.5 | F21: =+E20+E21 -> 551305
A22: 43146 | B22: 0 | C22: 7350 | E22: =C22+B22 -> 7350 | F22: 0
A23: 43327 | B23: 540000 | C23: 7350 | E23: =C23+B23 -> 547350 | F23: =+E22+E23 -> 554700
A24: 43511 | B24: 0 | C24: 6540 | E24: =C24+B24 -> 6540
A25: 43692 | B25: 540000 | C25: 6540 | E25: =C25+B25 -> 546540 | F25: =+E24+E25 -> 553080
A26: 43876 | B26: 0 | C26: 5730 | E26: =C26+B26 -> 5730 | F26: 0
A27: 44058 | B27: 540000 | C27: 5730 | E27: =C27+B27 -> 545730 | F27: =+E26+E27 -> 551460
A28: 44242 | B28: 0 | C28: 0 | E28: =C28+B28 -> 0 | F28: 0
A29: 44423 | B29: 0 | C29: 0 | E29: =C29+B29 -> 0 | F29: =+E28+E29 -> 0 | M29: =+F29 -> 0
A30: 44607 | B30: 0 | C30: 13732.5 | E30: =C30+B30 -> 13732.5 | F30: 0 | J30: =+C30+C31 -> 27465 | K30: =+I30-J30 -> -27465
A31: 44788 | B31: 545000 | C31: 13732.5 | E31: =C31+B31 -> 558732.5 | F31: =+E30+E31 -> 572465
A32: 44972 | B32: 0 | C32: 0 | E32: =C32+B32 -> 0 | F32: 0 | H32: =+C32+C33 -> 0
A33: 45153 | B33: 0 | C33: 0 | E33: =C33+B33 -> 0 | F33: =+E32+E33 -> 0
A34: 45337 | B34: 0 | C34: 0 | E34: =C34+B34 -> 0 | F34: 0
A35: 45519 | B35: 545000 | C35: 2467.5 | E35: =C35+B35 -> 547467.5 | F35: 0
A36: 45703 | B36: 0 | C36: 1650 | E36: =C36+B36 -> 1650 | F36: =+E35+E36 -> 549117.5
A37: 45884 | B37: 550000 | C37: 1650 | E37: =C37+B37 -> 551650 | F37: 0
A38: 46068 | B38: 0 | C38: 825 | E38: =C38+B38 -> 825 | F38: =+E37+E38 -> 552475
A39: 46249 | B39: 550000 | C39: 825 | E39: =C39+B39 -> 550825 | F39: 0
A40: 46433 | B40: 0 | C40: 0 | E40: 0 | F40: =+E39+E40 -> 550825
A41: 46614 | B41: 0 | C41: 0 | E41: =#REF!+C41 -> #REF! | F41: =+E40+E41 -> #REF!
A42: 46798 | B42: 0 | C42: 0 | E42: =#REF!+C42 -> #REF! | F42: 0
A43: 46980 | B43: 0 | C43: 0 | E43: =#REF!+C43 -> #REF! | F43: =+E42+E43 -> #REF!
A44: 47164 | B44: 0 | C44: 0 | E44: =#REF!+C44 -> #REF! | F44: 0
A45: 47345 | B45: 0 | C45: 0 | E45: =#REF!+C45 -> #REF! | F45: =E45+E44 -> #REF!
A46: 47529 | B46: 0 | C46: 0 | E46: =#REF!+C46 -> #REF! | F46: 0
A47: 47710 | B47: 0 | C47: 0 | E47: =#REF!+C47 -> #REF! | F47: =E47+E46 -> #REF!
A48: 47894 | B48: 0 | C48: 0 | E48: =#REF!+C48 -> #REF! | F48: 0
A49: 48075 | B49: 0 | C49: 0 | E49: =#REF!+C49 -> #REF! | F49: =E49+E48 -> #REF!
A50: 48259 | B50: 0 | C50: 0 | E50: =#REF!+C50 -> #REF! | F50: 0
A51: 48441 | B51: 0 | C51: 0 | E51: =#REF!+C51 -> #REF! | F51: =E51+E50 -> #REF!
A52: 48625 | B52: 0 | C52: 0 | E52: =#REF!+C52 -> #REF! | F52: 0
A53: 48806 | B53: 0 | C53: 0 | E53: =#REF!+C53 -> #REF! | F53: =E53+E52 -> #REF!
A54: 48990 | B54: 0 | C54: 0 | E54: =#REF!+C54 -> #REF! | F54: 0
A55: 49171 | B55: 0 | C55: 0 | E55: =#REF!+C55 -> #REF! | F55: =E55+E54 -> #REF!
A56: 49355 | B56: 0 | C56: 0 | E56: =#REF!+C56 -> #REF! | F56: =E56+E55 -> #REF!
A57: 49536 | B57: 0 | C57: 0 | E57: =#REF!+C57 -> #REF! | F57: =E57+E56 -> #REF!
A58: 49720 | B58: 0 | C58: 0 | E58: =#REF!+C58 -> #REF! | F58: =E58+E57 -> #REF!
A59: 49902 | B59: 0 | C59: 0 | E59: =#REF!+C59 -> #REF! | F59: =E59+E58 -> #REF!
A60: 50086 | B60: 0 | C60: 0 | E60: =#REF!+C60 -> #REF! | F60: =E60+E59 -> #REF!
A61: 50267 | B61: 0 | C61: 0 | E61: =#REF!+C61 -> #REF! | F61: =E61+E60 -> #REF!
A62: 50451 | B62: 0 | C62: 0 | E62: =#REF!+C62 -> #REF! | F62: =E62+E61 -> #REF!
A63: 50632 | B63: 0 | C63: 0 | E63: =#REF!+C63 -> #REF! | F63: =E63+E62 -> #REF!
A64: 50816 | B64: 0 | C64: 0 | E64: =#REF!+C64 -> #REF! | F64: =E64+E63 -> #REF!
A65: 50997 | B65: 0 | C65: 0 | E65: =#REF!+C65 -> #REF! | F65: =E65+E64 -> #REF!
A66: 51181 | B66: 0 | C66: 0 | E66: =#REF!+C66 -> #REF! | F66: =E66+E65 -> #REF!
... A103: 57937 | B103: 0 | C103: 0 | E103: =#REF!+C103 -> #REF! | F103: =E103+E102 -> #REF!
A104: Total | B104: =SUM(B32:B39) -> 1645000 | C104: =SUM(C32:C39) -> 7417.5 | E104: =SUM(E32:E39) -> 1652417.5 | F104: =SUM(F32:F40) -> 1652417.5

Sheet Series 2010A(BABs)
B1: Carroll ISD
B3: Series 2010A
B4: New Money Debt Service (Build America Bonds)
G6: Build America Bond's
E7: Total | G7: Estimated Federal
A8: Date | B8: Principal | C8: Interest | D8: Total | E8: Annual D/S | G8: Funding on Interest @ 35%
A10: 40954 | B10: 0 | C10: 0 | D10: =B10+C10 -> 0 | E10: 0 | G10: 363339.67
A11: 41136 | B11: 0 | C11: 0 | D11: =B11+C11 -> 0 | E11: =+D10+D11 -> 0 | G11: 0
A12: 41320 | B12: 0 | C12: 0 | D12: =B12+C12 -> 0 | E12: 0 | G12: 0
A13: 41501 | B13: 0 | C13: 0 | D13: =B13+C13 -> 0 | E13: =+D12+D13 -> 0 | G13: 0
A14: 41685 | B14: 0 | C14: 0 | D14: =B14+C14 -> 0 | E14: 0 | G14: 0
A15: 41866 | B15: 0 | C15: 0 | D15: =B15+C15 -> 0 | E15: =+D14+D15 -> 0 | G15: 0
A16: 42050 | B16: 0 | C16: 1038113.3 | D16: =B16+C16 -> 1038113.3 | E16: 0 | G16: 363339.67
A17: 42231 | B17: 0 | C17: 1038113.3 | D17: =B17+C17 -> 1038113.3 | E17: =+D16+D17 -> 2076226.7 | G17: 363339.67
A18: 42415 | B18: 0 | C18: 1038113.3 | D18: =B18+C18 -> 1038113.3 | E18: 0 | G18: 363339.67
A19: 42597 | B19: 0 | C19: 1038113.3 | D19: =B19+C19 -> 1038113.3 | E19: =+D18+D19 -> 2076226.7 | G19: 363339.67
A20: 42781 | B20: 0 | C20: 1038113.3 | D20: =B20+C20 -> 1038113.3 | E20: 0 | G20: 363339.67
A21: 42962 | B21: 0 | C21: 1038113.3 | D21: =B21+C21 -> 1038113.3 | E21: =+D20+D21 -> 2076226.7 | G21: 363339.67
A22: 43146 | B22: 0 | C22: 1038113.3 | D22: =B22+C22 -> 1038113.3 | E22: 0 | G22: 363339.67
A23: 43327 | B23: 0 | C23: 1038113.3 | D23: =B23+C23 -> 1038113.3 | E23: =+D22+D23 -> 2076226.7 | G23: 363339.67
A24: 43511 | B24: 0 | C24: 1038113.3 | D24: =B24+C24 -> 1038113.3 | G24: 363339.67
A25: 43692 | B25: 0 | C25: 1038113.3 | D25: =B25+C25 -> 1038113.3 | E25: =+D24+D25 -> 2076226.7 | G25: 363339.67
A26: 43876 | B26: 1615000 | C26: 1038113.3 | D26: =B26+C26 -> 2653113.3 | E26: 0 | G26: 363339.67
A27: 44058 | B27: 0 | C27: 1008163.2 | D27: =B27+C27 -> 1008163.2 | E27: =+D26+D27 -> 3661276.5 | G27: 352857.1
A28: 44242 | B28: 0 | C28: 0 | D28: =B28+C28 -> 0 | E28: 0 | G28: 0
A29: 44423 | B29: 0 | C29: 0 | D29: =B29+C29 -> 0 | E29: =+D28+D29 -> 0 | G29: 0
A30: 44607 | B30: 2290000 | C30: 965135.3 | D30: =B30+C30 -> 3255135.3 | E30: 0 | G30: 337797.36
A31: 44788 | B31: 0 | C31: 919232.25 | D31: =B31+C31 -> 919232.25 | E31: =+D30+D31 -> 4174367.5 | G31: 321731.29
A32: 44972 | B32: 0 | C32: 0 | D32: =B32+C32 -> 0 | E32: 0 | G32: 321731.29
A33: 45153 | B33: 0 | C33: 0 | D33: =B33+C33 -> 0 | E33: =+D32+D33 -> 0 | G33: 304627.4
A34: 45337 | B34: 0 | C34: 0 | D34: =B34+C34 -> 0 | E34: 0 | G34: 0
A35: 45519 | B35: 0 | C35: 818332.83 | D35: =B35+C35 -> 818332.83 | E35: 0 | G35: 286416.49
A36: 45703 | B36: 2485000 | C36: 818332.83 | D36: =B36+C36 -> 3303332.8 | E36: =+D35+D36 -> 4121665.7 | G36: 286416.49
A37: 45884 | B37: 0 | C37: 762929.75 | D37: =B37+C37 -> 762929.75 | E37: 0 | G37: 267025.41
A38: 46068 | B38: 2560000 | C38: 762929.75 | D38: =B38+C38 -> 3322929.8 | E38: =+D37+D38 -> 4085859.5 | G38: 267025.41
A39: 46249 | B39: 0 | C39: 700952.15 | D39: =B39+C39 -> 700952.15 | E39: 0 | G39: 245333.25
A40: 46433 | B40: 2645000 | C40: 700952.15 | D40: =B40+C40 -> 3345952.1 | E40: =+D39+D40 -> 4046904.3 | G40: 245333.25
A41: 46614 | B41: 0 | C41: 635594.2 | D41: =B41+C41 -> 635594.2 | E41: 0 | G41: 222457.97
A42: 46798 | B42: 2730000 | C42: 635594.2 | D42: =B42+C42 -> 3365594.2 | E42: =+D41+D42 -> 4001188.4 | G42: 222457.97
A43: 46980 | B43: 0 | C43: 566770.9 | D43: =B43+C43 -> 566770.9 | E43: 0 | G43: 198369.82
A44: 47164 | B44: 2825000 | C44: 566770.9 | D44: =B44+C44 -> 3391770.9 | E44: =+D43+D44 -> 3958541.8 | G44: 198369.82
A45: 47345 | B45: 0 | C45: 494846.4 | D45: =B45+C45 -> 494846.4 | E45: 0 | G45: 173196.24
A46: 47529 | B46: 2920000 | C46: 494846.4 | D46: =B46+C46 -> 3414846.4 | E46: =+D45+D46 -> 3909692.8 | G46: 173196.24
A47: 47710 | B47: 0 | C47: 419773.2 | D47: =B47+C47 -> 419773.2 | E47: 0 | G47: 146920.62
A48: 47894 | B48: 3020000 | C48: 419773.2 | D48: =B48+C48 -> 3439773.2 | E48: =+D47+D48 -> 3859546.4 | G48: 146920.62
A49: 48075 | B49: 0 | C49: 341374 | D49: =B49+C49 -> 341374 | E49: 0 | G49: 119480.9
A50: 48259 | B50: 3125000 | C50: 341374 | D50: =B50+C50 -> 3466374 | E50: =+D49+D50 -> 3807748 | G50: 119480.9
A51: 48441 | B51: 0 | C51: 260249 | D51: =B51+C51 -> 260249 | E51: 0 | G51: 91087.15
A52: 48625 | B52: 3230000 | C52: 260249 | D52: =B52+C52 -> 3490249 | E52: =+D51+D52 -> 3750498 | G52: 91087.15
A53: 48806 | B53: 0 | C53: 176398.2 | D53: =B53+C53 -> 176398.2 | E53: 0 | G53: 61739.37
A54: 48990 | B54: 3340000 | C54: 176398.2 | D54: =B54+C54 -> 3516398.2 | E54: =+D53+D54 -> 3692796.4 | G54: 61739.37
A55: 49171 | B55: 0 | C55: 89691.8 | D55: =B55+C55 -> 89691.8 | E55: 0 | G55: 31392.13
A56: 49355 | B56: 3455000 | C56: 89691.8 | D56: =B56+C56 -> 3544691.8 | E56: =+D55+D56 -> 3634383.6 | G56: 31392.13
A57: 49536 | B57: 0 | C57: 0 | D57: =B57+C57 -> 0 | E57: 0 | G57: =C57*0.35 -> 0
A58: 49720 | B58: 0 | C58: 0 | D58: =B58+C58 -> 0 | E58: 0 | G58: =C58*0.35 -> 0
A59: 49902 | B59: 0 | C59: 0 | D59: =B59+C59 -> 0 | E59: 0 | G59: =C59*0.35 -> 0
A60: 50086 | B60: 0 | C60: 0 | D60: =B60+C60 -> 0 | E60: 0 | G60: =C60*0.35 -> 0
A61: 50267 | B61: 0 | C61: 0 | D61: =B61+C61 -> 0 | E61: 0 | G61: =C61*0.35 -> 0
A62: 50451 | B62: 0 | C62: 0 | D62: =B62+C62 -> 0 | E62: 0 | G62: =C62*0.35 -> 0
A63: 50632 | B63: 0 | C63: 0 | D63: =B63+C63 -> 0 | E63: 0 | G63: =C63*0.35 -> 0
A64: 50816 | B64: 0 | C64: 0 | D64: =B64+C64 -> 0 | E64: 0 | G64: =C64*0.35 -> 0
A65: 50997 | B65: 0 | C65: 0 | D65: =B65+C65 -> 0 | E65: 0 | G65: =C65*0.35 -> 0
A66: 51181 | B66: 0 | C66: 0 | D66: =B66+C66 -> 0 | E66: 0 | G66: =C66*0.35 -> 0
A67: 51363 | B67: 0 | C67: 0 | D67: =B67+C67 -> 0 | E67: 0 | G67: =C67*0.35 -> 0
A68: 51547 | B68: 0 | C68: 0 | D68: =B68+C68 -> 0 | E68: 0 | G68: =C68*0.35 -> 0
... A103: 57937 | B103: 0 | C103: 0 | D103: =B103+C103 -> 0 | E103: 0 | G103: =C103*0.35 -> 0
A104: Total | B104: =SUM(B32:B56) -> 32335000 | C104: =SUM(C32:C57) -> 10533825 | D104: =SUM(D32:D57) -> 42868825 | E104: =SUM(E32:E57) -> 42868825 | F104: =SUM(F32:F57) -> 0 | G104: =SUM(G32:G57) -> 4313197.4
A108: MAC | B108: 34750000 | C108: 11404189 | D108: =+B108+C108 -> 46154189
B109: =+B104-B108 -> -2415000 | C109: =+C104-C108 -> -870364.01 | D109: =+D104-D108 -> -3285364

Sheet Series 2010B
B1: Carroll ISD
B3: Series 2010B
B4: New Money Debt Service
E7: Total
A8: Date | B8: Principal | C8: Interest | D8: Total | E8: Annual D/S
A10: 40954 | B10: 0 | C10: 0 | D10: =B10+C10 -> 0 | E10: 0
A11: 41136 | B11: 0 | C11: 0 | D11: =B11+C11 -> 0 | E11: =+D10+D11 -> 0
A12: 41320 | B12: 0 | C12: 0 | D12: =B12+C12 -> 0 | E12: 0
A13: 41501 | B13: 0 | C13: 0 | D13: =B13+C13 -> 0 | E13: =+D12+D13 -> 0
A14: 41685 | B14: 0 | C14: 0 | D14: =B14+C14 -> 0 | E14: 0
A15: 41866 | B15: 0 | C15: 0 | D15: =B15+C15 -> 0 | E15: =+D14+D15 -> 0
A16: 42050 | B16: 1000000 | C16: 122500 | D16: =B16+C16 -> 1122500 | E16: 0
A17: 42231 | B17: 0 | C17: 107500 | D17: =B17+C17 -> 107500 | E17: =+D16+D17 -> 1230000
A18: 42415 | B18: 1000000 | C18: 107500 | D18: =B18+C18 -> 1107500 | E18: 0
A19: 42597 | B19: 0 | C19: 87500 | D19: =B19+C19 -> 87500 | E19: =+D18+D19 -> 1195000
A20: 42781 | B20: 1000000 | C20: 87500 | D20: =B20+C20 -> 1087500 | E20: 0
A21: 42962 | B21: 0 | C21: 67500 | D21: =B21+C21 -> 67500 | E21: =+D20+D21 -> 1155000
A22: 43146 | B22: 1500000 | C22: 67500 | D22: =B22+C22 -> 1567500 | E22: 0
A23: 43327 | B23: 0 | C23: 33750 | D23: =B23+C23 -> 33750 | E23: =+D22+D23 -> 1601250
A24: 43511 | B24: 1500000 | C24: 33750 | D24: =B24+C24 -> 1533750
A25: 43692 | B25: 0 | C25: 0 | D25: =B25+C25 -> 0 | E25: =+D24+D25 -> 1533750
A26: 43876 | B26: 0 | C26: 0 | D26: =B26+C26 -> 0 | E26: 0
A27: 44058 | B27: 0 | C27: 0 | D27: =B27+C27 -> 0 | E27: =+D26+D27 -> 0
A28: 44242 | B28: 0 | C28: 0 | D28: =B28+C28 -> 0 | E28: 0
A29: 44423 | B29: 0 | C29: 0 | D29: =B29+C29 -> 0 | E29: =+D28+D29 -> 0
A30: 44607 | B30: 0 | C30: 0 | D30: =B30+C30 -> 0 | E30: 0
A31: 44788 | B31: 0 | C31: 0 | D31: =B31+C31 -> 0 | E31: =+D30+D31 -> 0
A32: 44972 | B32: 0 | C32: 0 | D32: =B32+C32 -> 0 | E32: 0
A33: 45153 | B33: 0 | C33: 0 | D33: =B33+C33 -> 0 | E33: =+D32+D33 -> 0
A34: 45337 | B34: 0 | C34: 0 | D34: =B34+C34 -> 0 | E34: 0
A35: 45519 | B35: 0 | C35: 0 | D35: =B35+C35 -> 0 | E35: =+D34+D35 -> 0
A36: 45703 | B36: 0 | C36: 0 | D36: =B36+C36 -> 0 | E36: 0
A37: 45884 | B37: 0 | C37: 0 | D37: =B37+C37 -> 0 | E37: =+D36+D37 -> 0
A38: 46068 | B38: 0 | C38: 0 | D38: =B38+C38 -> 0 | E38: 0
A39: 46249 | B39: 0 | C39: 0 | D39: =B39+C39 -> 0 | E39: =+D38+D39 -> 0
A40: 46433 | B40: 0 | C40: 0 | D40: =B40+C40 -> 0 | E40: 0
A41: 46614 | B41: 0 | C41: 0 | D41: =B41+C41 -> 0 | E41: =+D40+D41 -> 0
A42: 46798 | B42: 0 | C42: 0 | D42: =B42+C42 -> 0 | E42: 0
A43: 46980 | B43: 0 | C43: 0 | D43: =B43+C43 -> 0 | E43: =+D42+D43 -> 0
A44: 47164 | B44: 0 | C44: 0 | D44: =B44+C44 -> 0 | E44: 0
A45: 47345 | B45: 0 | C45: 0 | D45: =B45+C45 -> 0 | E45: =D45+D44 -> 0
A46: 47529 | B46: 0 | C46: 0 | D46: =B46+C46 -> 0 | E46: 0
A47: 47710 | B47: 0 | C47: 0 | D47: =B47+C47 -> 0 | E47: =D47+D46 -> 0
A48: 47894 | B48: 0 | C48: 0 | D48: =B48+C48 -> 0 | E48: 0
A49: 48075 | B49: 0 | C49: 0 | D49: =B49+C49 -> 0 | E49: =D49+D48 -> 0
A50: 48259 | B50: 0 | C50: 0 | D50: =B50+C50 -> 0 | E50: 0
A51: 48441 | B51: 0 | C51: 0 | D51: =B51+C51 -> 0 | E51: =D51+D50 -> 0
A52: 48625 | B52: 0 | C52: 0 | D52: =B52+C52 -> 0 | E52: 0
A53: 48806 | B53: 0 | C53: 0 | D53: =B53+C53 -> 0 | E53: =D53+D52 -> 0
A54: 48990 | B54: 0 | C54: 0 | D54: =B54+C54 -> 0 | E54: 0
A55: 49171 | B55: 0 | C55: 0 | D55: =B55+C55 -> 0 | E55: =D55+D54 -> 0
A56: 49355 | B56: 0 | C56: 0 | D56: =B56+C56 -> 0 | E56: =D56+D55 -> 0
A57: 49536 | B57: 0 | C57: 0 | D57: =B57+C57 -> 0 | E57: =D57+D56 -> 0
A58: 49720 | B58: 0 | C58: 0 | D58: =B58+C58 -> 0 | E58: =D58+D57 -> 0
A59: 49902 | B59: 0 | C59: 0 | D59: =B59+C59 -> 0 | E59: =D59+D58 -> 0
A60: 50086 | B60: 0 | C60: 0 | D60: =B60+C60 -> 0 | E60: =D60+D59 -> 0
A61: 50267 | B61: 0 | C61: 0 | D61: =B61+C61 -> 0 | E61: =D61+D60 -> 0
A62: 50451 | B62: 0 | C62: 0 | D62: =B62+C62 -> 0 | E62: =D62+D61 -> 0
A63: 50632 | B63: 0 | C63: 0 | D63: =B63+C63 -> 0 | E63: =D63+D62 -> 0
A64: 50816 | B64: 0 | C64: 0 | D64: =B64+C64 -> 0 | E64: =D64+D63 -> 0
A65: 50997 | B65: 0 | C65: 0 | D65: =B65+C65 -> 0 | E65: =D65+D64 -> 0
A66: 51181 | B66: 0 | C66: 0 | D66: =B66+C66 -> 0 | E66: =D66+D65 -> 0
... A103: 57937 | B103: 0 | C103: 0 | D103: =B103+C103 -> 0 | E103: =D103+D102 -> 0
A104: Total | B104: =SUM(B24:B25) -> 1500000 | C104: =SUM(C24:C25) -> 33750 | D104: =SUM(D24:D25) -> 1533750 | E104: =SUM(E24:E25) -> 1533750

Sheet Series 2010C(BABs)
B1: Carroll ISD
B3: Series 2010C
B4: New Money Debt Service (Build America Bonds)
G6: Build America Bond's
E7: Total | G7: Estimated Federal
A8: Date | B8: Principal | C8: Interest | D8: Total | E8: Annual D/S | G8: Funding on Interest @ 35%
A10: 40954 | B10: 0 | C10: 0 | D10: =B10+C10 -> 0 | E10: 0 | G10: =C10*0.35 -> 0
A11: 41136 | B11: 0 | C11: 0 | D11: =B11+C11 -> 0 | E11: =+D10+D11 -> 0 | G11: =C11*0.35 -> 0
A12: 41320 | B12: 0 | C12: 0 | D12: =B12+C12 -> 0 | E12: 0 | G12: =C12*0.35 -> 0
A13: 41501 | B13: 0 | C13: 0 | D13: =B13+C13 -> 0 | E13: =+D12+D13 -> 0 | G13: =C13*0.35 -> 0
A14: 41685 | B14: 0 | C14: 0 | D14: =B14+C14 -> 0 | E14: 0 | G14: =C14*0.35 -> 0
A15: 41866 | B15: 0 | C15: 0 | D15: =B15+C15 -> 0 | E15: =+D14+D15 -> 0 | G15: =C15*0.35 -> 0
A16: 42050 | B16: 0 | C16: 476478.75 | D16: =B16+C16 -> 476478.75 | E16: 0 | G16: =C16*0.35 -> 166767.56
A17: 42231 | B17: 0 | C17: 476478.75 | D17: =B17+C17 -> 476478.75 | E17: =+D16+D17 -> 952957.5 | G17: =C17*0.35 -> 166767.56
A18: 42415 | B18: 0 | C18: 476478.75 | D18: =B18+C18 -> 476478.75 | E18: 0 | G18: =C18*0.35 -> 166767.56
A19: 42597 | B19: 0 | C19: 476478.75 | D19: =B19+C19 -> 476478.75 | E19: =+D18+D19 -> 952957.5 | G19: =C19*0.35 -> 166767.56
A20: 42781 | B20: 0 | C20: 476478.75 | D20: =B20+C20 -> 476478.75 | E20: 0 | G20: =C20*0.35 -> 166767.56
A21: 42962 | B21: 0 | C21: 476478.75 | D21: =B21+C21 -> 476478.75 | E21: =+D20+D21 -> 952957.5 | G21: =C21*0.35 -> 166767.56
A22: 43146 | B22: 0 | C22: 476478.75 | D22: =B22+C22 -> 476478.75 | E22: 0 | G22: =C22*0.35 -> 166767.56
A23: 43327 | B23: 0 | C23: 476478.75 | D23: =B23+C23 -> 476478.75 | E23: =+D22+D23 -> 952957.5 | G23: =C23*0.35 -> 166767.56
A24: 43511 | B24: 0 | C24: 476478.75 | D24: =B24+C24 -> 476478.75 | G24: =C24*0.35 -> 166767.56
A25: 43692 | B25: 0 | C25: 476478.75 | D25: =B25+C25 -> 476478.75 | E25: =+D24+D25 -> 952957.5 | G25: =C25*0.35 -> 166767.56
A26: 43876 | B26: 0 | C26: 476478.75 | D26: =B26+C26 -> 476478.75 | E26: 0 | G26: =C26*0.35 -> 166767.56
A27: 44058 | B27: 0 | C27: 476478.75 | D27: =B27+C27 -> 476478.75 | E27: =+D26+D27 -> 952957.5 | G27: =C27*0.35 -> 166767.56
A28: 44242 | B28: 0 | C28: 0 | D28: =B28+C28 -> 0 | E28: 0 | G28: =C28*0.35 -> 0
A29: 44423 | B29: 0 | C29: 0 | D29: =B29+C29 -> 0 | E29: =+D28+D29 -> 0 | G29: =C29*0.35 -> 0
A30: 44607 | B30: 0 | C30: 476478.75 | D30: =B30+C30 -> 476478.75 | E30: 0 | G30: =C30*0.35 -> 166767.56
A31: 44788 | B31: 0 | C31: 476478.75 | D31: =B31+C31 -> 476478.75 | E31: =+D30+D31 -> 952957.5 | G31: =C31*0.35 -> 166767.56
A32: 44972 | B32: 0 | C32: 0 | D32: =B32+C32 -> 0 | E32: 0 | G32: =C32*0.35 -> 0
A33: 45153 | B33: 0 | C33: 0 | D33: =B33+C33 -> 0 | E33: =+D32+D33 -> 0 | G33: =C33*0.35 -> 0
A34: 45337 | B34: 0 | C34: 0 | D34: =B34+C34 -> 0 | E34: 0 | G34: =C34*0.35 -> 0
A35: 45519 | B35: 0 | C35: 476478.75 | D35: =B35+C35 -> 476478.75 | E35: 0 | G35: =C35*0.35 -> 166767.56
A36: 45703 | B36: 0 | C36: 476478.75 | D36: =B36+C36 -> 476478.75 | E36: =+D35+D36 -> 952957.5 | G36: =C36*0.35 -> 166767.56
A37: 45884 | B37: 0 | C37: 476478.75 | D37: =B37+C37 -> 476478.75 | E37: 0 | G37: =C37*0.35 -> 166767.56
A38: 46068 | B38: 600000 | C38: 476478.75 | D38: =B38+C38 -> 1076478.8 | E38: =+D37+D38 -> 1552957.5 | G38: =C38*0.35 -> 166767.56
A39: 46249 | B39: 0 | C39: 456078.75 | D39: =B39+C39 -> 456078.75 | E39: 0 | G39: =C39*0.35 -> 159627.56
A40: 46433 | B40: 1100000 | C40: 456078.75 | D40: =B40+C40 -> 1556078.8 | E40: =+D39+D40 -> 2012157.5 | G40: =C40*0.35 -> 159627.56
A41: 46614 | B41: 0 | C41: 418678.75 | D41: =B41+C41 -> 418678.75 | E41: 0 | G41: =C41*0.35 -> 146537.56
A42: 46798 | B42: 1175000 | C42: 418678.75 | D42: =B42+C42 -> 1593678.8 | E42: =+D41+D42 -> 2012357.5 | G42: =C42*0.35 -> 146537.56
A43: 46980 | B43: 0 | C43: 378728.75 | D43: =B43+C43 -> 378728.75 | E43: 0 | G43: =C43*0.35 -> 132555.06
A44: 47164 | B44: 1260000 | C44: 378728.75 | D44: =B44+C44 -> 1638728.8 | E44: =+D43+D44 -> 2017457.5 | G44: =C44*0.35 -> 132555.06
A45: 47345 | B45: 0 | C45: 335888.75 | D45: =B45+C45 -> 335888.75 | E45: 0 | G45: =C45*0.35 -> 117561.06
A46: 47529 | B46: 1350000 | C46: 335888.75 | D46: =B46+C46 -> 1685888.8 | E46: =+D45+D46 -> 2021777.5 | G46: =C46*0.35 -> 117561.06
A47: 47710 | B47: 0 | C47: 289988.75 | D47: =B47+C47 -> 289988.75 | E47: 0 | G47: =C47*0.35 -> 101496.06
A48: 47894 | B48: 1445000 | C48: 289988.75 | D48: =B48+C48 -> 1734988.8 | E48: =+D47+D48 -> 2024977.5 | G48: =C48*0.35 -> 101496.06
A49: 48075 | B49: 0 | C49: 239775 | D49: =B49+C49 -> 239775 | E49: 0 | G49: =C49*0.35 -> 83921.25
A50: 48259 | B50: 1550000 | C50: 239775 | D50: =B50+C50 -> 1789775 | E50: =+D49+D50 -> 2029550 | G50: =C50*0.35 -> 83921.25
A51: 48441 | B51: 0 | C51: 185912.5 | D51: =B51+C51 -> 185912.5 | E51: 0 | G51: =C51*0.35 -> 65069.375
A52: 48625 | B52: 1660000 | C52: 185912.5 | D52: =B52+C52 -> 1845912.5 | E52: =+D51+D52 -> 2031825 | G52: =C52*0.35 -> 65069.375
A53: 48806 | B53: 0 | C53: 128227.5 | D53: =B53+C53 -> 128227.5 | E53: 0 | G53: =C53*0.35 -> 44879.625
A54: 48990 | B54: 1780000 | C54: 128227.5 | D54: =B54+C54 -> 1908227.5 | E54: =+D53+D54 -> 2036455 | G54: =C54*0.35 -> 44879.625
A55: 49171 | B55: 0 | C55: 66372.5 | D55: =B55+C55 -> 66372.5 | E55: 0 | G55: =C55*0.35 -> 23230.375
A56: 49355 | B56: 1910000 | C56: 66372.5 | D56: =B56+C56 -> 1976372.5 | E56: =+D55+D56 -> 2042745 | G56: =C56*0.35 -> 23230.375
A57: 49536 | B57: 0 | C57: 0 | D57: =B57+C57 -> 0 | E57: 0 | G57: =C57*0.35 -> 0
A58: 49720 | B58: 0 | C58: 0 | D58: =B58+C58 -> 0 | E58: =D58+D57 -> 0 | G58: =C58*0.35 -> 0
A59: 49902 | B59: 0 | C59: 0 | D59: =B59+C59 -> 0 | E59: =D59+D58 -> 0 | G59: =C59*0.35 -> 0
A60: 50086 | B60: 0 | C60: 0 | D60: =B60+C60 -> 0 | E60: =D60+D59 -> 0 | G60: =C60*0.35 -> 0
A61: 50267 | B61: 0 | C61: 0 | D61: =B61+C61 -> 0 | E61: =D61+D60 -> 0 | G61: =C61*0.35 -> 0
A62: 50451 | B62: 0 | C62: 0 | D62: =B62+C62 -> 0 | E62: =D62+D61 -> 0 | G62: =C62*0.35 -> 0
A63: 50632 | B63: 0 | C63: 0 | D63: =B63+C63 -> 0 | E63: =D63+D62 -> 0 | G63: =C63*0.35 -> 0
A64: 50816 | B64: 0 | C64: 0 | D64: =B64+C64 -> 0 | E64: =D64+D63 -> 0 | G64: =C64*0.35 -> 0
A65: 50997 | B65: 0 | C65: 0 | D65: =B65+C65 -> 0 | E65: =D65+D64 -> 0 | G65: =C65*0.35 -> 0
A66: 51181 | B66: 0 | C66: 0 | D66: =B66+C66 -> 0 | E66: =D66+D65 -> 0 | G66: =C66*0.35 -> 0
A67: 51363 | B67: 0 | C67: 0 | D67: =B67+C67 -> 0 | E67: =D67+D66 -> 0 | G67: =C67*0.35 -> 0
A68: 51547 | B68: 0 | C68: 0 | D68: =B68+C68 -> 0 | E68: =D68+D67 -> 0 | G68: =C68*0.35 -> 0
A69: 51728 | B69: 0 | C69: 0 | D69: =B69+C69 -> 0 | E69: =D69+D68 -> 0 | G69: =C69*0.35 -> 0
... A103: 57937 | B103: 0 | C103: 0 | D103: =B103+C103 -> 0 | E103: =D103+D102 -> 0 | G103: =C103*0.35 -> 0
A104: Total | B104: =SUM(B32:B57) -> 13830000 | C104: =SUM(C32:C57) -> 6905217.5 | D104: =SUM(D32:D57) -> 20735218 | E104: =SUM(E32:E57) -> 20735218 | F104: =SUM(F32:F57) -> 0 | G104: =SUM(G32:G57) -> 2416826.1
A109: MAC | B109: 13830000 | C109: 7381696.2 | D109: 21211696
B110: =+B104-B109 -> 0 | C110: =+C104-C109 -> -476478.75 | D110: =+D104-D109 -> -476478.75

Sheet Series 2011
B1: Carroll ISD
B3: Series 2011
B4: Refunding Debt Service
G7: Compound | J7: Combined | K7: Total
A8: Date | B8: Principal | C8: Interest | D8: Total D/S | F8: Principal | G8: Interest | H8: Total D/S | J8: Total D/S | K8: Annual D/S
A10: 40954 | B10: 0 | C10: 0 | D10: =+B10+C10 -> 0 | F10: 0 | G10: 0 | H10: =+F10+G10 -> 0 | J10: =+D10+H10 -> 0 | K10: 0
A11: 41136 | B11: 0 | C11: 0 | D11: =+B11+C11 -> 0 | F11: 0 | G11: 0 | H11: =+F11+G11 -> 0 | J11: =+D11+H11 -> 0 | K11: =+J10+J11 -> 0
A12: 41320 | B12: 0 | C12: 0 | D12: =+B12+C12 -> 0 | F12: 0 | G12: 0 | H12: =+F12+G12 -> 0 | J12: =+D12+H12 -> 0 | K12: 0
A13: 41501 | B13: 0 | C13: 0 | D13: =+B13+C13 -> 0 | F13: 0 | G13: 0 | H13: =+F13+G13 -> 0 | J13: =+D13+H13 -> 0 | K13: =+J12+J13 -> 0
A14: 41685 | B14: 0 | C14: 0 | D14: =+B14+C14 -> 0 | F14: 0 | G14: 0 | H14: =+F14+G14 -> 0 | J14: =+D14+H14 -> 0 | K14: 0
A15: 41866 | B15: 0 | C15: 0 | D15: =+B15+C15 -> 0 | F15: 0 | G15: 0 | H15: =+F15+G15 -> 0 | J15: =+D15+H15 -> 0 | K15: =+J14+J15 -> 0
A16: 42050 | B16: 80000 | C16: 47681.25 | D16: =+B16+C16 -> 127681.25 | F16: 0 | G16: 0 | H16: =+F16+G16 -> 0 | J16: =+D16+H16 -> 127681.25 | K16: 0
A17: 42231 | B17: 0 | C17: 46881.25 | D17: =+B17+C17 -> 46881.25 | F17: 0 | G17: 0 | H17: =+F17+G17 -> 0 | J17: =+D17+H17 -> 46881.25 | K17: =+J16+J17 -> 174562.5
A18: 42415 | B18: 70000 | C18: 46881.25 | D18: =+B18+C18 -> 116881.25 | F18: 0 | G18: 0 | H18: =+F18+G18 -> 0 | J18: =+D18+H18 -> 116881.25 | K18: 0
A19: 42597 | B19: 0 | C19: 46181.25 | D19: =+B19+C19 -> 46181.25 | F19: 0 | G19: 0 | H19: =+F19+G19 -> 0 | J19: =+D19+H19 -> 46181.25 | K19: =+J18+J19 -> 163062.5
A20: 42781 | B20: 65000 | C20: 46181.25 | D20: =+B20+C20 -> 111181.25 | F20: 0 | G20: 0 | H20: =+F20+G20 -> 0 | J20: =+D20+H20 -> 111181.25 | K20: 0
A21: 42962 | B21: 0 | C21: 45368.75 | D21: =+B21+C21 -> 45368.75 | F21: 0 | G21: 0 | H21: =+F21+G21 -> 0 | J21: =+D21+H21 -> 45368.75 | K21: =+J20+J21 -> 156550
A22: 43146 | B22: 70000 | C22: 45368.75 | D22: =+B22+C22 -> 115368.75 | F22: 0 | G22: 0 | H22: =+F22+G22 -> 0 | J22: =+D22+H22 -> 115368.75 | K22: 0
A23: 43327 | B23: 0 | C23: 44493.75 | D23: =+B23+C23 -> 44493.75 | F23: 0 | G23: 0 | H23: =+F23+G23 -> 0 | J23: =+D23+H23 -> 44493.75 | K23: =+J22+J23 -> 159862.5
A24: 43511 | B24: 62835.5 | C24: 111658.25 | D24: =+B24+C24 -> 174493.75 | J24: =+D24+H24 -> 174493.75
A25: 43692 | B25: 0 | C25: 44493.75 | D25: =+B25+C25 -> 44493.75 | J25: =+D25+H25 -> 44493.75 | K25: =+J24+J25 -> 218987.5
A26: 43876 | B26: 57163.6 | C26: 72836.4 | D26: =+B26+C26 -> 130000 | J26: =+D26+H26 -> 130000 | K26: 0
A27: 44058 | B27: 0 | C27: 0 | D27: =+B27+C27 -> 0 | F27: 0 | G27: 0 | H27: =+F27+G27 -> 0 | J27: =+D27+H27 -> 0 | K27: 0
A28: 44242 | B28: 0 | C28: 0 | D28: =+B28+C28 -> 0 | F28: 0 | G28: 0 | H28: =+F28+G28 -> 0 | J28: =+D28+H28 -> 0 | K28: 0
A29: 44423 | B29: 0 | C29: 0 | D29: =+B29+C29 -> 0 | F29: 0 | G29: 0 | H29: =+F29+G29 -> 0 | J29: =+D29+H29 -> 0 | K29: =+J28+J29 -> 0
A30: 44607 | B30: 0 | C30: 0 | D30: =+B30+C30 -> 0 | F30: 0 | G30: 0 | H30: =+F30+G30 -> 0 | J30: =+D30+H30 -> 0 | K30: 0
A31: 44788 | B31: 0 | C31: 0 | D31: =+B31+C31 -> 0 | F31: 0 | G31: 0 | H31: =+F31+G31 -> 0 | J31: =+D31+H31 -> 0 | K31: =+J30+J31 -> 0
A32: 44972 | B32: 0 | C32: 0 | D32: =+B32+C32 -> 0 | F32: 0 | G32: 0 | H32: =+F32+G32 -> 0 | J32: =+D32+H32 -> 0 | K32: 0
A33: 45153 | B33: 0 | C33: 0 | D33: =+B33+C33 -> 0 | F33: 0 | G33: 0 | H33: =+F33+G33 -> 0 | J33: =+D33+H33 -> 0 | K33: =+J32+J33 -> 0
A34: 45337 | B34: 0 | C34: 0 | D34: =+B34+C34 -> 0 | F34: 0 | G34: 0 | H34: =+F34+G34 -> 0 | J34: =+D34+H34 -> 0 | K34: 0
A35: 45519 | B35: 0 | C35: 0 | D35: =+B35+C35 -> 0 | F35: 0 | G35: 0 | H35: =+F35+G35 -> 0 | J35: =+D35+H35 -> 0 | K35: =+J34+J35 -> 0
A36: 45703 | B36: 0 | C36: 0 | D36: =+B36+C36 -> 0 | F36: 0 | G36: 0 | H36: =+F36+G36 -> 0 | J36: =+D36+H36 -> 0 | K36: 0
A37: 45884 | B37: 0 | C37: 0 | D37: =+B37+C37 -> 0 | F37: 0 | G37: 0 | H37: =+F37+G37 -> 0 | J37: =+D37+H37 -> 0 | K37: =+J36+J37 -> 0
A38: 46068 | B38: 0 | C38: 0 | D38: =+B38+C38 -> 0 | F38: 0 | G38: 0 | H38: =+F38+G38 -> 0 | J38: =+D38+H38 -> 0 | K38: 0
A39: 46249 | B39: 0 | C39: 0 | D39: =+B39+C39 -> 0 | F39: 0 | G39: 0 | H39: =+F39+G39 -> 0 | J39: =+D39+H39 -> 0 | K39: =+J38+J39 -> 0
A40: 46433 | B40: 0 | C40: 0 | D40: =+B40+C40 -> 0 | F40: 0 | G40: 0 | H40: =+F40+G40 -> 0 | J40: =+D40+H40 -> 0 | K40: 0
A41: 46614 | B41: 0 | C41: 0 | D41: =+B41+C41 -> 0 | F41: 0 | G41: 0 | H41: =+F41+G41 -> 0 | J41: =+D41+H41 -> 0 | K41: =+J40+J41 -> 0
A42: 46798 | B42: 0 | C42: 0 | D42: =+B42+C42 -> 0 | F42: 0 | G42: 0 | H42: =+F42+G42 -> 0 | J42: =+D42+H42 -> 0 | K42: 0
A43: 46980 | B43: 0 | C43: 0 | D43: =+B43+C43 -> 0 | F43: 0 | G43: 0 | H43: =+F43+G43 -> 0 | J43: =+D43+H43 -> 0 | K43: =+J42+J43 -> 0
A44: 47164 | B44: 0 | C44: 0 | D44: =+B44+C44 -> 0 | F44: 0 | G44: 0 | H44: =+F44+G44 -> 0 | J44: =+D44+H44 -> 0 | K44: 0
A45: 47345 | B45: 0 | C45: 0 | D45: =+B45+C45 -> 0 | F45: 0 | G45: 0 | H45: =+F45+G45 -> 0 | J45: =+D45+H45 -> 0 | K45: =+J44+J45 -> 0
A46: 47529 | B46: 0 | C46: 0 | D46: =+B46+C46 -> 0 | F46: 0 | G46: 0 | H46: =+F46+G46 -> 0 | J46: =+D46+H46 -> 0 | K46: 0
A47: 47710 | B47: 0 | C47: 0 | D47: =+B47+C47 -> 0 | F47: 0 | G47: 0 | H47: =+F47+G47 -> 0 | J47: =+D47+H47 -> 0 | K47: =+J46+J47 -> 0
A48: 47894 | B48: 0 | C48: 0 | D48: =+B48+C48 -> 0 | F48: 0 | G48: 0 | H48: =+F48+G48 -> 0 | J48: =+D48+H48 -> 0 | K48: 0
A49: 48075 | B49: 0 | C49: 0 | D49: =+B49+C49 -> 0 | F49: 0 | G49: 0 | H49: =+F49+G49 -> 0 | J49: =+D49+H49 -> 0 | K49: =+J48+J49 -> 0
A50: 48259 | B50: 0 | C50: 0 | D50: =+B50+C50 -> 0 | F50: 0 | G50: 0 | H50: =+F50+G50 -> 0 | J50: =+D50+H50 -> 0 | K50: 0
A51: 48441 | B51: 0 | C51: 0 | D51: =+B51+C51 -> 0 | F51: 0 | G51: 0 | H51: =+F51+G51 -> 0 | J51: =+D51+H51 -> 0 | K51: =+J50+J51 -> 0
A52: 48625 | B52: 0 | C52: 0 | D52: =+B52+C52 -> 0 | F52: 0 | G52: 0 | H52: =+F52+G52 -> 0 | J52: =+D52+H52 -> 0 | K52: 0
A53: 48806 | B53: 0 | C53: 0 | D53: =+B53+C53 -> 0 | F53: 0 | G53: 0 | H53: =+F53+G53 -> 0 | J53: =+D53+H53 -> 0 | K53: =+J52+J53 -> 0
A54: 48990 | B54: 0 | C54: 0 | D54: =+B54+C54 -> 0 | F54: 0 | G54: 0 | H54: =+F54+G54 -> 0 | J54: =+D54+H54 -> 0 | K54: 0
A55: 49171 | B55: 0 | C55: 0 | D55: =+B55+C55 -> 0 | F55: 0 | G55: 0 | H55: =+F55+G55 -> 0 | J55: =+D55+H55 -> 0 | K55: =+J54+J55 -> 0
A56: 49355 | B56: 0 | C56: 0 | D56: =+B56+C56 -> 0 | F56: 0 | G56: 0 | H56: =+F56+G56 -> 0 | J56: =+D56+H56 -> 0 | K56: 0
A57: 49536 | B57: 0 | C57: 0 | D57: =+B57+C57 -> 0 | F57: 0 | G57: 0 | H57: =+F57+G57 -> 0 | J57: =+D57+H57 -> 0 | K57: =+J56+J57 -> 0
A58: 49720 | B58: 0 | C58: 0 | D58: =B58+C58 -> 0 | F58: 0 | G58: 0 | H58: =+F58+G58 -> 0 | J58: =+D58+H58 -> 0 | K58: =+J57+J58 -> 0
A59: 49902 | B59: 0 | C59: 0 | D59: =B59+C59 -> 0 | F59: 0 | G59: 0 | H59: =+F59+G59 -> 0 | J59: =+D59+H59 -> 0 | K59: =+J58+J59 -> 0
A60: 50086 | B60: 0 | C60: 0 | D60: =B60+C60 -> 0 | F60: 0 | G60: 0 | H60: =+F60+G60 -> 0 | J60: =+D60+H60 -> 0 | K60: =+J59+J60 -> 0
A61: 50267 | B61: 0 | C61: 0 | D61: =B61+C61 -> 0 | F61: 0 | G61: 0 | H61: =+F61+G61 -> 0 | J61: =+D61+H61 -> 0 | K61: =+J60+J61 -> 0
A62: 50451 | B62: 0 | C62: 0 | D62: =B62+C62 -> 0 | F62: 0 | G62: 0 | H62: =+F62+G62 -> 0 | J62: =+D62+H62 -> 0 | K62: =+J61+J62 -> 0
A63: 50632 | B63: 0 | C63: 0 | D63: =B63+C63 -> 0 | F63: 0 | G63: 0 | H63: =+F63+G63 -> 0 | J63: =+D63+H63 -> 0 | K63: =+J62+J63 -> 0
A64: 50816 | B64: 0 | C64: 0 | D64: =B64+C64 -> 0 | F64: 0 | G64: 0 | H64: =+F64+G64 -> 0 | J64: =+D64+H64 -> 0 | K64: =+J63+J64 -> 0
A65: 50997 | B65: 0 | C65: 0 | D65: =B65+C65 -> 0 | F65: 0 | G65: 0 | H65: =+F65+G65 -> 0 | J65: =+D65+H65 -> 0 | K65: =+J64+J65 -> 0
A66: 51181 | B66: 0 | C66: 0 | D66: =B66+C66 -> 0 | F66: 0 | G66: 0 | H66: =+F66+G66 -> 0 | J66: =+D66+H66 -> 0 | K66: =+J65+J66 -> 0
A67: 51363 | B67: 0 | C67: 0 | D67: =B67+C67 -> 0 | F67: 0 | G67: 0 | H67: =+F67+G67 -> 0 | J67: =+D67+H67 -> 0 | K67: =+J66+J67 -> 0
A68: 51547 | B68: 0 | C68: 0 | D68: =B68+C68 -> 0 | F68: 0 | G68: 0 | H68: =+F68+G68 -> 0 | J68: =+D68+H68 -> 0 | K68: =+J67+J68 -> 0
A69: 51728 | B69: 0 | C69: 0 | D69: =B69+C69 -> 0 | F69: 0 | G69: 0 | H69: =+F69+G69 -> 0 | J69: =+D69+H69 -> 0 | K69: =+J68+J69 -> 0
... A103: 57937 | B103: 0 | C103: 0 | D103: =B103+C103 -> 0 | F103: 0 | G103: 0 | H103: =+F103+G103 -> 0 | J103: =+D103+H103 -> 0 | K103: =+J102+J103 -> 0
A104: Total | B104: =SUM(B27) -> 0 | C104: =SUM(C27) -> 0 | D104: =SUM(D27) -> 0 | E104: =SUM(E27) -> 0 | F104: =SUM(F27) -> 0 | G104: =SUM(G27) -> 0 | H104: =SUM(H27) -> 0 | I104: =SUM(I27) -> 0 | ... K104: =SUM(K27) -> 0

Sheet Series 2014
B1: Carroll ISD
B3: Series 2014
B4: U/L Tax Refunding Bonds
E7: Total
A8: Date | B8: Principal | C8: Interest | D8: Total | E8: Annual D/S
A10: 40954 | B10: 0 | C10: 0 | D10: =B10+C10 -> 0 | E10: 0
A11: 41136 | B11: 0 | C11: 0 | D11: =B11+C11 -> 0 | E11: =+D10+D11 -> 0
A12: 41320 | B12: 0 | C12: 0 | D12: =B12+C12 -> 0 | E12: 0
A13: 41501 | B13: 0 | C13: 0 | D13: =B13+C13 -> 0 | E13: =+D12+D13 -> 0
A14: 41685 | B14: 0 | C14: 0 | D14: =B14+C14 -> 0 | E14: 0
A15: 41866 | B15: 0 | C15: 0 | D15: =B15+C15 -> 0 | E15: =+D14+D15 -> 0
A16: 42050 | B16: 320000 | C16: 157142.34 | D16: =B16+C16 -> 477142.34 | E16: 0
A17: 42231 | B17: 0 | C17: 374238.13 | D17: =B17+C17 -> 374238.13 | E17: =+D16+D17 -> 851380.47
A18: 42415 | B18: 190000 | C18: 374238.13 | D18: =B18+C18 -> 564238.13 | E18: 0
A19: 42597 | B19: 0 | C19: 369488.13 | D19: =B19+C19 -> 369488.13 | E19: =+D18+D19 -> 933726.26
A20: 42781 | B20: 205000 | C20: 369488.13 | D20: =B20+C20 -> 574488.13 | E20: 0
A21: 42962 | B21: 0 | C21: 364363.13 | D21: =B21+C21 -> 364363.13 | E21: =+D20+D21 -> 938851.26
A22: 43146 | B22: 215000 | C22: 364363.13 | D22: =B22+C22 -> 579363.13 | E22: 0
A23: 43327 | B23: 0 | C23: 358988.13 | D23: =B23+C23 -> 358988.13 | E23: =+D22+D23 -> 938351.26
A24: 43511 | B24: 230000 | C24: 358988.13 | D24: =B24+C24 -> 588988.13
A25: 43692 | B25: 0 | C25: 353238.13 | D25: =B25+C25 -> 353238.13 | E25: =+D24+D25 -> 942226.26
A26: 43876 | B26: 240000 | C26: 353238.13 | D26: =B26+C26 -> 593238.13 | E26: 0
A27: 44058 | B27: 0 | C27: 347238.13 | D27: =B27+C27 -> 347238.13 | E27: =+D26+D27 -> 940476.26
A28: 44242 | B28: 0 | C28: 0 | D28: =B28+C28 -> 0 | E28: 0
A29: 44423 | B29: 0 | C29: 0 | D29: =B29+C29 -> 0 | E29: =+D28+D29 -> 0
A30: 44607 | B30: 1385000 | C30: 336863.13 | D30: =B30+C30 -> 1721863.1 | E30: 0
A31: 44788 | B31: 0 | C31: 302238.13 | D31: =B31+C31 -> 302238.13 | E31: =+D30+D31 -> 2024101.3
A32: 44972 | B32: 0 | C32: 0 | D32: =B32+C32 -> 0 | E32: 0
A33: 45153 | B33: 0 | C33: 0 | D33: =B33+C33 -> 0 | E33: =+D32+D33 -> 0
A34: 45337 | B34: 0 | C34: 0 | D34: =B34+C34 -> 0 | E34: 0
A35: 45519 | B35: 0 | C35: 0 | D35: =B35+C35 -> 0 | E35: 0
A36: 45703 | B36: 0 | C36: 0 | D36: =B36+C36 -> 0 | E36: =+D35+D36 -> 0
A37: 45884 | B37: 0 | C37: 0 | D37: =B37+C37 -> 0 | E37: 0
A38: 46068 | B38: 0 | C38: 0 | D38: =B38+C38 -> 0 | E38: =+D37+D38 -> 0
A39: 46249 | B39: 0 | C39: 0 | D39: =B39+C39 -> 0 | E39: 0
A40: 46433 | B40: 0 | C40: 0 | D40: =B40+C40 -> 0 | E40: =+D39+D40 -> 0
A41: 46614 | B41: 0 | C41: 0 | D41: =B41+C41 -> 0 | E41: 0
A42: 46798 | B42: 0 | C42: 0 | D42: =B42+C42 -> 0 | E42: =+D41+D42 -> 0
A43: 46980 | B43: 0 | C43: 0 | D43: =B43+C43 -> 0 | E43: 0
A44: 47164 | B44: 0 | C44: 0 | D44: =B44+C44 -> 0 | E44: 0
A45: 47345 | B45: 0 | C45: 0 | D45: =B45+C45 -> 0 | E45: =D45+D44 -> 0
A46: 47529 | B46: 0 | C46: 0 | D46: =B46+C46 -> 0 | E46: 0
A47: 47710 | B47: 0 | C47: 0 | D47: =B47+C47 -> 0 | E47: =D47+D46 -> 0
A48: 47894 | B48: 0 | C48: 0 | D48: =B48+C48 -> 0 | E48: 0
A49: 48075 | B49: 0 | C49: 0 | D49: =B49+C49 -> 0 | E49: =D49+D48 -> 0
A50: 48259 | B50: 0 | C50: 0 | D50: =B50+C50 -> 0 | E50: 0
A51: 48441 | B51: 0 | C51: 0 | D51: =B51+C51 -> 0 | E51: =D51+D50 -> 0
A52: 48625 | B52: 0 | C52: 0 | D52: =B52+C52 -> 0 | E52: 0
A53: 48806 | B53: 0 | C53: 0 | D53: =B53+C53 -> 0 | E53: =D53+D52 -> 0
A54: 48990 | B54: 0 | C54: 0 | D54: =B54+C54 -> 0 | E54: 0
A55: 49171 | B55: 0 | C55: 0 | D55: =B55+C55 -> 0 | E55: =D55+D54 -> 0
A56: 49355 | B56: 0 | C56: 0 | D56: =B56+C56 -> 0 | E56: 0
A57: 49536 | B57: 0 | C57: 0 | D57: =B57+C57 -> 0 | E57: =D57+D56 -> 0
A58: 49720 | B58: 0 | C58: 0 | D58: =B58+C58 -> 0 | E58: =D58+D57 -> 0
A59: 49902 | B59: 0 | C59: 0 | D59: =B59+C59 -> 0 | E59: =D59+D58 -> 0
A60: 50086 | B60: 0 | C60: 0 | D60: =B60+C60 -> 0 | E60: =D60+D59 -> 0
A61: 50267 | B61: 0 | C61: 0 | D61: =B61+C61 -> 0 | E61: =D61+D60 -> 0
A62: 50451 | B62: 0 | C62: 0 | D62: =B62+C62 -> 0 | E62: =D62+D61 -> 0
A63: 50632 | B63: 0 | C63: 0 | D63: =B63+C63 -> 0 | E63: =D63+D62 -> 0
A64: 50816 | B64: 0 | C64: 0 | D64: =B64+C64 -> 0 | E64: =D64+D63 -> 0
A65: 50997 | B65: 0 | C65: 0 | D65: =B65+C65 -> 0 | E65: =D65+D64 -> 0
A66: 51181 | B66: 0 | C66: 0 | D66: =B66+C66 -> 0 | E66: =D66+D65 -> 0
A67: 51363 | B67: 0 | C67: 0 | D67: =B67+C67 -> 0 | E67: =D67+D66 -> 0
A68: 51547 | B68: 0 | C68: 0 | D68: =B68+C68 -> 0 | E68: =D68+D67 -> 0
... A103: 57937 | B103: 0 | C103: 0 | D103: =B103+C103 -> 0 | E103: =D103+D102 -> 0
A104: Total | B104: =SUM(B32:B57) -> 0 | C104: =SUM(C32:C57) -> 0 | D104: =SUM(D32:D57) -> 0 | E104: =SUM(E32:E57) -> 0

Sheet Series 2015A
B1: Carroll ISD
B3: Series 2015A
B4: U/L Tax Refunding Bonds
G7: Compound | J7: Combined | K7: Total
A8: Date | B8: Principal | C8: Interest | D8: Total D/S | F8: Principal | G8: Interest | H8: Total D/S | J8: Total D/S | K8: Annual D/S
A10: 40954 | B10: 0 | C10: 0 | D10: =B10+C10 -> 0 | K10: 0
A11: 41136 | B11: 0 | C11: 0 | D11: =B11+C11 -> 0 | K11: =+D10+D11 -> 0
A12: 41320 | B12: 0 | C12: 0 | D12: =B12+C12 -> 0 | K12: 0
A13: 41501 | B13: 0 | C13: 0 | D13: =B13+C13 -> 0 | K13: =+D12+D13 -> 0
A14: 41685 | B14: 0 | C14: 0 | D14: =B14+C14 -> 0 | K14: 0
A15: 41866 | B15: 0 | C15: 0 | D15: =B15+C15 -> 0 | K15: =+D14+D15 -> 0
A16: 42050 | B16: 0 | C16: 0 | D16: =B16+C16 -> 0 | K16: 0
A17: 42231 | B17: 45000 | C17: 13594.93 | D17: =B17+C17 -> 58594.93 | K17: =+D16+D17 -> 58594.93
A18: 42415 | B18: 35000 | C18: 32618.75 | D18: =B18+C18 -> 67618.75 | K18: 0
A19: 42597 | B19: 0 | C19: 32268.75 | D19: =B19+C19 -> 32268.75 | K19: =+D18+D19 -> 99887.5
A20: 42781 | B20: 440000 | C20: 32268.75 | D20: =B20+C20 -> 472268.75 | F20: 0 | G20: 0 | H20: =F20+G20 -> 0 | J20: =D20+H20 -> 472268.75 | K20: 0
A21: 42962 | B21: 0 | C21: 26768.75 | D21: =B21+C21 -> 26768.75 | F21: 0 | G21: 0 | H21: =F21+G21 -> 0 | J21: =D21+H21 -> 26768.75 | K21: =+J20+J21 -> 499037.5
A22: 43146 | B22: 0 | C22: 26768.75 | D22: =B22+C22 -> 26768.75 | F22: 414997.2 | G22: 95002.8 | H22: =F22+G22 -> 510000 | J22: =D22+H22 -> 536768.75 | K22: 0
A23: 43327 | B23: 0 | C23: 26768.75 | D23: =B23+C23 -> 26768.75 | F23: 0 | G23: 0 | H23: =F23+G23 -> 0 | J23: =D23+H23 -> 26768.75 | K23: =+J22+J23 -> 563537.5
A24: 43511 | B24: 225000 | C24: 26768.75 | D24: =B24+C24 -> 251768.75 | F24: 0 | G24: 0 | H24: =F24+G24 -> 0 | J24: =D24+H24 -> 251768.75
A25: 43692 | B25: 0 | C25: 23675 | D25: =B25+C25 -> 23675 | F25: 0 | G25: 0 | H25: =F25+G25 -> 0 | J25: =D25+H25 -> 23675 | K25: =+J24+J25 -> 275443.75
A26: 43876 | B26: 0 | C26: 23675 | D26: =B26+C26 -> 23675 | F26: 0 | G26: 0 | H26: =F26+G26 -> 0 | J26: =D26+H26 -> 23675 | K26: 0
A27: 44058 | B27: 0 | C27: 23675 | D27: =B27+C27 -> 23675 | F27: 0 | G27: 0 | H27: =F27+G27 -> 0 | J27: =D27+H27 -> 23675 | K27: =+J26+J27 -> 47350
A28: 44242 | B28: 0 | C28: 0 | D28: =B28+C28 -> 0 | F28: 0 | G28: 0 | H28: =F28+G28 -> 0 | J28: =D28+H28 -> 0 | K28: 0
A29: 44423 | B29: 0 | C29: 0 | D29: =B29+C29 -> 0 | F29: 0 | G29: 0 | H29: =F29+G29 -> 0 | J29: =D29+H29 -> 0 | K29: =+J28+J29 -> 0
A30: 44607 | B30: 185000 | C30: 21050 | D30: =B30+C30 -> 206050 | F30: 0 | G30: 0 | H30: =F30+G30 -> 0 | J30: =D30+H30 -> 206050 | K30: 0
A31: 44788 | B31: 0 | C31: 18275 | D31: =B31+C31 -> 18275 | F31: 0 | G31: 0 | H31: =F31+G31 -> 0 | J31: =D31+H31 -> 18275 | K31: =+J30+J31 -> 224325
A32: 44972 | B32: 0 | C32: 0 | D32: =B32+C32 -> 0 | F32: 0 | G32: 0 | H32: =F32+G32 -> 0 | J32: =D32+H32 -> 0 | K32: 0
A33: 45153 | B33: 0 | C33: 0 | D33: =B33+C33 -> 0 | F33: 0 | G33: 0 | H33: =F33+G33 -> 0 | J33: =D33+H33 -> 0 | K33: =+J32+J33 -> 0
A34: 45337 | B34: 0 | C34: 0 | D34: =B34+C34 -> 0 | F34: 0 | G34: 0 | H34: =F34+G34 -> 0 | J34: =D34+H34 -> 0 | K34: 0
A35: 45519 | B35: 0 | C35: 12350 | D35: =B35+C35 -> 12350 | F35: 0 | G35: 0 | H35: =F35+G35 -> 0 | J35: =D35+H35 -> 12350 | K35: 0
A36: 45703 | B36: 210000 | C36: 12350 | D36: =B36+C36 -> 222350 | F36: 0 | G36: 0 | H36: =F36+G36 -> 0 | J36: =D36+H36 -> 222350 | K36: =+D35+D36 -> 234700
A37: 45884 | B37: 0 | C37: 9200 | D37: =B37+C37 -> 9200 | F37: 0 | G37: 0 | H37: =F37+G37 -> 0 | J37: =D37+H37 -> 9200 | K37: 0
A38: 46068 | B38: 215000 | C38: 9200 | D38: =B38+C38 -> 224200 | F38: 0 | G38: 0 | H38: =F38+G38 -> 0 | J38: =D38+H38 -> 224200 | K38: =+D37+D38 -> 233400
A39: 46249 | B39: 0 | C39: 5975 | D39: =B39+C39 -> 5975 | F39: 0 | G39: 0 | H39: =F39+G39 -> 0 | J39: =D39+H39 -> 5975 | K39: 0
A40: 46433 | B40: 225000 | C40: 5975 | D40: =B40+C40 -> 230975 | F40: 0 | G40: 0 | H40: =F40+G40 -> 0 | J40: =D40+H40 -> 230975 | K40: =+D39+D40 -> 236950
A41: 46614 | B41: 0 | C41: 3162.5 | D41: =B41+C41 -> 3162.5 | F41: 0 | G41: 0 | H41: =F41+G41 -> 0 | J41: =D41+H41 -> 3162.5 | K41: 0
A42: 46798 | B42: 230000 | C42: 3162.5 | D42: =B42+C42 -> 233162.5 | F42: 0 | G42: 0 | H42: =F42+G42 -> 0 | J42: =D42+H42 -> 233162.5 | K42: =+D41+D42 -> 236325
A43: 46980 | B43: 0 | C43: 0 | D43: =B43+C43 -> 0 | F43: 0 | G43: 0 | H43: =F43+G43 -> 0 | J43: =D43+H43 -> 0 | K43: 0
A44: 47164 | B44: 0 | C44: 0 | D44: =B44+C44 -> 0 | F44: 0 | G44: 0 | H44: =F44+G44 -> 0 | J44: =D44+H44 -> 0 | K44: 0
A45: 47345 | B45: 0 | C45: 0 | D45: =B45+C45 -> 0 | F45: 0 | G45: 0 | H45: =F45+G45 -> 0 | J45: =D45+H45 -> 0 | K45: =+J44+J45 -> 0
A46: 47529 | B46: 0 | C46: 0 | D46: =B46+C46 -> 0 | F46: 0 | G46: 0 | H46: =F46+G46 -> 0 | J46: =D46+H46 -> 0 | K46: 0
A47: 47710 | B47: 0 | C47: 0 | D47: =B47+C47 -> 0 | F47: 0 | G47: 0 | H47: =F47+G47 -> 0 | J47: =D47+H47 -> 0 | K47: =+J46+J47 -> 0
A48: 47894 | B48: 0 | C48: 0 | D48: =B48+C48 -> 0 | F48: 0 | G48: 0 | H48: =F48+G48 -> 0 | J48: =D48+H48 -> 0 | K48: 0
A49: 48075 | B49: 0 | C49: 0 | D49: =B49+C49 -> 0 | F49: 0 | G49: 0 | H49: =F49+G49 -> 0 | J49: =D49+H49 -> 0 | K49: =+J48+J49 -> 0
A50: 48259 | B50: 0 | C50: 0 | D50: =B50+C50 -> 0 | F50: 0 | G50: 0 | H50: =F50+G50 -> 0 | J50: =D50+H50 -> 0 | K50: 0
A51: 48441 | B51: 0 | C51: 0 | D51: =B51+C51 -> 0 | F51: 0 | G51: 0 | H51: =F51+G51 -> 0 | J51: =D51+H51 -> 0 | K51: =+J50+J51 -> 0
A52: 48625 | B52: 0 | C52: 0 | D52: =B52+C52 -> 0 | F52: 0 | G52: 0 | H52: =F52+G52 -> 0 | J52: =D52+H52 -> 0 | K52: 0
A53: 48806 | B53: 0 | C53: 0 | D53: =B53+C53 -> 0 | F53: 0 | G53: 0 | H53: =F53+G53 -> 0 | J53: =D53+H53 -> 0 | K53: =+J52+J53 -> 0
A54: 48990 | B54: 0 | C54: 0 | D54: =B54+C54 -> 0 | F54: 0 | G54: 0 | H54: =F54+G54 -> 0 | J54: =D54+H54 -> 0 | K54: 0
A55: 49171 | B55: 0 | C55: 0 | D55: =B55+C55 -> 0 | F55: 0 | G55: 0 | H55: =F55+G55 -> 0 | J55: =D55+H55 -> 0 | K55: =+J54+J55 -> 0
A56: 49355 | B56: 0 | C56: 0 | D56: =B56+C56 -> 0 | F56: 0 | G56: 0 | H56: =F56+G56 -> 0 | J56: =D56+H56 -> 0 | K56: 0
A57: 49536 | B57: 0 | C57: 0 | D57: =B57+C57 -> 0 | F57: 0 | G57: 0 | H57: =F57+G57 -> 0 | J57: =D57+H57 -> 0 | K57: =+J56+J57 -> 0
A58: 49720 | B58: 0 | C58: 0 | D58: =B58+C58 -> 0 | F58: 0 | G58: 0 | H58: =F58+G58 -> 0 | J58: =D58+H58 -> 0 | K58: 0
A59: 49902 | B59: 0 | C59: 0 | D59: =B59+C59 -> 0 | F59: 0 | G59: 0 | H59: =F59+G59 -> 0 | J59: =D59+H59 -> 0 | K59: =+J58+J59 -> 0
A60: 50086 | B60: 0 | C60: 0 | D60: =B60+C60 -> 0 | F60: 0 | G60: 0 | H60: =F60+G60 -> 0 | J60: =D60+H60 -> 0 | K60: 0
A61: 50267 | B61: 0 | C61: 0 | D61: =B61+C61 -> 0 | F61: 0 | G61: 0 | H61: =F61+G61 -> 0 | J61: =D61+H61 -> 0 | K61: =+J60+J61 -> 0
A62: 50451 | B62: 0 | C62: 0 | D62: =B62+C62 -> 0 | F62: 0 | G62: 0 | H62: =F62+G62 -> 0 | J62: =D62+H62 -> 0 | K62: 0
A63: 50632 | B63: 0 | C63: 0 | D63: =B63+C63 -> 0 | F63: 0 | G63: 0 | H63: =F63+G63 -> 0 | J63: =D63+H63 -> 0 | K63: =+J62+J63 -> 0
A64: 50816 | B64: 0 | C64: 0 | D64: =B64+C64 -> 0 | F64: 0 | G64: 0 | H64: =F64+G64 -> 0 | J64: =D64+H64 -> 0 | K64: 0
A65: 50997 | B65: 0 | C65: 0 | D65: =B65+C65 -> 0 | F65: 0 | G65: 0 | H65: =F65+G65 -> 0 | J65: =D65+H65 -> 0 | K65: =+J64+J65 -> 0
A66: 51181 | B66: 0 | C66: 0 | D66: =B66+C66 -> 0 | F66: 0 | G66: 0 | H66: =F66+G66 -> 0 | J66: =D66+H66 -> 0 | K66: 0
A67: 51363 | B67: 0 | C67: 0 | D67: =B67+C67 -> 0 | F67: 0 | G67: 0 | H67: =F67+G67 -> 0 | J67: =D67+H67 -> 0 | K67: =+J66+J67 -> 0
A68: 51547 | B68: 0 | C68: 0 | D68: =B68+C68 -> 0 | F68: 0 | G68: 0 | H68: =F68+G68 -> 0 | J68: =D68+H68 -> 0 | K68: 0
A69: 51728 | B69: 0 | C69: 0 | D69: =B69+C69 -> 0 | F69: 0 | G69: 0 | H69: =F69+G69 -> 0 | J69: =D69+H69 -> 0 | K69: =+J68+J69 -> 0
A70: 51912 | B70: 0 | C70: 0 | D70: =B70+C70 -> 0 | F70: 0 | G70: 0 | H70: =F70+G70 -> 0 | J70: =D70+H70 -> 0 | K70: 0
A71: 52093 | B71: 0 | C71: 0 | D71: =B71+C71 -> 0 | F71: 0 | G71: 0 | H71: =F71+G71 -> 0 | J71: =D71+H71 -> 0 | K71: =+J70+J71 -> 0
A72: 52277 | B72: 0 | C72: 0 | D72: =B72+C72 -> 0 | F72: 0 | G72: 0 | H72: =F72+G72 -> 0 | J72: =D72+H72 -> 0 | K72: 0
A73: 52458 | B73: 0 | C73: 0 | D73: =B73+C73 -> 0 | F73: 0 | G73: 0 | H73: =F73+G73 -> 0 | J73: =D73+H73 -> 0 | K73: =+J72+J73 -> 0
A74: 52642 | B74: 0 | C74: 0 | D74: =B74+C74 -> 0 | F74: 0 | G74: 0 | H74: =F74+G74 -> 0 | J74: =D74+H74 -> 0 | K74: 0
A75: 52824 | B75: 0 | C75: 0 | D75: =B75+C75 -> 0 | F75: 0 | G75: 0 | H75: =F75+G75 -> 0 | J75: =D75+H75 -> 0 | K75: =+J74+J75 -> 0
A76: 53008 | B76: 0 | C76: 0 | D76: =B76+C76 -> 0 | F76: 0 | G76: 0 | H76: =F76+G76 -> 0 | J76: =D76+H76 -> 0 | K76: 0
A77: 53189 | B77: 0 | C77: 0 | D77: =B77+C77 -> 0 | F77: 0 | G77: 0 | H77: =F77+G77 -> 0 | J77: =D77+H77 -> 0 | K77: =+J76+J77 -> 0
A78: 53373 | B78: 0 | C78: 0 | D78: =B78+C78 -> 0 | F78: 0 | G78: 0 | H78: =F78+G78 -> 0 | J78: =D78+H78 -> 0 | K78: 0
A79: 53554 | B79: 0 | C79: 0 | D79: =B79+C79 -> 0 | F79: 0 | G79: 0 | H79: =F79+G79 -> 0 | J79: =D79+H79 -> 0 | K79: =+J78+J79 -> 0
A80: 53738 | B80: 0 | C80: 0 | D80: =B80+C80 -> 0 | F80: 0 | G80: 0 | H80: =F80+G80 -> 0 | J80: =D80+H80 -> 0 | K80: 0
A81: 53919 | B81: 0 | C81: 0 | D81: =B81+C81 -> 0 | F81: 0 | G81: 0 | H81: =F81+G81 -> 0 | J81: =D81+H81 -> 0 | K81: =+J80+J81 -> 0
A82: 54103 | B82: 0 | C82: 0 | D82: =B82+C82 -> 0 | F82: 0 | G82: 0 | H82: =F82+G82 -> 0 | J82: =D82+H82 -> 0 | K82: 0
A83: 54285 | B83: 0 | C83: 0 | D83: =B83+C83 -> 0 | F83: 0 | G83: 0 | H83: =F83+G83 -> 0 | J83: =D83+H83 -> 0 | K83: =+J82+J83 -> 0
A84: 54469 | B84: 0 | C84: 0 | D84: =B84+C84 -> 0 | F84: 0 | G84: 0 | H84: =F84+G84 -> 0 | J84: =D84+H84 -> 0 | K84: 0
A85: 54650 | B85: 0 | C85: 0 | D85: =B85+C85 -> 0 | F85: 0 | G85: 0 | H85: =F85+G85 -> 0 | J85: =D85+H85 -> 0 | K85: =+J84+J85 -> 0
A86: 54834 | B86: 0 | C86: 0 | D86: =B86+C86 -> 0 | F86: 0 | G86: 0 | H86: =F86+G86 -> 0 | J86: =D86+H86 -> 0 | K86: 0
A87: 55015 | B87: 0 | C87: 0 | D87: =B87+C87 -> 0 | F87: 0 | G87: 0 | H87: =F87+G87 -> 0 | J87: =D87+H87 -> 0 | K87: =+J86+J87 -> 0
A88: 55199 | B88: 0 | C88: 0 | D88: =B88+C88 -> 0 | F88: 0 | G88: 0 | H88: =F88+G88 -> 0 | J88: =D88+H88 -> 0 | K88: 0
A89: 55380 | B89: 0 | C89: 0 | D89: =B89+C89 -> 0 | F89: 0 | G89: 0 | H89: =F89+G89 -> 0 | J89: =D89+H89 -> 0 | K89: =+J88+J89 -> 0
A90: 55564 | B90: 0 | C90: 0 | D90: =B90+C90 -> 0 | F90: 0 | G90: 0 | H90: =F90+G90 -> 0 | J90: =D90+H90 -> 0 | K90: 0
A91: 55746 | B91: 0 | C91: 0 | D91: =B91+C91 -> 0 | F91: 0 | G91: 0 | H91: =F91+G91 -> 0 | J91: =D91+H91 -> 0 | K91: =+J90+J91 -> 0
A92: 55930 | B92: 0 | C92: 0 | D92: =B92+C92 -> 0 | F92: 0 | G92: 0 | H92: =F92+G92 -> 0 | J92: =D92+H92 -> 0 | K92: 0
A93: 56111 | B93: 0 | C93: 0 | D93: =B93+C93 -> 0 | F93: 0 | G93: 0 | H93: =F93+G93 -> 0 | J93: =D93+H93 -> 0 | K93: =+J92+J93 -> 0
A94: 56295 | B94: 0 | C94: 0 | D94: =B94+C94 -> 0 | F94: 0 | G94: 0 | H94: =F94+G94 -> 0 | J94: =D94+H94 -> 0 | K94: 0
A95: 56476 | B95: 0 | C95: 0 | D95: =B95+C95 -> 0 | F95: 0 | G95: 0 | H95: =F95+G95 -> 0 | J95: =D95+H95 -> 0 | K95: =+J94+J95 -> 0
A96: 56660 | B96: 0 | C96: 0 | D96: =B96+C96 -> 0 | F96: 0 | G96: 0 | H96: =F96+G96 -> 0 | J96: =D96+H96 -> 0 | K96: 0
A97: 56841 | B97: 0 | C97: 0 | D97: =B97+C97 -> 0 | F97: 0 | G97: 0 | H97: =F97+G97 -> 0 | J97: =D97+H97 -> 0 | K97: =+J96+J97 -> 0
A98: 57025 | B98: 0 | C98: 0 | D98: =B98+C98 -> 0 | F98: 0 | G98: 0 | H98: =F98+G98 -> 0 | J98: =D98+H98 -> 0 | K98: 0
A99: 57207 | B99: 0 | C99: 0 | D99: =B99+C99 -> 0 | F99: 0 | G99: 0 | H99: =F99+G99 -> 0 | J99: =D99+H99 -> 0 | K99: =+J98+J99 -> 0
A100: 57391 | B100: 0 | C100: 0 | D100: =B100+C100 -> 0 | F100: 0 | G100: 0 | H100: =F100+G100 -> 0 | J100: =D100+H100 -> 0 | K100: 0
A101: 57572 | B101: 0 | C101: 0 | D101: =B101+C101 -> 0 | F101: 0 | G101: 0 | H101: =F101+G101 -> 0 | J101: =D101+H101 -> 0 | K101: =+J100+J101 -> 0
A102: 57756 | B102: 0 | C102: 0 | D102: =B102+C102 -> 0 | F102: 0 | G102: 0 | H102: =F102+G102 -> 0 | J102: =D102+H102 -> 0 | K102: 0
A103: 57937 | B103: 0 | C103: 0 | D103: =B103+C103 -> 0 | F103: 0 | G103: 0 | H103: =F103+G103 -> 0 | J103: =D103+H103 -> 0 | K103: =+J102+J103 -> 0
A104: Total | B104: =SUM(B35:B43) -> 880000 | C104: =SUM(C35:C43) -> 61375 | D104: =SUM(D35:D43) -> 941375 | E104: =SUM(E35:E43) -> 0 | F104: =SUM(F35:F43) -> 0 | G104: =SUM(G35:G43) -> 0 | H104: =SUM(H35:H43) -> 0 | I104: =SUM(I35:I43) -> 0 | ... K104: =SUM(K35:K43) -> 941375

Sheet Series 2015B
B1: Carroll ISD
B3: Series 2015B
B4: U/L Tax Refunding Bonds
E7: Total
A8: Date | B8: Principal | C8: Interest | D8: Total | E8: Annual D/S
A10: 40954 | B10: 0 | C10: 0 | D10: =B10+C10 -> 0 | E10: 0
A11: 41136 | B11: 0 | C11: 0 | D11: =B11+C11 -> 0 | E11: =+D10+D11 -> 0
A12: 41320 | B12: 0 | C12: 0 | D12: =B12+C12 -> 0 | E12: 0
A13: 41501 | B13: 0 | C13: 0 | D13: =B13+C13 -> 0 | E13: =+D12+D13 -> 0
A14: 41685 | B14: 0 | C14: 0 | D14: =B14+C14 -> 0 | E14: 0
A15: 41866 | B15: 0 | C15: 0 | D15: =B15+C15 -> 0 | E15: =+D14+D15 -> 0
A16: 42050 | B16: 0 | C16: 0 | D16: =B16+C16 -> 0 | E16: 0
A17: 42231 | B17: 110000 | C17: 40175.83 | D17: =B17+C17 -> 150175.83 | E17: =+D16+D17 -> 150175.83
A18: 42415 | B18: 50000 | C18: 96075 | D18: =B18+C18 -> 146075 | E18: 0
A19: 42597 | B19: 0 | C19: 95325 | D19: =B19+C19 -> 95325 | E19: =+D18+D19 -> 241400
A20: 42781 | B20: 50000 | C20: 95325 | D20: =B20+C20 -> 145325 | E20: 0
A21: 42962 | B21: 0 | C21: 94575 | D21: =B21+C21 -> 94575 | E21: =+D20+D21 -> 239900
A22: 43146 | B22: 55000 | C22: 94575 | D22: =B22+C22 -> 149575 | E22: 0
A23: 43327 | B23: 0 | C23: 93750 | D23: =B23+C23 -> 93750 | E23: =+D22+D23 -> 243325
A24: 43511 | B24: 780000 | C24: 93750 | D24: =B24+C24 -> 873750
A25: 43692 | B25: 0 | C25: 82050 | D25: =B25+C25 -> 82050 | E25: =+D24+D25 -> 955800
A26: 43876 | B26: 980000 | C26: 82050 | D26: =B26+C26 -> 1062050 | E26: 0
A27: 44058 | B27: 0 | C27: 67350 | D27: =B27+C27 -> 67350 | E27: =+D26+D27 -> 1129400
A28: 44242 | B28: 0 | C28: 0 | D28: =B28+C28 -> 0 | E28: 0
A29: 44423 | B29: 0 | C29: 0 | D29: =B29+C29 -> 0 | E29: =+D28+D29 -> 0
A30: 44607 | B30: 180000 | C30: 56400 | D30: =B30+C30 -> 236400 | E30: 0
A31: 44788 | B31: 0 | C31: 53700 | D31: =B31+C31 -> 53700 | E31: =+D30+D31 -> 290100
A32: 44972 | B32: 0 | C32: 0 | D32: =B32+C32 -> 0 | E32: 0
A33: 45153 | B33: 0 | C33: 0 | D33: =B33+C33 -> 0 | E33: =+D32+D33 -> 0
A34: 45337 | B34: 0 | C34: 0 | D34: =B34+C34 -> 0 | E34: 0
A35: 45519 | B35: 0 | C35: 48000 | D35: =B35+C35 -> 48000 | E35: 0
A36: 45703 | B36: 205000 | C36: 48000 | D36: =B36+C36 -> 253000 | E36: =+D35+D36 -> 301000
A37: 45884 | B37: 0 | C37: 44925 | D37: =B37+C37 -> 44925 | E37: 0
A38: 46068 | B38: 970000 | C38: 44925 | D38: =B38+C38 -> 1014925 | E38: =+D37+D38 -> 1059850
A39: 46249 | B39: 0 | C39: 30375 | D39: =B39+C39 -> 30375 | E39: 0
A40: 46433 | B40: 970000 | C40: 30375 | D40: =B40+C40 -> 1000375 | E40: =+D39+D40 -> 1030750
A41: 46614 | B41: 0 | C41: 15825 | D41: =B41+C41 -> 15825 | E41: 0
A42: 46798 | B42: 230000 | C42: 15825 | D42: =B42+C42 -> 245825 | E42: =+D41+D42 -> 261650
A43: 46980 | B43: 0 | C43: 12375 | D43: =B43+C43 -> 12375 | E43: 0
A44: 47164 | B44: 225000 | C44: 12375 | D44: =B44+C44 -> 237375 | E44: =+D43+D44 -> 249750
A45: 47345 | B45: 0 | C45: 9000 | D45: =B45+C45 -> 9000 | E45: 0
A46: 47529 | B46: 215000 | C46: 9000 | D46: =B46+C46 -> 224000 | E46: =+D45+D46 -> 233000
A47: 47710 | B47: 0 | C47: 5775 | D47: =B47+C47 -> 5775 | E47: 0
A48: 47894 | B48: 200000 | C48: 5775 | D48: =B48+C48 -> 205775 | E48: =+D47+D48 -> 211550
A49: 48075 | B49: 0 | C49: 2775 | D49: =B49+C49 -> 2775 | E49: 0
A50: 48259 | B50: 95000 | C50: 2775 | D50: =B50+C50 -> 97775 | E50: =+D49+D50 -> 100550
A51: 48441 | B51: 0 | C51: 1350 | D51: =B51+C51 -> 1350 | E51: 0
A52: 48625 | B52: 90000 | C52: 1350 | D52: =B52+C52 -> 91350 | E52: =+D51+D52 -> 92700
A53: 48806 | B53: 0 | C53: 0 | D53: =B53+C53 -> 0 | E53: 0
A54: 48990 | B54: 0 | C54: 0 | D54: =B54+C54 -> 0 | E54: 0
A55: 49171 | B55: 0 | C55: 0 | D55: =B55+C55 -> 0 | E55: =D55+D54 -> 0
A56: 49355 | B56: 0 | C56: 0 | D56: =B56+C56 -> 0 | E56: =D56+D55 -> 0
A57: 49536 | B57: 0 | C57: 0 | D57: =B57+C57 -> 0 | E57: =D57+D56 -> 0
A58: 49720 | B58: 0 | C58: 0 | D58: =B58+C58 -> 0 | E58: =D58+D57 -> 0
A59: 49902 | B59: 0 | C59: 0 | D59: =B59+C59 -> 0 | E59: =D59+D58 -> 0
A60: 50086 | B60: 0 | C60: 0 | D60: =B60+C60 -> 0 | E60: =D60+D59 -> 0
A61: 50267 | B61: 0 | C61: 0 | D61: =B61+C61 -> 0 | E61: =D61+D60 -> 0
A62: 50451 | B62: 0 | C62: 0 | D62: =B62+C62 -> 0 | E62: =D62+D61 -> 0
A63: 50632 | B63: 0 | C63: 0 | D63: =B63+C63 -> 0 | E63: =D63+D62 -> 0
A64: 50816 | B64: 0 | C64: 0 | D64: =B64+C64 -> 0 | E64: =D64+D63 -> 0
A65: 50997 | B65: 0 | C65: 0 | D65: =B65+C65 -> 0 | E65: =D65+D64 -> 0
A66: 51181 | B66: 0 | C66: 0 | D66: =B66+C66 -> 0 | E66: =D66+D65 -> 0
... A103: 57937 | B103: 0 | C103: 0 | D103: =B103+C103 -> 0 | E103: =D103+D102 -> 0
A104: Total | B104: =SUM(B32:B53) -> 3200000 | C104: =SUM(C32:C53) -> 340800 | D104: =SUM(D32:D53) -> 3540800 | E104: =SUM(E32:E53) -> 3540800

Sheet Series 2016A
B1: Carroll ISD
B3: Series 2016A
B4: U/L Tax Refunding Bonds
E7: Total
A8: Date | B8: Principal | C8: Interest | D8: Total | E8: Annual D/S
A10: 40954 | B10: 0 | C10: 0 | D10: =B10+C10 -> 0 | E10: 0
A11: 41136 | B11: 0 | C11: 0 | D11: =B11+C11 -> 0 | E11: =+D10+D11 -> 0
A12: 41320 | B12: 0 | C12: 0 | D12: =B12+C12 -> 0 | E12: 0
A13: 41501 | B13: 0 | C13: 0 | D13: =B13+C13 -> 0 | E13: =+D12+D13 -> 0
A14: 41685 | B14: 0 | C14: 0 | D14: =B14+C14 -> 0 | E14: 0
A15: 41866 | B15: 0 | C15: 0 | D15: =B15+C15 -> 0 | E15: =+D14+D15 -> 0
A16: 42050 | B16: 0 | C16: 0 | D16: =B16+C16 -> 0 | E16: 0
A17: 42231 | B17: 110000 | C17: 40175.83 | D17: =B17+C17 -> 150175.83 | E17: =+D16+D17 -> 150175.83
A18: 42415 | B18: 425000 | C18: 82455.69 | D18: =B18+C18 -> 507455.69 | E18: 0
A19: 42597 | B19: 0 | C19: 330943.75 | D19: =B19+C19 -> 330943.75 | E19: =+D18+D19 -> 838399.44
A20: 42781 | B20: 505000 | C20: 330943.75 | D20: =B20+C20 -> 835943.75 | E20: 0
A21: 42962 | B21: 0 | C21: 323368.75 | D21: =B21+C21 -> 323368.75 | E21: =+D20+D21 -> 1159312.5
A22: 43146 | B22: 1550000 | C22: 323368.75 | D22: =B22+C22 -> 1873368.8 | E22: 0
A23: 43327 | B23: 0 | C23: 292368.75 | D23: =B23+C23 -> 292368.75 | E23: =+D22+D23 -> 2165737.5
A24: 43511 | B24: 1400000 | C24: 292368.75 | D24: =B24+C24 -> 1692368.8
A25: 43692 | B25: 0 | C25: 264368.75 | D25: =B25+C25 -> 264368.75 | E25: =+D24+D25 -> 1956737.5
A26: 43876 | B26: 1050000 | C26: 264368.75 | D26: =B26+C26 -> 1314368.8 | E26: 0
A27: 44058 | B27: 0 | C27: 243368.75 | D27: =B27+C27 -> 243368.75 | E27: =+D26+D27 -> 1557737.5
A28: 44242 | B28: 0 | C28: 0 | D28: =B28+C28 -> 0 | E28: 0
A29: 44423 | B29: 0 | C29: 0 | D29: =B29+C29 -> 0 | E29: =+D28+D29 -> 0
A30: 44607 | B30: 745000 | C30: 240418.75 | D30: =B30+C30 -> 985418.75 | E30: 0
A31: 44788 | B31: 0 | C31: 225518.75 | D31: =B31+C31 -> 225518.75 | E31: =+D30+D31 -> 1210937.5
A32: 44972 | B32: 0 | C32: 0 | D32: =B32+C32 -> 0 | E32: 0
A33: 45153 | B33: 0 | C33: 0 | D33: =B33+C33 -> 0 | E33: =+D32+D33 -> 0
A34: 45337 | B34: 0 | C34: 0 | D34: =B34+C34 -> 0 | E34: 0
A35: 45519 | B35: 0 | C35: 74000 | D35: =B35+C35 -> 74000 | E35: 0
A36: 45703 | B36: 2330000 | C36: 74000 | D36: =B36+C36 -> 2404000 | E36: =+D35+D36 -> 2478000
A37: 45884 | B37: 0 | C37: 27400 | D37: =B37+C37 -> 27400 | E37: 0
A38: 46068 | B38: 1370000 | C38: 27400 | D38: =B38+C38 -> 1397400 | E38: =+D37+D38 -> 1424800
A39: 46249 | B39: 0 | C39: 0 | D39: =B39+C39 -> 0 | E39: 0
A40: 46433 | B40: 0 | C40: 0 | D40: =B40+C40 -> 0 | E40: =+D39+D40 -> 0
A41: 46614 | B41: 0 | C41: 0 | D41: =B41+C41 -> 0 | E41: 0
A42: 46798 | B42: 0 | C42: 0 | D42: =B42+C42 -> 0 | E42: =+D41+D42 -> 0
A43: 46980 | B43: 0 | C43: 0 | D43: =B43+C43 -> 0 | E43: 0
A44: 47164 | B44: 0 | C44: 0 | D44: =B44+C44 -> 0 | E44: =+D43+D44 -> 0
A45: 47345 | B45: 0 | C45: 0 | D45: =B45+C45 -> 0 | E45: 0
A46: 47529 | B46: 0 | C46: 0 | D46: =B46+C46 -> 0 | E46: =+D45+D46 -> 0
A47: 47710 | B47: 0 | C47: 0 | D47: =B47+C47 -> 0 | E47: 0
A48: 47894 | B48: 0 | C48: 0 | D48: =B48+C48 -> 0 | E48: =+D47+D48 -> 0
A49: 48075 | B49: 0 | C49: 0 | D49: =B49+C49 -> 0 | E49: 0
A50: 48259 | B50: 0 | C50: 0 | D50: =B50+C50 -> 0 | E50: =+D49+D50 -> 0
A51: 48441 | B51: 0 | C51: 0 | D51: =B51+C51 -> 0 | E51: 0
A52: 48625 | B52: 0 | C52: 0 | D52: =B52+C52 -> 0 | E52: =+D51+D52 -> 0
A53: 48806 | B53: 0 | C53: 0 | D53: =B53+C53 -> 0 | E53: 0
A54: 48990 | B54: 0 | C54: 0 | D54: =B54+C54 -> 0 | E54: 0
A55: 49171 | B55: 0 | C55: 0 | D55: =B55+C55 -> 0 | E55: =D55+D54 -> 0
A56: 49355 | B56: 0 | C56: 0 | D56: =B56+C56 -> 0 | E56: =D56+D55 -> 0
A57: 49536 | B57: 0 | C57: 0 | D57: =B57+C57 -> 0 | E57: =D57+D56 -> 0
A58: 49720 | B58: 0 | C58: 0 | D58: =B58+C58 -> 0 | E58: =D58+D57 -> 0
A59: 49902 | B59: 0 | C59: 0 | D59: =B59+C59 -> 0 | E59: =D59+D58 -> 0
A60: 50086 | B60: 0 | C60: 0 | D60: =B60+C60 -> 0 | E60: =D60+D59 -> 0
A61: 50267 | B61: 0 | C61: 0 | D61: =B61+C61 -> 0 | E61: =D61+D60 -> 0
A62: 50451 | B62: 0 | C62: 0 | D62: =B62+C62 -> 0 | E62: =D62+D61 -> 0
A63: 50632 | B63: 0 | C63: 0 | D63: =B63+C63 -> 0 | E63: =D63+D62 -> 0
A64: 50816 | B64: 0 | C64: 0 | D64: =B64+C64 -> 0 | E64: =D64+D63 -> 0
A65: 50997 | B65: 0 | C65: 0 | D65: =B65+C65 -> 0 | E65: =D65+D64 -> 0
A66: 51181 | B66: 0 | C66: 0 | D66: =B66+C66 -> 0 | E66: =D66+D65 -> 0
... A103: 57937 | B103: 0 | C103: 0 | D103: =B103+C103 -> 0 | E103: =D103+D102 -> 0
A104: Total | B104: =SUM(B32:B55) -> 3700000 | C104: =SUM(C32:C55) -> 202800 | D104: =SUM(D32:D55) -> 3902800 | E104: =SUM(E32:E55) -> 3902800

Sheet Series 2016C
B1: Carroll ISD
B3: Series 2016C
B4: U/L Tax Refunding Bonds
E7: Total
A8: Date | B8: Principal | C8: Interest | D8: Total | E8: Annual D/S
A10: 40954 | B10: 0 | C10: 0 | D10: =B10+C10 -> 0 | E10: 0
A11: 41136 | B11: 0 | C11: 0 | D11: =B11+C11 -> 0 | E11: =+D10+D11 -> 0
A12: 41320 | B12: 0 | C12: 0 | D12: =B12+C12 -> 0 | E12: 0
A13: 41501 | B13: 0 | C13: 0 | D13: =B13+C13 -> 0 | E13: =+D12+D13 -> 0
A14: 41685 | B14: 0 | C14: 0 | D14: =B14+C14 -> 0 | E14: 0
A15: 41866 | B15: 0 | C15: 0 | D15: =B15+C15 -> 0 | E15: =+D14+D15 -> 0
A16: 42050 | B16: 0 | C16: 0 | D16: =B16+C16 -> 0 | E16: 0
A17: 42231 | B17: 110000 | C17: 40175.83 | D17: =B17+C17 -> 150175.83 | E17: =+D16+D17 -> 150175.83
A18: 42415 | B18: 425000 | C18: 82455.69 | D18: =B18+C18 -> 507455.69 | E18: 0
A19: 42597 | B19: 0 | C19: 330943.75 | D19: =B19+C19 -> 330943.75 | E19: =+D18+D19 -> 838399.44
A20: 42781 | B20: 55000 | C20: 58315.83 | D20: =B20+C20 -> 113315.83 | E20: 0
A21: 42962 | B21: 0 | C21: 99556.25 | D21: =B21+C21 -> 99556.25 | E21: =+D20+D21 -> 212872.08
A22: 43146 | B22: 2205000 | C22: 99556.25 | D22: =B22+C22 -> 2304556.2 | E22: 0
A23: 43327 | B23: 0 | C23: 55456.25 | D23: =B23+C23 -> 55456.25 | E23: =+D22+D23 -> 2360012.5
A24: 43511 | B24: 100000 | C24: 55456.25 | D24: =B24+C24 -> 155456.25
A25: 43692 | B25: 0 | C25: 52956.25 | D25: =B25+C25 -> 52956.25 | E25: =+D24+D25 -> 208412.5
A26: 43876 | B26: 100000 | C26: 52956.25 | D26: =B26+C26 -> 152956.25 | E26: 0
A27: 44058 | B27: 0 | C27: 50456.25 | D27: =B27+C27 -> 50456.25 | E27: =+D26+D27 -> 203412.5
A28: 44242 | B28: 0 | C28: 0 | D28: =B28+C28 -> 0 | E28: 0
A29: 44423 | B29: 0 | C29: 0 | D29: =B29+C29 -> 0 | E29: =+D28+D29 -> 0
A30: 44607 | B30: 170000 | C30: 46331.25 | D30: =B30+C30 -> 216331.25 | E30: 0
A31: 44788 | B31: 0 | C31: 42081.25 | D31: =B31+C31 -> 42081.25 | E31: =+D30+D31 -> 258412.5
A32: 44972 | B32: 0 | C32: 0 | D32: =B32+C32 -> 0 | E32: 0
A33: 45153 | B33: 0 | C33: 0 | D33: =B33+C33 -> 0 | E33: =+D32+D33 -> 0
A34: 45337 | B34: 0 | C34: 0 | D34: =B34+C34 -> 0 | E34: 0
A35: 45519 | B35: 0 | C35: 33081.25 | D35: =B35+C35 -> 33081.25 | E35: 0
A36: 45703 | B36: 130000 | C36: 33081.25 | D36: =B36+C36 -> 163081.25 | E36: =+D35+D36 -> 196162.5
A37: 45884 | B37: 0 | C37: 29831.25 | D37: =B37+C37 -> 29831.25 | E37: 0
A38: 46068 | B38: 0 | C38: 29831.25 | D38: =B38+C38 -> 29831.25 | E38: =+D37+D38 -> 59662.5
A39: 46249 | B39: 0 | C39: 29831.25 | D39: =B39+C39 -> 29831.25 | E39: 0
A40: 46433 | B40: 0 | C40: 29831.25 | D40: =B40+C40 -> 29831.25 | E40: =+D39+D40 -> 59662.5
A41: 46614 | B41: 0 | C41: 29831.25 | D41: =B41+C41 -> 29831.25 | E41: 0
A42: 46798 | B42: 205000 | C42: 29831.25 | D42: =B42+C42 -> 234831.25 | E42: =+D41+D42 -> 264662.5
A43: 46980 | B43: 0 | C43: 25731.25 | D43: =B43+C43 -> 25731.25 | E43: 0
A44: 47164 | B44: 210000 | C44: 25731.25 | D44: =B44+C44 -> 235731.25 | E44: =+D43+D44 -> 261462.5
A45: 47345 | B45: 0 | C45: 21531.25 | D45: =B45+C45 -> 21531.25 | E45: 0
A46: 47529 | B46: 225000 | C46: 21531.25 | D46: =B46+C46 -> 246531.25 | E46: =+D45+D46 -> 268062.5
A47: 47710 | B47: 0 | C47: 18156.25 | D47: =B47+C47 -> 18156.25 | E47: 0
A48: 47894 | B48: 225000 | C48: 18156.25 | D48: =B48+C48 -> 243156.25 | E48: =+D47+D48 -> 261312.5
A49: 48075 | B49: 0 | C49: 14781.25 | D49: =B49+C49 -> 14781.25 | E49: 0
A50: 48259 | B50: 235000 | C50: 14781.25 | D50: =B50+C50 -> 249781.25 | E50: =+D49+D50 -> 264562.5
A51: 48441 | B51: 0 | C51: 11256.25 | D51: =B51+C51 -> 11256.25 | E51: 0
A52: 48625 | B52: 240000 | C52: 11256.25 | D52: =B52+C52 -> 251256.25 | E52: =+D51+D52 -> 262512.5
A53: 48806 | B53: 0 | C53: 7656.25 | D53: =B53+C53 -> 7656.25 | E53: 0
A54: 48990 | B54: 250000 | C54: 7656.25 | D54: =B54+C54 -> 257656.25 | E54: =+D53+D54 -> 265312.5
A55: 49171 | B55: 0 | C55: 3906.25 | D55: =B55+C55 -> 3906.25 | E55: 0
A56: 49355 | B56: 250000 | C56: 3906.25 | D56: =B56+C56 -> 253906.25 | E56: =+D55+D56 -> 257812.5
A57: 49536 | B57: 0 | C57: 0 | D57: =B57+C57 -> 0 | E57: 0
A58: 49720 | B58: 0 | C58: 0 | D58: =B58+C58 -> 0 | E58: =+D57+D58 -> 0
A59: 49902 | B59: 0 | C59: 0 | D59: =B59+C59 -> 0 | E59: =D59+D58 -> 0
A60: 50086 | B60: 0 | C60: 0 | D60: =B60+C60 -> 0 | E60: =D60+D59 -> 0
A61: 50267 | B61: 0 | C61: 0 | D61: =B61+C61 -> 0 | E61: =D61+D60 -> 0
A62: 50451 | B62: 0 | C62: 0 | D62: =B62+C62 -> 0 | E62: =D62+D61 -> 0
A63: 50632 | B63: 0 | C63: 0 | D63: =B63+C63 -> 0 | E63: =D63+D62 -> 0
A64: 50816 | B64: 0 | C64: 0 | D64: =B64+C64 -> 0 | E64: =D64+D63 -> 0
A65: 50997 | B65: 0 | C65: 0 | D65: =B65+C65 -> 0 | E65: =D65+D64 -> 0
A66: 51181 | B66: 0 | C66: 0 | D66: =B66+C66 -> 0 | E66: =D66+D65 -> 0
A67: 51363 | B67: 0 | C67: 0 | D67: =B67+C67 -> 0 | E67: =D67+D66 -> 0
A68: 51547 | B68: 0 | C68: 0 | D68: =B68+C68 -> 0 | E68: =D68+D67 -> 0
A69: 51728 | B69: 0 | C69: 0 | D69: =B69+C69 -> 0 | E69: =D69+D68 -> 0
A70: 51912 | B70: 0 | C70: 0 | D70: =B70+C70 -> 0 | E70: =D70+D69 -> 0
... A103: 57937 | B103: 0 | C103: 0 | D103: =B103+C103 -> 0 | E103: =D103+D102 -> 0
A104: Total | B104: =SUM(B32:B57) -> 1970000 | C104: =SUM(C32:C57) -> 451187.5 | D104: =SUM(D32:D57) -> 2421187.5 | E104: =SUM(E32:E57) -> 2421187.5
B106: =SUM(B34:B56) -> 1970000

Sheet Series 2017
B1: Carroll ISD
B3: Series 2017
B4: U/L Tax School Building Bonds
E7: Total
A8: Date | B8: Principal | C8: Interest | D8: Total | E8: Annual D/S
A10: 40954 | B10: 0 | C10: 0 | D10: =B10+C10 -> 0 | E10: 0
A11: 41136 | B11: 0 | C11: 0 | D11: =B11+C11 -> 0 | E11: =+D10+D11 -> 0
A12: 41320 | B12: 0 | C12: 0 | D12: =B12+C12 -> 0 | E12: 0
A13: 41501 | B13: 0 | C13: 0 | D13: =B13+C13 -> 0 | E13: =+D12+D13 -> 0
A14: 41685 | B14: 0 | C14: 0 | D14: =B14+C14 -> 0 | E14: 0
A15: 41866 | B15: 0 | C15: 0 | D15: =B15+C15 -> 0 | E15: =+D14+D15 -> 0
A16: 42050 | B16: 0 | C16: 0 | D16: =B16+C16 -> 0 | E16: 0
A17: 42231 | B17: 110000 | C17: 40175.83 | D17: =B17+C17 -> 150175.83 | E17: =+D16+D17 -> 150175.83
A18: 42415 | B18: 425000 | C18: 82455.69 | D18: =B18+C18 -> 507455.69 | E18: 0
A19: 42597 | B19: 0 | C19: 330943.75 | D19: =B19+C19 -> 330943.75 | E19: =+D18+D19 -> 838399.44
A20: 42781 | B20: 0 | C20: 0 | D20: =B20+C20 -> 0 | E20: 0
A21: 42962 | B21: 0 | C21: 0 | D21: =B21+C21 -> 0 | E21: =+D20+D21 -> 0
A22: 43146 | B22: 6640000 | C22: 1278313.1 | D22: =B22+C22 -> 7918313.1 | E22: 0
A23: 43327 | B23: 0 | C23: 1281146.9 | D23: =B23+C23 -> 1281146.9 | E23: =+D22+D23 -> 9199459.9
A24: 43511 | B24: 515000 | C24: 1281146.9 | D24: =B24+C24 -> 1796146.9
A25: 43692 | B25: 0 | C25: 1268271.9 | D25: =B25+C25 -> 1268271.9 | E25: =+D24+D25 -> 3064418.8
A26: 43876 | B26: 525000 | C26: 1268271.9 | D26: =B26+C26 -> 1793271.9 | E26: 0
A27: 44058 | B27: 0 | C27: 1255146.9 | D27: =B27+C27 -> 1255146.9 | E27: =+D26+D27 -> 3048418.8
A28: 44242 | B28: 0 | C28: 0 | D28: =B28+C28 -> 0 | E28: 0
A29: 44423 | B29: 0 | C29: 0 | D29: =B29+C29 -> 0 | E29: =+D28+D29 -> 0
A30: 44607 | B30: 1475000 | C30: 1213146.9 | D30: =B30+C30 -> 2688146.9 | E30: 0
A31: 44788 | B31: 0 | C31: 1176271.9 | D31: =B31+C31 -> 1176271.9 | E31: =+D30+D31 -> 3864418.8
A32: 44972 | B32: 0 | C32: 0 | D32: =B32+C32 -> 0 | E32: 0
A33: 45153 | B33: 0 | C33: 0 | D33: =B33+C33 -> 0 | E33: =+D32+D33 -> 0
A34: 45337 | B34: 0 | C34: 0 | D34: =B34+C34 -> 0 | E34: 0
A35: 45519 | B35: 0 | C35: 1121271.9 | D35: =B35+C35 -> 1121271.9 | E35: 0
A36: 45703 | B36: 1320000 | C36: 1121271.9 | D36: =B36+C36 -> 2441271.9 | E36: =+D35+D36 -> 3562543.8
A37: 45884 | B37: 0 | C37: 1088271.9 | D37: =B37+C37 -> 1088271.9 | E37: 0
A38: 46068 | B38: 1260000 | C38: 1088271.9 | D38: =B38+C38 -> 2348271.9 | E38: =+D37+D38 -> 3436543.8
A39: 46249 | B39: 0 | C39: 1056771.9 | D39: =B39+C39 -> 1056771.9 | E39: 0
A40: 46433 | B40: 1500000 | C40: 1056771.9 | D40: =B40+C40 -> 2556771.9 | E40: =+D39+D40 -> 3613543.8
A41: 46614 | B41: 0 | C41: 1019271.9 | D41: =B41+C41 -> 1019271.9 | E41: 0
A42: 46798 | B42: 3095000 | C42: 1019271.9 | D42: =B42+C42 -> 4114271.9 | E42: =+D41+D42 -> 5133543.8
A43: 46980 | B43: 0 | C43: 941896.88 | D43: =B43+C43 -> 941896.88 | E43: 0
A44: 47164 | B44: 3255000 | C44: 941896.88 | D44: =B44+C44 -> 4196896.9 | E44: =+D43+D44 -> 5138793.8
A45: 47345 | B45: 0 | C45: 860521.88 | D45: =B45+C45 -> 860521.88 | E45: 0
A46: 47529 | B46: 3400000 | C46: 860521.88 | D46: =B46+C46 -> 4260521.9 | E46: =+D45+D46 -> 5121043.8
A47: 47710 | B47: 0 | C47: 792521.88 | D47: =B47+C47 -> 792521.88 | E47: 0
A48: 47894 | B48: 3540000 | C48: 792521.88 | D48: =B48+C48 -> 4332521.9 | E48: =+D47+D48 -> 5125043.8
A49: 48075 | B49: 0 | C49: 721721.88 | D49: =B49+C49 -> 721721.88 | E49: 0
A50: 48259 | B50: 3665000 | C50: 721721.88 | D50: =B50+C50 -> 4386721.9 | E50: =+D49+D50 -> 5108443.8
A51: 48441 | B51: 0 | C51: 666746.88 | D51: =B51+C51 -> 666746.88 | E51: 0
A52: 48625 | B52: 3780000 | C52: 666746.88 | D52: =B52+C52 -> 4446746.9 | E52: =+D51+D52 -> 5113493.8
A53: 48806 | B53: 0 | C53: 610046.88 | D53: =B53+C53 -> 610046.88 | E53: 0
A54: 48990 | B54: 3895000 | C54: 610046.88 | D54: =B54+C54 -> 4505046.9 | E54: =+D53+D54 -> 5115093.8
A55: 49171 | B55: 0 | C55: 551621.88 | D55: =B55+C55 -> 551621.88 | E55: 0
A56: 49355 | B56: 4010000 | C56: 551621.88 | D56: =B56+C56 -> 4561621.9 | E56: =+D55+D56 -> 5113243.8
A57: 49536 | B57: 0 | C57: 491471.88 | D57: =B57+C57 -> 491471.88 | E57: 0
A58: 49720 | B58: 4135000 | C58: 491471.88 | D58: =B58+C58 -> 4626471.9 | E58: =+D57+D58 -> 5117943.8
A59: 49902 | B59: 0 | C59: 429446.88 | D59: =B59+C59 -> 429446.88 | E59: 0
A60: 50086 | B60: 4260000 | C60: 429446.88 | D60: =B60+C60 -> 4689446.9 | E60: =+D59+D60 -> 5118893.8
A61: 50267 | B61: 0 | C61: 365546.88 | D61: =B61+C61 -> 365546.88 | E61: 0
A62: 50451 | B62: 4390000 | C62: 365546.88 | D62: =B62+C62 -> 4755546.9 | E62: =+D61+D62 -> 5121093.8
A63: 50632 | B63: 0 | C63: 296953.12 | D63: =B63+C63 -> 296953.12 | E63: 0
A64: 50816 | B64: 4530000 | C64: 296953.12 | D64: =B64+C64 -> 4826953.1 | E64: =+D63+D64 -> 5123906.2
A65: 50997 | B65: 0 | C65: 226171.88 | D65: =B65+C65 -> 226171.88 | E65: 0
A66: 51181 | B66: 4675000 | C66: 226171.88 | D66: =B66+C66 -> 4901171.9 | E66: =+D65+D66 -> 5127343.8
A67: 51363 | B67: 0 | C67: 153125 | D67: =B67+C67 -> 153125 | E67: 0
A68: 51547 | B68: 4825000 | C68: 153125 | D68: =B68+C68 -> 4978125 | E68: =+D67+D68 -> 5131250
A69: 51728 | B69: 0 | C69: 77734.375 | D69: =B69+C69 -> 77734.375 | E69: 0
A70: 51912 | B70: 4975000 | C70: 77734.375 | D70: =B70+C70 -> 5052734.4 | E70: =+D69+D70 -> 5130468.8
A71: 52093 | B71: 0 | C71: 0 | D71: =B71+C71 -> 0 | E71: 0
A72: 52277 | B72: 0 | C72: 0 | D72: =B72+C72 -> 0 | E72: 0
A73: 52458 | B73: 0 | C73: 0 | D73: =B73+C73 -> 0 | E73: =D73+D72 -> 0
A74: 52642 | B74: 0 | C74: 0 | D74: =B74+C74 -> 0 | E74: 0
A75: 52824 | B75: 0 | C75: 0 | D75: =B75+C75 -> 0 | E75: =D75+D74 -> 0
A76: 53008 | B76: 0 | C76: 0 | D76: =B76+C76 -> 0 | E76: 0
A77: 53189 | B77: 0 | C77: 0 | D77: =B77+C77 -> 0 | E77: =D77+D76 -> 0
A78: 53373 | B78: 0 | C78: 0 | D78: =B78+C78 -> 0 | E78: 0
A79: 53554 | B79: 0 | C79: 0 | D79: =B79+C79 -> 0 | E79: =D79+D78 -> 0
A80: 53738 | B80: 0 | C80: 0 | D80: =B80+C80 -> 0 | E80: 0
A81: 53919 | B81: 0 | C81: 0 | D81: =B81+C81 -> 0 | E81: =D81+D80 -> 0
A82: 54103 | B82: 0 | C82: 0 | D82: =B82+C82 -> 0 | E82: 0
A83: 54285 | B83: 0 | C83: 0 | D83: =B83+C83 -> 0 | E83: =D83+D82 -> 0
A84: 54469 | B84: 0 | C84: 0 | D84: =B84+C84 -> 0 | E84: 0
A85: 54650 | B85: 0 | C85: 0 | D85: =B85+C85 -> 0 | E85: =D85+D84 -> 0
A86: 54834 | B86: 0 | C86: 0 | D86: =B86+C86 -> 0 | E86: 0
A87: 55015 | B87: 0 | C87: 0 | D87: =B87+C87 -> 0 | E87: =D87+D86 -> 0
A88: 55199 | B88: 0 | C88: 0 | D88: =B88+C88 -> 0 | E88: 0
A89: 55380 | B89: 0 | C89: 0 | D89: =B89+C89 -> 0 | E89: =D89+D88 -> 0
A90: 55564 | B90: 0 | C90: 0 | D90: =B90+C90 -> 0 | E90: 0
A91: 55746 | B91: 0 | C91: 0 | D91: =B91+C91 -> 0 | E91: =D91+D90 -> 0
A92: 55930 | B92: 0 | C92: 0 | D92: =B92+C92 -> 0 | E92: 0
A93: 56111 | B93: 0 | C93: 0 | D93: =B93+C93 -> 0 | E93: =D93+D92 -> 0
A94: 56295 | B94: 0 | C94: 0 | D94: =B94+C94 -> 0 | E94: 0
A95: 56476 | B95: 0 | C95: 0 | D95: =B95+C95 -> 0 | E95: =D95+D94 -> 0
A96: 56660 | B96: 0 | C96: 0 | D96: =B96+C96 -> 0 | E96: 0
A97: 56841 | B97: 0 | C97: 0 | D97: =B97+C97 -> 0 | E97: =D97+D96 -> 0
A98: 57025 | B98: 0 | C98: 0 | D98: =B98+C98 -> 0 | E98: 0
A99: 57207 | B99: 0 | C99: 0 | D99: =B99+C99 -> 0 | E99: =D99+D98 -> 0
A100: 57391 | B100: 0 | C100: 0 | D100: =B100+C100 -> 0 | E100: 0
A101: 57572 | B101: 0 | C101: 0 | D101: =B101+C101 -> 0 | E101: =D101+D100 -> 0
A102: 57756 | B102: 0 | C102: 0 | D102: =B102+C102 -> 0 | E102: 0
A103: 57937 | B103: 0 | C103: 0 | D103: =B103+C103 -> 0 | E103: =D103+D102 -> 0
A104: Total | B104: =SUM(B32:B71) -> 64510000 | C104: =SUM(C32:C71) -> 22942231 | D104: =SUM(D32:D71) -> 87452231 | E104: =SUM(E32:E71) -> 87452231

Sheet Series 2018
B1: Carroll ISD
B3: Series 2018
B4: U/L Tax School Building Bonds
E7: Total
A8: Date | B8: Principal | C8: Interest | D8: Total | E8: Annual D/S
A10: 40954 | B10: 0 | C10: 0 | D10: =B10+C10 -> 0 | E10: 0
A11: 41136 | B11: 0 | C11: 0 | D11: =B11+C11 -> 0 | E11: =+D10+D11 -> 0
A12: 41320 | B12: 0 | C12: 0 | D12: =B12+C12 -> 0 | E12: 0
A13: 41501 | B13: 0 | C13: 0 | D13: =B13+C13 -> 0 | E13: =+D12+D13 -> 0
A14: 41685 | B14: 0 | C14: 0 | D14: =B14+C14 -> 0 | E14: 0
A15: 41866 | B15: 0 | C15: 0 | D15: =B15+C15 -> 0 | E15: =+D14+D15 -> 0
A16: 42050 | B16: 0 | C16: 0 | D16: =B16+C16 -> 0 | E16: 0
A17: 42231 | B17: 110000 | C17: 40175.83 | D17: =B17+C17 -> 150175.83 | E17: =+D16+D17 -> 150175.83
A18: 42415 | B18: 425000 | C18: 82455.69 | D18: =B18+C18 -> 507455.69 | E18: 0
A19: 42597 | B19: 0 | C19: 330943.75 | D19: =B19+C19 -> 330943.75 | E19: =+D18+D19 -> 838399.44
A20: 42781 | B20: 0 | C20: 0 | D20: =B20+C20 -> 0 | E20: 0
A21: 42962 | B21: 0 | C21: 0 | D21: =B21+C21 -> 0 | E21: =+D20+D21 -> 0
A22: 43146 | D22: =B22+C22 -> 0 | E22: 0
A23: 43327 | B23: 0 | D23: =B23+C23 -> 0 | E23: =+D22+D23 -> 0
A24: 43511 | B24: 6430000 | C24: 989686.81 | D24: =B24+C24 -> 7419686.8
A25: 43692 | B25: 0 | C25: 1199125 | D25: =B25+C25 -> 1199125 | E25: =+D24+D25 -> 8618811.8
A26: 43876 | B26: 4505000 | C26: 1199125 | D26: =B26+C26 -> 5704125 | E26: 0
A27: 44058 | B27: 0 | C27: 1086500 | D27: =B27+C27 -> 1086500 | E27: =+D26+D27 -> 6790625
A28: 44242 | B28: 0 | C28: 0 | D28: =B28+C28 -> 0 | E28: 0
A29: 44423 | B29: 0 | C29: 0 | D29: =B29+C29 -> 0 | E29: =+D28+D29 -> 0
A30: 44607 | B30: 1450000 | C30: 959875 | D30: =B30+C30 -> 2409875 | E30: 0
A31: 44788 | B31: 0 | C31: 923625 | D31: =B31+C31 -> 923625 | E31: =+D30+D31 -> 3333500
A32: 44972 | B32: 0 | C32: 0 | D32: =B32+C32 -> 0 | E32: 0
A33: 45153 | B33: 0 | C33: 0 | D33: =B33+C33 -> 0 | E33: =+D32+D33 -> 0
A34: 45337 | B34: 0 | C34: 0 | D34: =B34+C34 -> 0 | E34: 0
A35: 45519 | B35: 0 | C35: 685275 | D35: =B35+C35 -> 685275 | E35: 0
A36: 45703 | B36: 775000 | C36: 685275 | D36: =B36+C36 -> 1460275 | E36: =+D35+D36 -> 2145550
A37: 45884 | B37: 0 | C37: 665900 | D37: =B37+C37 -> 665900 | E37: 0
A38: 46068 | B38: 710000 | C38: 665900 | D38: =B38+C38 -> 1375900 | E38: =+D37+D38 -> 2041800
A39: 46249 | B39: 0 | C39: 648150 | D39: =B39+C39 -> 648150 | E39: 0
A40: 46433 | B40: 835000 | C40: 648150 | D40: =B40+C40 -> 1483150 | E40: =+D39+D40 -> 2131300
A41: 46614 | B41: 0 | C41: 627275 | D41: =B41+C41 -> 627275 | E41: 0
A42: 46798 | B42: 2190000 | C42: 627275 | D42: =B42+C42 -> 2817275 | E42: =+D41+D42 -> 3444550
A43: 46980 | B43: 0 | C43: 572525 | D43: =B43+C43 -> 572525 | E43: 0
A44: 47164 | B44: 2465000 | C44: 572525 | D44: =B44+C44 -> 3037525 | E44: =+D43+D44 -> 3610050
A45: 47345 | B45: 0 | C45: 535550 | D45: =B45+C45 -> 535550 | E45: 0
A46: 47529 | B46: 2545000 | C46: 535550 | D46: =B46+C46 -> 3080550 | E46: =+D45+D46 -> 3616100
A47: 47710 | B47: 0 | C47: 495784.38 | D47: =B47+C47 -> 495784.38 | E47: 0
A48: 47894 | B48: 3000000 | C48: 495784.38 | D48: =B48+C48 -> 3495784.4 | E48: =+D47+D48 -> 3991568.8
A49: 48075 | B49: 0 | C49: 447034.38 | D49: =B49+C49 -> 447034.38 | E49: 0
A50: 48259 | B50: 2145000 | C50: 447034.38 | D50: =B50+C50 -> 2592034.4 | E50: =+D49+D50 -> 3039068.8
A51: 48441 | B51: 0 | C51: 412178.12 | D51: =B51+C51 -> 412178.12 | E51: 0
A52: 48625 | B52: 2230000 | C52: 412178.12 | D52: =B52+C52 -> 2642178.1 | E52: =+D51+D52 -> 3054356.2
A53: 48806 | B53: 0 | C53: 374546.88 | D53: =B53+C53 -> 374546.88 | E53: 0
A54: 48990 | B54: 2320000 | C54: 374546.88 | D54: =B54+C54 -> 2694546.9 | E54: =+D53+D54 -> 3069093.8
A55: 49171 | B55: 0 | C55: 333946.88 | D55: =B55+C55 -> 333946.88 | E55: 0
A56: 49355 | B56: 2415000 | C56: 333946.88 | D56: =B56+C56 -> 2748946.9 | E56: =+D55+D56 -> 3082893.8
A57: 49536 | B57: 0 | C57: 294703.12 | D57: =B57+C57 -> 294703.12 | E57: 0
A58: 49720 | B58: 2515000 | C58: 294703.12 | D58: =B58+C58 -> 2809703.1 | E58: =+D57+D58 -> 3104406.2
A59: 49902 | B59: 0 | C59: 252262.5 | D59: =B59+C59 -> 252262.5 | E59: 0
A60: 50086 | B60: 2615000 | C60: 252262.5 | D60: =B60+C60 -> 2867262.5 | E60: =+D59+D60 -> 3119525
A61: 50267 | B61: 0 | C61: 206500 | D61: =B61+C61 -> 206500 | E61: 0
A62: 50451 | B62: 2725000 | C62: 206500 | D62: =B62+C62 -> 2931500 | E62: =+D61+D62 -> 3138000
A63: 50632 | B63: 0 | C63: 158812.5 | D63: =B63+C63 -> 158812.5 | E63: 0
A64: 50816 | B64: 2835000 | C64: 158812.5 | D64: =B64+C64 -> 2993812.5 | E64: =+D63+D64 -> 3152625
A65: 50997 | B65: 0 | C65: 109200 | D65: =B65+C65 -> 109200 | E65: 0
A66: 51181 | B66: 3060000 | C66: 109200 | D66: =B66+C66 -> 3169200 | E66: =+D65+D66 -> 3278400
A67: 51363 | B67: 0 | C67: 55650 | D67: =B67+C67 -> 55650 | E67: 0
A68: 51547 | B68: 3180000 | C68: 55650 | D68: =B68+C68 -> 3235650 | E68: =+D67+D68 -> 3291300
A69: 51728 | B69: 0 | C69: 0 | D69: =B69+C69 -> 0 | E69: 0
A70: 51912 | B70: 0 | C70: 0 | D70: =B70+C70 -> 0 | E70: =+D69+D70 -> 0
A71: 52093 | B71: 0 | C71: 0 | D71: =B71+C71 -> 0 | E71: 0
A72: 52277 | B72: 0 | C72: 0 | D72: =B72+C72 -> 0 | E72: =+D71+D72 -> 0
A73: 52458 | B73: 0 | C73: 0 | D73: =B73+C73 -> 0 | E73: 0
A74: 52642 | B74: 0 | C74: 0 | D74: =B74+C74 -> 0 | E74: =+D73+D74 -> 0
A75: 52824 | B75: 0 | C75: 0 | D75: =B75+C75 -> 0 | E75: 0
A76: 53008 | B76: 0 | C76: 0 | D76: =B76+C76 -> 0 | E76: 0
A77: 53189 | B77: 0 | C77: 0 | D77: =B77+C77 -> 0 | E77: =D77+D76 -> 0
A78: 53373 | B78: 0 | C78: 0 | D78: =B78+C78 -> 0 | E78: 0
A79: 53554 | B79: 0 | C79: 0 | D79: =B79+C79 -> 0 | E79: =D79+D78 -> 0
A80: 53738 | B80: 0 | C80: 0 | D80: =B80+C80 -> 0 | E80: 0
A81: 53919 | B81: 0 | C81: 0 | D81: =B81+C81 -> 0 | E81: =D81+D80 -> 0
A82: 54103 | B82: 0 | C82: 0 | D82: =B82+C82 -> 0 | E82: 0
A83: 54285 | B83: 0 | C83: 0 | D83: =B83+C83 -> 0 | E83: =D83+D82 -> 0
A84: 54469 | B84: 0 | C84: 0 | D84: =B84+C84 -> 0 | E84: 0
A85: 54650 | B85: 0 | C85: 0 | D85: =B85+C85 -> 0 | E85: =D85+D84 -> 0
A86: 54834 | B86: 0 | C86: 0 | D86: =B86+C86 -> 0 | E86: 0
A87: 55015 | B87: 0 | C87: 0 | D87: =B87+C87 -> 0 | E87: =D87+D86 -> 0
A88: 55199 | B88: 0 | C88: 0 | D88: =B88+C88 -> 0 | E88: 0
A89: 55380 | B89: 0 | C89: 0 | D89: =B89+C89 -> 0 | E89: =D89+D88 -> 0
A90: 55564 | B90: 0 | C90: 0 | D90: =B90+C90 -> 0 | E90: 0
A91: 55746 | B91: 0 | C91: 0 | D91: =B91+C91 -> 0 | E91: =D91+D90 -> 0
A92: 55930 | B92: 0 | C92: 0 | D92: =B92+C92 -> 0 | E92: 0
A93: 56111 | B93: 0 | C93: 0 | D93: =B93+C93 -> 0 | E93: =D93+D92 -> 0
A94: 56295 | B94: 0 | C94: 0 | D94: =B94+C94 -> 0 | E94: 0
A95: 56476 | B95: 0 | C95: 0 | D95: =B95+C95 -> 0 | E95: =D95+D94 -> 0
A96: 56660 | B96: 0 | C96: 0 | D96: =B96+C96 -> 0 | E96: 0
A97: 56841 | B97: 0 | C97: 0 | D97: =B97+C97 -> 0 | E97: =D97+D96 -> 0
A98: 57025 | B98: 0 | C98: 0 | D98: =B98+C98 -> 0 | E98: 0
A99: 57207 | B99: 0 | C99: 0 | D99: =B99+C99 -> 0 | E99: =D99+D98 -> 0
A100: 57391 | B100: 0 | C100: 0 | D100: =B100+C100 -> 0 | E100: 0
A101: 57572 | B101: 0 | C101: 0 | D101: =B101+C101 -> 0 | E101: =D101+D100 -> 0
A102: 57756 | B102: 0 | C102: 0 | D102: =B102+C102 -> 0 | E102: 0
A103: 57937 | B103: 0 | C103: 0 | D103: =B103+C103 -> 0 | E103: =D103+D102 -> 0
A104: Total | B104: =SUM(B32:B75) -> 38560000 | C104: =SUM(C32:C75) -> 13750588 | D104: =SUM(D32:D75) -> 52310588 | E104: =SUM(E32:E75) -> 52310588

Sheet Series 2019
B1: Carroll ISD
B3: Series 2019
B4: U/L Tax Refunding Bonds
E7: Total
A8: Date | B8: Principal | C8: Interest | D8: Total | E8: Annual D/S
A10: 40954 | E10: 0
A11: 41136 | E11: =+D10+D11 -> 0
A12: 41320 | E12: 0
A13: 41501 | E13: =+D12+D13 -> 0
A14: 41685 | E14: 0
A15: 41866 | E15: =+D14+D15 -> 0
A16: 42050 | E16: 0
A17: 42231 | E17: =+D16+D17 -> 0
A18: 42415 | E18: 0
A19: 42597 | E19: =+D18+D19 -> 0
A20: 42781 | E20: 0
A21: 42962 | E21: =+D20+D21 -> 0
A22: 43146 | E22: 0
A23: 43327 | E23: =+D22+D23 -> 0
A24: 43511
A25: 43692 | B25: 60000 | C25: 246533.75 | D25: =B25+C25 -> 306533.75 | E25: =+D24+D25 -> 306533.75
A26: 43876 | B26: 1890000 | C26: 264225 | D26: =B26+C26 -> 2154225 | E26: 0
A27: 44058 | B27: 0 | C27: 216975 | D27: =B27+C27 -> 216975 | E27: =+D26+D27 -> 2371200
A28: 44242 | B28: 0 | C28: 0 | D28: =B28+C28 -> 0 | E28: 0
A29: 44423 | B29: 0 | C29: 0 | D29: =B29+C29 -> 0 | E29: =+D28+D29 -> 0
A30: 44607 | B30: 1380000 | C30: 184850 | D30: =B30+C30 -> 1564850 | E30: 0
A31: 44788 | B31: 0 | C31: 150350 | D31: =B31+C31 -> 150350 | E31: =+D30+D31 -> 1715200
A32: 44972 | B32: 0 | C32: 0 | D32: =B32+C32 -> 0 | E32: 0
A33: 45153 | B33: 0 | C33: 0 | D33: =B33+C33 -> 0 | E33: =+D32+D33 -> 0
A34: 45337 | B34: 0 | C34: 0 | D34: =B34+C34 -> 0 | E34: 0
A35: 45519 | B35: 0 | C35: 86375 | D35: =B35+C35 -> 86375 | E35: 0
A36: 45703 | B36: 1885000 | C36: 86375 | D36: =B36+C36 -> 1971375 | E36: =+D35+D36 -> 2057750
A37: 45884 | B37: 0 | C37: 58100 | D37: =B37+C37 -> 58100 | E37: 0
A38: 46068 | B38: 1970000 | C38: 58100 | D38: =B38+C38 -> 2028100 | E38: =+D37+D38 -> 2086200
A39: 46249 | B39: 0 | C39: 8850 | D39: =B39+C39 -> 8850 | E39: 0
A40: 46433 | B40: 75000 | C40: 8850 | D40: =B40+C40 -> 83850 | E40: =+D39+D40 -> 92700
A41: 46614 | B41: 0 | C41: 6975 | D41: =B41+C41 -> 6975 | E41: 0
A42: 46798 | B42: 90000 | C42: 6975 | D42: =B42+C42 -> 96975 | E42: =+D41+D42 -> 103950
A43: 46980 | B43: 0 | C43: 4725 | D43: =B43+C43 -> 4725 | E43: 0
A44: 47164 | B44: 130000 | C44: 4725 | D44: =B44+C44 -> 134725 | E44: =+D43+D44 -> 139450
A45: 47345 | B45: 0 | C45: 2775 | D45: =B45+C45 -> 2775 | E45: 0
A46: 47529 | B46: 185000 | C46: 2775 | D46: =B46+C46 -> 187775 | E46: =+D45+D46 -> 190550
A47: 47710 | D47: =B47+C47 -> 0 | E47: 0
A48: 47894 | D48: =B48+C48 -> 0 | E48: 0
A49: 48075 | D49: =B49+C49 -> 0 | E49: =D49+D48 -> 0
A50: 48259 | D50: =B50+C50 -> 0 | E50: 0
A51: 48441 | D51: =B51+C51 -> 0 | E51: =D51+D50 -> 0
A52: 48625 | D52: =B52+C52 -> 0 | E52: 0
A53: 48806 | D53: =B53+C53 -> 0 | E53: =D53+D52 -> 0
A54: 48990 | D54: =B54+C54 -> 0 | E54: 0
A55: 49171 | D55: =B55+C55 -> 0 | E55: =D55+D54 -> 0
A56: 49355 | D56: =B56+C56 -> 0 | E56: 0
A57: 49536 | D57: =B57+C57 -> 0 | E57: =D57+D56 -> 0
A58: 49720 | D58: =B58+C58 -> 0 | E58: 0
A59: 49902 | D59: =B59+C59 -> 0 | E59: =D59+D58 -> 0
A60: 50086 | D60: =B60+C60 -> 0 | E60: 0
A61: 50267 | D61: =B61+C61 -> 0 | E61: =D61+D60 -> 0
A62: 50451 | D62: =B62+C62 -> 0 | E62: 0
A63: 50632 | D63: =B63+C63 -> 0 | E63: =D63+D62 -> 0
A64: 50816 | D64: =B64+C64 -> 0 | E64: 0
A65: 50997 | D65: =B65+C65 -> 0 | E65: =D65+D64 -> 0
A66: 51181 | D66: =B66+C66 -> 0 | E66: 0
A67: 51363 | D67: =B67+C67 -> 0 | E67: =D67+D66 -> 0
A68: 51547 | D68: =B68+C68 -> 0 | E68: 0
A69: 51728 | D69: =B69+C69 -> 0 | E69: =D69+D68 -> 0
A70: 51912 | D70: =B70+C70 -> 0 | E70: 0
A71: 52093 | D71: =B71+C71 -> 0 | E71: =D71+D70 -> 0
A72: 52277 | D72: =B72+C72 -> 0 | E72: 0
A73: 52458 | D73: =B73+C73 -> 0 | E73: =D73+D72 -> 0
A74: 52642 | D74: =B74+C74 -> 0 | E74: 0
A75: 52824 | B75: 0 | C75: 0 | D75: =B75+C75 -> 0 | E75: =D75+D74 -> 0
A76: 53008 | B76: 0 | C76: 0 | D76: =B76+C76 -> 0 | E76: =D76+D75 -> 0
A77: 53189 | B77: 0 | C77: 0 | D77: =B77+C77 -> 0 | E77: =D77+D76 -> 0
A78: 53373 | B78: 0 | C78: 0 | D78: =B78+C78 -> 0 | E78: =D78+D77 -> 0
A79: 53554 | B79: 0 | C79: 0 | D79: =B79+C79 -> 0 | E79: =D79+D78 -> 0
A80: 53738 | B80: 0 | C80: 0 | D80: =B80+C80 -> 0 | E80: =D80+D79 -> 0
A81: 53919 | B81: 0 | C81: 0 | D81: =B81+C81 -> 0 | E81: =D81+D80 -> 0
A82: 54103 | B82: 0 | C82: 0 | D82: =B82+C82 -> 0 | E82: =D82+D81 -> 0
A83: 54285 | B83: 0 | C83: 0 | D83: =B83+C83 -> 0 | E83: =D83+D82 -> 0
A84: 54469 | B84: 0 | C84: 0 | D84: =B84+C84 -> 0 | E84: =D84+D83 -> 0
A85: 54650 | B85: 0 | C85: 0 | D85: =B85+C85 -> 0 | E85: =D85+D84 -> 0
A86: 54834 | B86: 0 | C86: 0 | D86: =B86+C86 -> 0 | E86: =D86+D85 -> 0
... A103: 57937 | B103: 0 | C103: 0 | D103: =B103+C103 -> 0 | E103: =D103+D102 -> 0
A104: Total | B104: =SUM(B32:B47) -> 4335000 | C104: =SUM(C32:C47) -> 335600 | D104: =SUM(D32:D47) -> 4670600 | E104: =SUM(E32:E47) -> 4670600

Sheet Series 2019A
B1: Carroll ISD
B3: Series 2019A
B4: U/L Tax School Building and Refunding Bonds
E7: Total
A8: Date | B8: Principal | C8: Interest | D8: Total | E8: Annual D/S
A10: 40954 | B10: 0 | C10: 0 | D10: =B10+C10 -> 0 | E10: 0
A11: 41136 | B11: 0 | C11: 0 | D11: =B11+C11 -> 0 | E11: =+D10+D11 -> 0
A12: 41320 | B12: 0 | C12: 0 | D12: =B12+C12 -> 0 | E12: 0
A13: 41501 | B13: 0 | C13: 0 | D13: =B13+C13 -> 0 | E13: =+D12+D13 -> 0
A14: 41685 | B14: 0 | C14: 0 | D14: =B14+C14 -> 0 | E14: 0
A15: 41866 | B15: 0 | C15: 0 | D15: =B15+C15 -> 0 | E15: =+D14+D15 -> 0
A16: 42050 | B16: 0 | C16: 0 | D16: =B16+C16 -> 0 | E16: 0
A17: 42231 | B17: 110000 | C17: 40175.83 | D17: =B17+C17 -> 150175.83 | E17: =+D16+D17 -> 150175.83
A18: 42415 | B18: 425000 | C18: 82455.69 | D18: =B18+C18 -> 507455.69 | E18: 0
A19: 42597 | B19: 0 | C19: 330943.75 | D19: =B19+C19 -> 330943.75 | E19: =+D18+D19 -> 838399.44
A20: 42781 | B20: 55000 | C20: 58315.83 | D20: =B20+C20 -> 113315.83 | E20: 0
A21: 42962 | B21: 0 | C21: 99556.25 | D21: =B21+C21 -> 99556.25 | E21: =+D20+D21 -> 212872.08
A22: 43146 | B22: 2205000 | C22: 99556.25 | D22: =B22+C22 -> 2304556.2 | E22: 0
A23: 43327 | B23: 0 | C23: 55456.25 | D23: =B23+C23 -> 55456.25 | E23: =+D22+D23 -> 2360012.5
A24: 43511 | B24: 0 | C24: 0 | D24: =B24+C24 -> 0
A25: 43692 | D25: =B25+C25 -> 0 | E25: =+D24+D25 -> 0
A26: 43876 | B26: 2100000 | C26: 380237.78 | D26: =B26+C26 -> 2480237.8 | E26: 0
A27: 44058 | B27: 0 | C27: 1016918.8 | D27: =B27+C27 -> 1016918.8 | E27: =+D26+D27 -> 3497156.5
A28: 44242 | B28: 0 | C28: 0 | D28: =B28+C28 -> 0 | E28: 0
A29: 44423 | B29: 0 | C29: 0 | D29: =B29+C29 -> 0 | E29: =+D28+D29 -> 0
A30: 44607 | B30: 6160000 | C30: 988293.75 | D30: =B30+C30 -> 7148293.8 | E30: 0
A31: 44788 | B31: 0 | C31: 834293.75 | D31: =B31+C31 -> 834293.75 | E31: =+D30+D31 -> 7982587.5
A32: 44972 | B32: 0 | C32: 0 | D32: =B32+C32 -> 0 | E32: 0
A33: 45153 | B33: 0 | C33: 0 | D33: =B33+C33 -> 0 | E33: =+D32+D33 -> 0
A34: 45337 | B34: 0 | C34: 0 | D34: =B34+C34 -> 0 | E34: 0
A35: 45519 | B35: 0 | C35: 753418.75 | D35: =B35+C35 -> 753418.75 | E35: 0
A36: 45703 | B36: 1695000 | C36: 753418.75 | D36: =B36+C36 -> 2448418.8 | E36: =+D35+D36 -> 3201837.5
A37: 45884 | B37: 0 | C37: 711043.75 | D37: =B37+C37 -> 711043.75 | E37: 0
A38: 46068 | B38: 1760000 | C38: 711043.75 | D38: =B38+C38 -> 2471043.8 | E38: =+D37+D38 -> 3182087.5
A39: 46249 | B39: 0 | C39: 667043.75 | D39: =B39+C39 -> 667043.75 | E39: 0
A40: 46433 | B40: 1870000 | C40: 667043.75 | D40: =B40+C40 -> 2537043.8 | E40: =+D39+D40 -> 3204087.5
A41: 46614 | B41: 0 | C41: 620293.75 | D41: =B41+C41 -> 620293.75 | E41: 0
A42: 46798 | B42: 1935000 | C42: 620293.75 | D42: =B42+C42 -> 2555293.8 | E42: =+D41+D42 -> 3175587.5
A43: 46980 | B43: 0 | C43: 571918.75 | D43: =B43+C43 -> 571918.75 | E43: 0
A44: 47164 | B44: 2010000 | C44: 571918.75 | D44: =B44+C44 -> 2581918.8 | E44: =+D43+D44 -> 3153837.5
A45: 47345 | B45: 0 | C45: 521668.75 | D45: =B45+C45 -> 521668.75 | E45: 0
A46: 47529 | B46: 2080000 | C46: 521668.75 | D46: =B46+C46 -> 2601668.8 | E46: =+D45+D46 -> 3123337.5
A47: 47710 | B47: 0 | C47: 469668.75 | D47: =B47+C47 -> 469668.75 | E47: 0
A48: 47894 | B48: 2160000 | C48: 469668.75 | D48: =B48+C48 -> 2629668.8 | E48: =+D47+D48 -> 3099337.5
A49: 48075 | B49: 0 | C49: 444018.75 | D49: =B49+C49 -> 444018.75 | E49: 0
A50: 48259 | B50: 2230000 | C50: 444018.75 | D50: =B50+C50 -> 2674018.8 | E50: =+D49+D50 -> 3118037.5
A51: 48441 | B51: 0 | C51: 416143.75 | D51: =B51+C51 -> 416143.75 | E51: 0
A52: 48625 | B52: 2305000 | C52: 416143.75 | D52: =B52+C52 -> 2721143.8 | E52: =+D51+D52 -> 3137287.5
A53: 48806 | B53: 0 | C53: 385890.62 | D53: =B53+C53 -> 385890.62 | E53: 0
A54: 48990 | B54: 2160000 | C54: 385890.62 | D54: =B54+C54 -> 2545890.6 | E54: =+D53+D54 -> 2931781.2
A55: 49171 | B55: 0 | C55: 357540.62 | D55: =B55+C55 -> 357540.62 | E55: 0
A56: 49355 | B56: 2220000 | C56: 357540.62 | D56: =B56+C56 -> 2577540.6 | E56: =+D55+D56 -> 2935081.2
A57: 49536 | B57: 0 | C57: 327015.62 | D57: =B57+C57 -> 327015.62 | E57: 0
A58: 49720 | B58: 2285000 | C58: 327015.62 | D58: =B58+C58 -> 2612015.6 | E58: =+D57+D58 -> 2939031.2
A59: 49902 | B59: 0 | C59: 295596.88 | D59: =B59+C59 -> 295596.88 | E59: 0
A60: 50086 | B60: 2345000 | C60: 295596.88 | D60: =B60+C60 -> 2640596.9 | E60: =+D59+D60 -> 2936193.8
A61: 50267 | B61: 0 | C61: 263353.12 | D61: =B61+C61 -> 263353.12 | E61: 0
A62: 50451 | B62: 2410000 | C62: 263353.12 | D62: =B62+C62 -> 2673353.1 | E62: =+D61+D62 -> 2936706.2
A63: 50632 | B63: 0 | C63: 230215.62 | D63: =B63+C63 -> 230215.62 | E63: 0
A64: 50816 | B64: 2480000 | C64: 230215.62 | D64: =B64+C64 -> 2710215.6 | E64: =+D63+D64 -> 2940431.2
A65: 50997 | B65: 0 | C65: 194565.62 | D65: =B65+C65 -> 194565.62 | E65: 0
A66: 51181 | B66: 2555000 | C66: 194565.62 | D66: =B66+C66 -> 2749565.6 | E66: =+D65+D66 -> 2944131.2
A67: 51363 | B67: 0 | C67: 157837.5 | D67: =B67+C67 -> 157837.5 | E67: 0
A68: 51547 | B68: 2625000 | C68: 157837.5 | D68: =B68+C68 -> 2782837.5 | E68: =+D67+D68 -> 2940675
A69: 51728 | B69: 0 | C69: 120103.12 | D69: =B69+C69 -> 120103.12 | E69: 0
A70: 51912 | B70: 2705000 | C70: 120103.12 | D70: =B70+C70 -> 2825103.1 | E70: =+D69+D70 -> 2945206.2
A71: 52093 | B71: 0 | C71: 81218.75 | D71: =B71+C71 -> 81218.75 | E71: 0
A72: 52277 | B72: 2785000 | C72: 81218.75 | D72: =B72+C72 -> 2866218.8 | E72: =+D71+D72 -> 2947437.5
A73: 52458 | B73: 0 | C73: 41184.375 | D73: =B73+C73 -> 41184.375 | E73: 0
A74: 52642 | B74: 2865000 | C74: 41184.375 | D74: =B74+C74 -> 2906184.4 | E74: =+D73+D74 -> 2947368.8
A75: 52824 | B75: 0 | C75: 0 | D75: =B75+C75 -> 0 | E75: 0
A76: 53008 | B76: 0 | C76: 0 | D76: =B76+C76 -> 0 | E76: =D76+D75 -> 0
A77: 53189 | B77: 0 | C77: 0 | D77: =B77+C77 -> 0 | E77: =D77+D76 -> 0
A78: 53373 | B78: 0 | C78: 0 | D78: =B78+C78 -> 0 | E78: =D78+D77 -> 0
A79: 53554 | B79: 0 | C79: 0 | D79: =B79+C79 -> 0 | E79: =D79+D78 -> 0
A80: 53738 | B80: 0 | C80: 0 | D80: =B80+C80 -> 0 | E80: =D80+D79 -> 0
A81: 53919 | B81: 0 | C81: 0 | D81: =B81+C81 -> 0 | E81: =D81+D80 -> 0
A82: 54103 | B82: 0 | C82: 0 | D82: =B82+C82 -> 0 | E82: =D82+D81 -> 0
A83: 54285 | B83: 0 | C83: 0 | D83: =B83+C83 -> 0 | E83: =D83+D82 -> 0
A84: 54469 | B84: 0 | C84: 0 | D84: =B84+C84 -> 0 | E84: =D84+D83 -> 0
A85: 54650 | B85: 0 | C85: 0 | D85: =B85+C85 -> 0 | E85: =D85+D84 -> 0
A86: 54834 | B86: 0 | C86: 0 | D86: =B86+C86 -> 0 | E86: =D86+D85 -> 0
A87: 55015 | B87: 0 | C87: 0 | D87: =B87+C87 -> 0 | E87: =D87+D86 -> 0
... A103: 57937 | B103: 0 | C103: 0 | D103: =B103+C103 -> 0 | E103: =D103+D102 -> 0
A104: Total | B104: =SUM(B32:B75) -> 45480000 | C104: =SUM(C32:C75) -> 15259481 | D104: =SUM(D32:D75) -> 60739481 | E104: =SUM(E32:E75) -> 60739481

Sheet Total Debt (Semi-Ann)
A1: Carroll ISD
A6: Combined Semi Annual Debt Service
J7: Build America Bond's
G8: Total | J8: Estimated Federal
A9: Date | B9: Principal (a) | D9: Interest | F9: Total | G9: Annual D/S (b) | J9: Funding on Interest
A11: 41136 | B11: =#REF!+#REF!+'Series1997-1'!B10+#REF!+#REF!+#REF!+#REF!+#REF!+#REF!+#REF!+#REF!+#REF!+#REF!+'Series 2006B'!B11+'Series 2006B'!F11+#REF!+#REF!+#REF!+#REF!+'Series 2009A(BABs)'!B11+#REF!+'Series 2009C'!B11+'Series 2009C'!F11+'Series 2009D QSCB'!B11+'Series 2010A(BABs)'!B11+'Series 2010B'!B11+'Series 2010C(BABs)'!B11+'Series 2011'!B11+'Series 2011'!F11 -> #REF! | D11: =#REF!+#REF!+'Series1997-1'!C10+#REF!+#REF!+#REF!+#REF!+#REF!+#REF!+#REF!+#REF!+#REF!+#REF!+'Series 2006B'!C11+'Series 2006B'!G11+#REF!+#REF!+#REF!+#REF!+'Series 2009A(BABs)'!C11+#REF!+'Series 2009C'!C11+'Series 2009C'!G11+'Series 2009D QSCB'!C11+'Series 2010A(BABs)'!C11+'Series 2010B'!C11+'Series 2010C(BABs)'!C11+'Series 2011'!C11+'Series 2011'!G11 -> #REF! | F11: =B11+D11 -> #REF! | G11: =F11+#REF! -> #REF! | H11: 41152 | J11: ='Series 2009A(BABs)'!H11+'Series 2010A(BABs)'!G11+'Series 2010C(BABs)'!G11 -> 0
A12: 41320 | B12: =#REF!+#REF!+'Series1997-1'!B11+#REF!+#REF!+#REF!+#REF!+#REF!+#REF!+#REF!+#REF!+#REF!+#REF!+'Series 2006B'!B12+'Series 2006B'!F12+#REF!+#REF!+#REF!+#REF!+'Series 2009A(BABs)'!B12+#REF!+'Series 2009C'!B12+'Series 2009C'!F12+'Series 2009D QSCB'!B12+'Series 2010A(BABs)'!B12+'Series 2010B'!B12+'Series 2010C(BABs)'!B12+'Series 2011'!B12+'Series 2011'!F12 -> #REF! | D12: =#REF!+#REF!+'Series1997-1'!C11+#REF!+#REF!+#REF!+#REF!+#REF!+#REF!+#REF!+#REF!+#REF!+#REF!+'Series 2006B'!C12+'Series 2006B'!G12+#REF!+#REF!+#REF!+#REF!+'Series 2009A(BABs)'!C12+#REF!+'Series 2009C'!C12+'Series 2009C'!G12+'Series 2009D QSCB'!C12+'Series 2010A(BABs)'!C12+'Series 2010B'!C12+'Series 2010C(BABs)'!C12+'Series 2011'!C12+'Series 2011'!G12 -> #REF! | F12: =B12+D12 -> #REF! | G12: 0 | J12: ='Series 2009A(BABs)'!H12+'Series 2010A(BABs)'!G12+'Series 2010C(BABs)'!G12 -> 0
A13: 41501 | B13: =#REF!+#REF!+'Series1997-1'!B12+#REF!+#REF!+#REF!+#REF!+#REF!+#REF!+#REF!+#REF!+#REF!+#REF!+'Series 2006B'!B13+'Series 2006B'!F13+#REF!+#REF!+#REF!+#REF!+'Series 2009A(BABs)'!B13+#REF!+'Series 2009C'!B13+'Series 2009C'!F13+'Series 2009D QSCB'!B13+'Series 2010A(BABs)'!B13+'Series 2010B'!B13+'Series 2010C(BABs)'!B13+'Series 2011'!B13+'Series 2011'!F13 -> #REF! | D13: =#REF!+#REF!+'Series1997-1'!C12+#REF!+#REF!+#REF!+#REF!+#REF!+#REF!+#REF!+#REF!+#REF!+#REF!+'Series 2006B'!C13+'Series 2006B'!G13+#REF!+#REF!+#REF!+#REF!+'Series 2009A(BABs)'!C13+#REF!+'Series 2009C'!C13+'Series 2009C'!G13+'Series 2009D QSCB'!C13+'Series 2010A(BABs)'!C13+'Series 2010B'!C13+'Series 2010C(BABs)'!C13+'Series 2011'!C13+'Series 2011'!G13 -> #REF! | F13: =B13+D13 -> #REF! | G13: =F13+F12 -> #REF! | H13: 41517 | J13: ='Series 2009A(BABs)'!H13+'Series 2010A(BABs)'!G13+'Series 2010C(BABs)'!G13 -> 0
A14: 41685 | B14: =#REF!+#REF!+'Series1997-1'!B13+#REF!+#REF!+#REF!+#REF!+#REF!+#REF!+#REF!+#REF!+#REF!+#REF!+'Series 2006B'!B14+'Series 2006B'!F14+#REF!+#REF!+#REF!+#REF!+'Series 2009A(BABs)'!B14+#REF!+'Series 2009C'!B14+'Series 2009C'!F14+'Series 2009D QSCB'!B14+'Series 2010A(BABs)'!B14+'Series 2010B'!B14+'Series 2010C(BABs)'!B14+'Series 2011'!B14+'Series 2011'!F14 -> #REF! | D14: =#REF!+#REF!+'Series1997-1'!C13+#REF!+#REF!+#REF!+#REF!+#REF!+#REF!+#REF!+#REF!+#REF!+#REF!+'Series 2006B'!C14+'Series 2006B'!G14+#REF!+#REF!+#REF!+#REF!+'Series 2009A(BABs)'!C14+#REF!+'Series 2009C'!C14+'Series 2009C'!G14+'Series 2009D QSCB'!C14+'Series 2010A(BABs)'!C14+'Series 2010B'!C14+'Series 2010C(BABs)'!C14+'Series 2011'!C14+'Series 2011'!G14 -> #REF! | F14: =B14+D14 -> #REF! | G14: 0 | J14: ='Series 2009A(BABs)'!H14+'Series 2010A(BABs)'!G14+'Series 2010C(BABs)'!G14 -> 0
A15: 41866 | B15: =#REF!+#REF!+'Series1997-1'!B14+#REF!+#REF!+#REF!+#REF!+#REF!+#REF!+#REF!+#REF!+#REF!+#REF!+'Series 2006B'!B15+'Series 2006B'!F15+#REF!+#REF!+#REF!+#REF!+'Series 2009A(BABs)'!B15+#REF!+'Series 2009C'!B15+'Series 2009C'!F15+'Series 2009D QSCB'!B15+'Series 2010A(BABs)'!B15+'Series 2010B'!B15+'Series 2010C(BABs)'!B15+'Series 2011'!B15+'Series 2011'!F15 -> #REF! | D15: =#REF!+#REF!+'Series1997-1'!C14+#REF!+#REF!+#REF!+#REF!+#REF!+#REF!+#REF!+#REF!+#REF!+#REF!+'Series 2006B'!C15+'Series 2006B'!G15+#REF!+#REF!+#REF!+#REF!+'Series 2009A(BABs)'!C15+#REF!+'Series 2009C'!C15+'Series 2009C'!G15+'Series 2009D QSCB'!C15+'Series 2010A(BABs)'!C15+'Series 2010B'!C15+'Series 2010C(BABs)'!C15+'Series 2011'!C15+'Series 2011'!G15 -> #REF! | F15: =B15+D15 -> #REF! | G15: =F15+F14 -> #REF! | H15: 41882 | J15: ='Series 2009A(BABs)'!H15+'Series 2010A(BABs)'!G15+'Series 2010C(BABs)'!G15 -> 0
A16: 42050 | B16: ='Series1997-1'!B15+#REF!+#REF!+#REF!+'Series 2006B'!B16+'Series 2006B'!F16+#REF!+#REF!+#REF!+#REF!+'Series 2009A(BABs)'!B16+'Series 2009C'!B16+'Series 2009C'!F16+'Series 2009D QSCB'!B16+'Series 2010A(BABs)'!B16+'Series 2010B'!B16+'Series 2010C(BABs)'!B16+'Series 2011'!B16+'Series 2011'!F16+'Series 2014'!B16+'Series 2015A'!B16+'Series 2015B'!B16 -> #REF! | D16: ='Series1997-1'!C15+#REF!+#REF!+#REF!+'Series 2006B'!C16+'Series 2006B'!G16+#REF!+#REF!+#REF!+#REF!+'Series 2009A(BABs)'!C16+'Series 2009C'!C16+'Series 2009C'!G16+'Series 2009D QSCB'!C16+'Series 2010A(BABs)'!C16+'Series 2010B'!C16+'Series 2010C(BABs)'!C16+'Series 2011'!C16+'Series 2011'!G16+'Series 2014'!C16+'Series 2015A'!C16+'Series 2015B'!C16 -> #REF! | F16: =B16+D16 -> #REF! | G16: 0 | J16: ='Series 2009A(BABs)'!H16+'Series 2010A(BABs)'!G16+'Series 2010C(BABs)'!G16 -> 1151823.6
A17: 42231 | B17: ='Series1997-1'!B16+#REF!+#REF!+#REF!+'Series 2006B'!B17+'Series 2006B'!F17+#REF!+#REF!+#REF!+#REF!+'Series 2009A(BABs)'!B17+'Series 2009C'!B17+'Series 2009C'!F17+'Series 2009D QSCB'!B17+'Series 2010A(BABs)'!B17+'Series 2010B'!B17+'Series 2010C(BABs)'!B17+'Series 2011'!B17+'Series 2011'!F17+'Series 2014'!B17+'Series 2015A'!B17+'Series 2015B'!B17 -> #REF! | D17: ='Series1997-1'!C16+#REF!+#REF!+#REF!+'Series 2006B'!C17+'Series 2006B'!G17+#REF!+#REF!+#REF!+#REF!+'Series 2009A(BABs)'!C17+'Series 2009C'!C17+'Series 2009C'!G17+'Series 2009D QSCB'!C17+'Series 2010A(BABs)'!C17+'Series 2010B'!C17+'Series 2010C(BABs)'!C17+'Series 2011'!C17+'Series 2011'!G17+'Series 2014'!C17+'Series 2015A'!C17+'Series 2015B'!C17 -> #REF! | F17: =B17+D17 -> #REF! | G17: =F17+F16 -> #REF! | H17: 42247 | J17: ='Series 2009A(BABs)'!H17+'Series 2010A(BABs)'!G17+'Series 2010C(BABs)'!G17 -> 1140903.6
A18: 42415 | B18: ='Series1997-1'!B18+'Series 2006B'!B18+'Series 2006B'!F18+#REF!+#REF!+#REF!+#REF!+'Series 2009A(BABs)'!B18+'Series 2009C'!B18+'Series 2009C'!F18+'Series 2009D QSCB'!B18+'Series 2010A(BABs)'!B18+'Series 2010B'!B18+'Series 2010C(BABs)'!B18+'Series 2011'!B18+'Series 2011'!F18+'Series 2014'!B18+'Series 2015A'!B18+'Series 2015B'!B18+'Series 2016A'!B18 -> #REF! | D18: ='Series1997-1'!C18+'Series 2006B'!C18+'Series 2006B'!G18+#REF!+#REF!+#REF!+#REF!+'Series 2009A(BABs)'!C18+'Series 2009C'!C18+'Series 2009C'!G18+'Series 2009D QSCB'!C18+'Series 2010A(BABs)'!C18+'Series 2010B'!C18+'Series 2010C(BABs)'!C18+'Series 2011'!C18+'Series 2011'!G18+'Series 2014'!C18+'Series 2015A'!C18+'Series 2015B'!C18+'Series 2016A'!C18 -> #REF! | F18: =B18+D18 -> #REF! | G18: 0 | J18: ='Series 2009A(BABs)'!H18+'Series 2010A(BABs)'!G18+'Series 2010C(BABs)'!G18 -> 1140903.6
A19: 42597 | B19: ='Series1997-1'!B19+'Series 2006B'!B19+'Series 2006B'!F19+#REF!+#REF!+#REF!+#REF!+'Series 2009A(BABs)'!B19+'Series 2009C'!B19+'Series 2009C'!F19+'Series 2009D QSCB'!B19+'Series 2010A(BABs)'!B19+'Series 2010B'!B19+'Series 2010C(BABs)'!B19+'Series 2011'!B19+'Series 2011'!F19+'Series 2014'!B19+'Series 2015A'!B19+'Series 2015B'!B19+'Series 2016A'!B19 -> #REF! | D19: ='Series1997-1'!C19+'Series 2006B'!C19+'Series 2006B'!G19+#REF!+#REF!+#REF!+#REF!+'Series 2009A(BABs)'!C19+'Series 2009C'!C19+'Series 2009C'!G19+'Series 2009D QSCB'!C19+'Series 2010A(BABs)'!C19+'Series 2010B'!C19+'Series 2010C(BABs)'!C19+'Series 2011'!C19+'Series 2011'!G19+'Series 2014'!C19+'Series 2015A'!C19+'Series 2015B'!C19+'Series 2016A'!C19 -> #REF! | F19: =B19+D19 -> #REF! | G19: =F19+F18 -> #REF! | H19: 42613 | J19: ='Series 2009A(BABs)'!H19+'Series 2010A(BABs)'!G19+'Series 2010C(BABs)'!G19 -> 1128106.7
A20: 42781 | B20: ='Series1997-1'!B20+'Series 2006B'!B20+'Series 2006B'!F20+'Series 2009A(BABs)'!B20+'Series 2009C'!B20+'Series 2009C'!F20+'Series 2009D QSCB'!B20+'Series 2010A(BABs)'!B20+'Series 2010B'!B20+'Series 2010C(BABs)'!B20+'Series 2011'!B20+'Series 2011'!F20+'Series 2014'!B20+'Series 2015A'!B20+'Series 2015A'!F20+'Series 2015B'!B20+'Series 2016A'!B20+'Series 2016C'!B20 -> 4230462.8 | D20: ='Series1997-1'!C20+'Series 2006B'!C20+'Series 2006B'!G20+'Series 2009A(BABs)'!C20+'Series 2009C'!C20+'Series 2009C'!G20+'Series 2009D QSCB'!C20+'Series 2010A(BABs)'!C20+'Series 2010B'!C20+'Series 2010C(BABs)'!C20+'Series 2011'!C20+'Series 2011'!G20+'Series 2014'!C20+'Series 2015A'!C20+'Series 2015A'!G20+'Series 2015B'!C20+'Series 2016A'!C20+'Series 2016C'!C20 -> 5646488.1 | F20: =B20+D20 -> 9876950.9 | G20: 0 | J20: ='Series 2009A(BABs)'!H20+'Series 2010A(BABs)'!G20+'Series 2010C(BABs)'!G20 -> 1128106.7
A21: 42962 | B21: ='Series1997-1'!B21+'Series 2006B'!B21+'Series 2006B'!F21+'Series 2009A(BABs)'!B21+'Series 2009C'!B21+'Series 2009C'!F21+'Series 2009D QSCB'!B21+'Series 2010A(BABs)'!B21+'Series 2010B'!B21+'Series 2010C(BABs)'!B21+'Series 2011'!B21+'Series 2011'!F21+'Series 2014'!B21+'Series 2015A'!B21+'Series 2015A'!F21+'Series 2015B'!B21+'Series 2016A'!B21+'Series 2016C'!B21 -> 535000 | D21: ='Series1997-1'!C21+'Series 2006B'!C21+'Series 2006B'!G21+'Series 2009A(BABs)'!C21+'Series 2009C'!C21+'Series 2009C'!G21+'Series 2009D QSCB'!C21+'Series 2010A(BABs)'!C21+'Series 2010B'!C21+'Series 2010C(BABs)'!C21+'Series 2011'!C21+'Series 2011'!G21+'Series 2014'!C21+'Series 2015A'!C21+'Series 2015A'!G21+'Series 2015B'!C21+'Series 2016A'!C21+'Series 2016C'!C21 -> 4714347.6 | F21: =B21+D21 -> 5249347.6 | G21: =F21+F20 -> 15126299 | H21: 42978 | J21: ='Series 2009A(BABs)'!H21+'Series 2010A(BABs)'!G21+'Series 2010C(BABs)'!G21 -> 1113933.9
A22: 43146 | B22: ='Series1997-1'!B22+'Series 2006B'!B22+'Series 2006B'!F22+'Series 2009A(BABs)'!B22+'Series 2009C'!B22+'Series 2009C'!F22+'Series 2009D QSCB'!B22+'Series 2010A(BABs)'!B22+'Series 2010B'!B22+'Series 2010C(BABs)'!B22+'Series 2011'!B22+'Series 2011'!F22+'Series 2014'!B22+'Series 2015A'!B22+'Series 2015A'!F22+'Series 2015B'!B22+'Series 2016A'!B22+'Series 2016C'!B22+'Series 2017'!B22 -> 14650247 | D22: ='Series1997-1'!C22+'Series 2006B'!C22+'Series 2006B'!G22+'Series 2009A(BABs)'!C22+'Series 2009C'!C22+'Series 2009C'!G22+'Series 2009D QSCB'!C22+'Series 2010A(BABs)'!C22+'Series 2010B'!C22+'Series 2010C(BABs)'!C22+'Series 2011'!C22+'Series 2011'!G22+'Series 2014'!C22+'Series 2015A'!C22+'Series 2015A'!G22+'Series 2015B'!C22+'Series 2016A'!C22+'Series 2016C'!C22+'Series 2017'!C22 -> 7086611 | F22: =B22+D22 -> 21736858 | G22: 0 | J22: ='Series 2009A(BABs)'!H22+'Series 2010A(BABs)'!G22+'Series 2010C(BABs)'!G22 -> 1113933.9
A23: 43327 | B23: ='Series1997-1'!B23+'Series 2006B'!B23+'Series 2006B'!F23+'Series 2009A(BABs)'!B23+'Series 2009C'!B23+'Series 2009C'!F23+'Series 2009D QSCB'!B23+'Series 2010A(BABs)'!B23+'Series 2010B'!B23+'Series 2010C(BABs)'!B23+'Series 2011'!B23+'Series 2011'!F23+'Series 2014'!B23+'Series 2015A'!B23+'Series 2015A'!F23+'Series 2015B'!B23+'Series 2016A'!B23+'Series 2016C'!B23+'Series 2017'!B23 -> 540000 | D23: ='Series1997-1'!C23+'Series 2006B'!C23+'Series 2006B'!G23+'Series 2009A(BABs)'!C23+'Series 2009C'!C23+'Series 2009C'!G23+'Series 2009D QSCB'!C23+'Series 2010A(BABs)'!C23+'Series 2010B'!C23+'Series 2010C(BABs)'!C23+'Series 2011'!C23+'Series 2011'!G23+'Series 2014'!C23+'Series 2015A'!C23+'Series 2015A'!G23+'Series 2015B'!C23+'Series 2016A'!C23+'Series 2016C'!C23+'Series 2017'!C23 -> 5830342 | F23: =B23+D23 -> 6370342 | G23: =F23+F22 -> 28107200 | H23: 43343 | J23: ='Series 2009A(BABs)'!H23+'Series 2010A(BABs)'!G23+'Series 2010C(BABs)'!G23 -> 1098271.4
A24: 43511 | B24: ='Series 2019'!B24+'Series 2018'!B24+'Series 2017'!B24+'Series 2016C'!B24+'Series 2016A'!B24+'Series 2015B'!B24+'Series 2015A'!B24+'Series 2014'!B24+'Series 2011'!B24+'Series 2010C(BABs)'!B24+'Series 2010B'!B24+'Series 2010A(BABs)'!B24+'Series 2009D QSCB'!B24+'Series 2009C'!B24+'Series 2009A(BABs)'!B24+'Series1997-1'!B24 -> 15567836 | D24: ='Series1997-1'!C24+'Series 2006B'!C24+'Series 2006B'!G24+'Series 2009A(BABs)'!C24+'Series 2009C'!C24+'Series 2009C'!G24+'Series 2009D QSCB'!C24+'Series 2010A(BABs)'!C24+'Series 2010B'!C24+'Series 2010C(BABs)'!C24+'Series 2011'!C24+'Series 2011'!G24+'Series 2014'!C24+'Series 2015A'!C24+'Series 2015A'!G24+'Series 2015B'!C24+'Series 2016A'!C24+'Series 2016C'!C24+'Series 2017'!C24+'Series 2018'!C24+'Series 2019'!C24 -> 6886383.3 | F24: =B24+D24 -> 22454219 | G24: 0 | J24: ='Series 2009A(BABs)'!H24+'Series 2010A(BABs)'!G24+'Series 2010C(BABs)'!G24 -> 1098271.4
A25: 43692 | B25: ='Series 2019'!B25+'Series 2018'!B25+'Series 2017'!B25+'Series 2016C'!B25+'Series 2016A'!B25+'Series 2015B'!B25+'Series 2015A'!B25+'Series 2014'!B25+'Series 2011'!B25+'Series 2010C(BABs)'!B25+'Series 2010B'!B25+'Series 2010A(BABs)'!B25+'Series 2009D QSCB'!B25+'Series 2009C'!B25+'Series 2009A(BABs)'!B25+'Series1997-1'!B25 -> 600000 | D25: ='Series1997-1'!C25+'Series 2006B'!C25+'Series 2006B'!G25+'Series 2009A(BABs)'!C25+'Series 2009C'!C25+'Series 2009C'!G25+'Series 2009D QSCB'!C25+'Series 2010A(BABs)'!C25+'Series 2010B'!C25+'Series 2010C(BABs)'!C25+'Series 2011'!C25+'Series 2011'!G25+'Series 2014'!C25+'Series 2015A'!C25+'Series 2015A'!G25+'Series 2015B'!C25+'Series 2016A'!C25+'Series 2016C'!C25+'Series 2017'!C25+'Series 2018'!C25+'Series 2019'!C25 -> 6738383.2 | F25: =B25+D25 -> 7338383.2 | G25: =F25+F24 -> 29792602 | H25: 43708 | J25: ='Series 2009A(BABs)'!H25+'Series 2010A(BABs)'!G25+'Series 2010C(BABs)'!G25 -> 1081410.1
A26: 43876 | B26: ='Series 2019A'!B26+'Series 2019'!B26+'Series 2018'!B26+'Series 2017'!B26+'Series 2016C'!B26+'Series 2016A'!B26+'Series 2015B'!B26+'Series 2015A'!B26+'Series 2014'!B26+'Series 2011'!B26+'Series 2010C(BABs)'!B26+'Series 2010A(BABs)'!B26+'Series 2009D QSCB'!B26+'Series 2009A(BABs)'!B26+'Series1997-1'!B26 -> 15442164 | D26: ='Series 2019A'!C26+'Series 2019'!C26+'Series 2018'!C26+'Series 2017'!C26+'Series 2016C'!C26+'Series 2016A'!C26+'Series 2015B'!C26+'Series 2015A'!C26+'Series 2014'!C26+'Series 2011'!C26+'Series 2010C(BABs)'!C26+'Series 2010A(BABs)'!C26+'Series 2009D QSCB'!C26+'Series 2009A(BABs)'!C26+'Series1997-1'!C26 -> 7163844.9 | F26: =B26+D26 -> 22606008 | G26: 0 | J26: ='Series 2009A(BABs)'!H26+'Series 2010A(BABs)'!G26+'Series 2010C(BABs)'!G26 -> 1081410.1
A27: 44058 | B27: ='Series 2019A'!B27+'Series 2019'!B27+'Series 2018'!B27+'Series 2017'!B27+'Series 2016C'!B27+'Series 2016A'!B27+'Series 2015B'!B27+'Series 2015A'!B27+'Series 2014'!B27+'Series 2011'!B27+'Series 2010C(BABs)'!B27+'Series 2010A(BABs)'!B27+'Series 2009D QSCB'!B27+'Series 2009A(BABs)'!B27+'Series1997-1'!B27 -> 990000 | D27: ='Series 2019A'!C27+'Series 2019'!C27+'Series 2018'!C27+'Series 2017'!C27+'Series 2016C'!C27+'Series 2016A'!C27+'Series 2015B'!C27+'Series 2015A'!C27+'Series 2014'!C27+'Series 2011'!C27+'Series 2010C(BABs)'!C27+'Series 2010A(BABs)'!C27+'Series 2009D QSCB'!C27+'Series 2009A(BABs)'!C27+'Series1997-1'!C27 -> 7415775.2 | F27: =B27+D27 -> 8405775.2 | G27: =F27+F26 -> 31011784 | H27: 44074 | J27: ='Series 2009A(BABs)'!H27+'Series 2010A(BABs)'!G27+'Series 2010C(BABs)'!G27 -> 1052705.1
A28: 44242 | B28: ='Series 2019A'!B28+'Series 2019'!B28+'Series 2018'!B28+'Series 2017'!B28+'Series 2016C'!B28+'Series 2016A'!B28+'Series 2015B'!B28+'Series 2015A'!B28+'Series 2014'!B28+'Series 2011'!B28+'Series 2010C(BABs)'!B28+'Series 2010A(BABs)'!B28+'Series 2009D QSCB'!B28+'Series 2009A(BABs)'!B28+'Series1997-1'!B28 -> 0 | D28: ='Series 2019A'!C28+'Series 2019'!C28+'Series 2018'!C28+'Series 2017'!C28+'Series 2016C'!C28+'Series 2016A'!C28+'Series 2015B'!C28+'Series 2015A'!C28+'Series 2014'!C28+'Series 2011'!C28+'Series 2010C(BABs)'!C28+'Series 2010A(BABs)'!C28+'Series 2009D QSCB'!C28+'Series 2009A(BABs)'!C28+'Series1997-1'!C28 -> 0 | F28: =B28+D28 -> 0 | G28: 0 | J28: ='Series 2009A(BABs)'!H28+'Series 2010A(BABs)'!G28+'Series 2010C(BABs)'!G28 -> 0
A29: 44423 | B29: ='Series 2019A'!B29+'Series 2019'!B29+'Series 2018'!B29+'Series 2017'!B29+'Series 2016C'!B29+'Series 2016A'!B29+'Series 2015B'!B29+'Series 2015A'!B29+'Series 2014'!B29+'Series 2011'!B29+'Series 2010C(BABs)'!B29+'Series 2010A(BABs)'!B29+'Series 2009D QSCB'!B29+'Series 2009A(BABs)'!B29+'Series1997-1'!B29 -> 0 | D29: ='Series 2019A'!C29+'Series 2019'!C29+'Series 2018'!C29+'Series 2017'!C29+'Series 2016C'!C29+'Series 2016A'!C29+'Series 2015B'!C29+'Series 2015A'!C29+'Series 2014'!C29+'Series 2011'!C29+'Series 2010C(BABs)'!C29+'Series 2010A(BABs)'!C29+'Series 2009D QSCB'!C29+'Series 2009A(BABs)'!C29+'Series1997-1'!C29 -> 0 | F29: =B29+D29 -> 0 | G29: =F29+F28 -> 0 | H29: 44439 | J29: ='Series 2009A(BABs)'!H29+'Series 2010A(BABs)'!G29+'Series 2010C(BABs)'!G29 -> 0
A30: 44607 | B30: ='Series 2019A'!B30+'Series 2019'!B30+'Series 2018'!B30+'Series 2017'!B30+'Series 2016C'!B30+'Series 2016A'!B30+'Series 2015B'!B30+'Series 2015A'!B30+'Series 2014'!B30+'Series 2011'!B30+'Series 2010C(BABs)'!B30+'Series 2010A(BABs)'!B30+'Series 2009D QSCB'!B30+'Series 2009A(BABs)'!B30+'Series1997-1'!B30 -> 17635000 | D30: ='Series 2019A'!C30+'Series 2019'!C30+'Series 2018'!C30+'Series 2017'!C30+'Series 2016C'!C30+'Series 2016A'!C30+'Series 2015B'!C30+'Series 2015A'!C30+'Series 2014'!C30+'Series 2011'!C30+'Series 2010C(BABs)'!C30+'Series 2010A(BABs)'!C30+'Series 2009D QSCB'!C30+'Series 2009A(BABs)'!C30+'Series1997-1'!C30 -> 6997825.8 | F30: =B30+D30 -> 24632826 | G30: 0 | J30: ='Series 2009A(BABs)'!H30+'Series 2010A(BABs)'!G30+'Series 2010C(BABs)'!G30 -> 1017862
A31: 44788 | B31: ='Series 2019A'!B31+'Series 2019'!B31+'Series 2018'!B31+'Series 2017'!B31+'Series 2016C'!B31+'Series 2016A'!B31+'Series 2015B'!B31+'Series 2015A'!B31+'Series 2014'!B31+'Series 2011'!B31+'Series 2010C(BABs)'!B31+'Series 2010A(BABs)'!B31+'Series 2009D QSCB'!B31+'Series 2009A(BABs)'!B31+'Series1997-1'!B31 -> 1395000 | D31: ='Series 2019A'!C31+'Series 2019'!C31+'Series 2018'!C31+'Series 2017'!C31+'Series 2016C'!C31+'Series 2016A'!C31+'Series 2015B'!C31+'Series 2015A'!C31+'Series 2014'!C31+'Series 2011'!C31+'Series 2010C(BABs)'!C31+'Series 2010A(BABs)'!C31+'Series 2009D QSCB'!C31+'Series 2009A(BABs)'!C31+'Series1997-1'!C31 -> 6563213.4 | F31: =B31+D31 -> 7958213.4 | G31: =F31+F30 -> 32591039 | H31: 44804 | J31: ='Series 2009A(BABs)'!H31+'Series 2010A(BABs)'!G31+'Series 2010C(BABs)'!G31 -> 978053.86
A32: 44972 | B32: ='Series 2019A'!B32+'Series 2019'!B32+'Series 2018'!B32+'Series 2017'!B32+'Series 2016C'!B32+'Series 2016A'!B32+'Series 2015B'!B32+'Series 2015A'!B32+'Series 2014'!B32+'Series 2011'!B32+'Series 2010C(BABs)'!B32+'Series 2010A(BABs)'!B32+'Series 2009D QSCB'!B32+'Series 2009A(BABs)'!B32+'Series1997-1'!B32 -> 0 | D32: ='Series 2019A'!C32+'Series 2019'!C32+'Series 2018'!C32+'Series 2017'!C32+'Series 2016C'!C32+'Series 2016A'!C32+'Series 2015B'!C32+'Series 2015A'!C32+'Series 2014'!C32+'Series 2011'!C32+'Series 2010C(BABs)'!C32+'Series 2010A(BABs)'!C32+'Series 2009D QSCB'!C32+'Series 2009A(BABs)'!C32+'Series1997-1'!C32 -> 0 | F32: =B32+D32 -> 0 | G32: 0 | J32: 0
A33: 45153 | B33: ='Series 2019A'!B33+'Series 2019'!B33+'Series 2018'!B33+'Series 2017'!B33+'Series 2016C'!B33+'Series 2016A'!B33+'Series 2015B'!B33+'Series 2015A'!B33+'Series 2014'!B33+'Series 2011'!B33+'Series 2010C(BABs)'!B33+'Series 2010A(BABs)'!B33+'Series 2009D QSCB'!B33+'Series 2009A(BABs)'!B33+'Series1997-1'!B33 -> 0 | D33: ='Series 2019A'!C33+'Series 2019'!C33+'Series 2018'!C33+'Series 2017'!C33+'Series 2016C'!C33+'Series 2016A'!C33+'Series 2015B'!C33+'Series 2015A'!C33+'Series 2014'!C33+'Series 2011'!C33+'Series 2010C(BABs)'!C33+'Series 2010A(BABs)'!C33+'Series 2009D QSCB'!C33+'Series 2009A(BABs)'!C33+'Series1997-1'!C33 -> 0 | F33: =B33+D33 -> 0 | G33: =F33+F32 -> 0 | H33: 45169 | J33: 0
A34: 45337 | B34: ='Series 2019A'!B34+'Series 2019'!B34+'Series 2018'!B34+'Series 2017'!B34+'Series 2016C'!B34+'Series 2016A'!B34+'Series 2015B'!B34+'Series 2015A'!B34+'Series 2014'!B34+'Series 2011'!B34+'Series 2010C(BABs)'!B34+'Series 2010A(BABs)'!B34+'Series 2009D QSCB'!B34+'Series 2009A(BABs)'!B34+'Series1997-1'!B34 -> 0 | D34: ='Series 2019A'!C34+'Series 2019'!C34+'Series 2018'!C34+'Series 2017'!C34+'Series 2016C'!C34+'Series 2016A'!C34+'Series 2015B'!C34+'Series 2015A'!C34+'Series 2014'!C34+'Series 2011'!C34+'Series 2010C(BABs)'!C34+'Series 2010A(BABs)'!C34+'Series 2009D QSCB'!C34+'Series 2009A(BABs)'!C34+'Series1997-1'!C34 -> 0 | F34: =B34+D34 -> 0 | G34: 0 | J34: ='Series 2009A(BABs)'!H34+'Series 2010A(BABs)'!G34+'Series 2010C(BABs)'!G34 -> 0
A35: 45519 | B35: ='Series 2019A'!B35+'Series 2019'!B35+'Series 2018'!B35+'Series 2017'!B35+'Series 2016C'!B35+'Series 2016A'!B35+'Series 2015B'!B35+'Series 2015A'!B35+'Series 2014'!B35+'Series 2011'!B35+'Series 2010C(BABs)'!B35+'Series 2010A(BABs)'!B35+'Series 2009D QSCB'!B35+'Series 2009A(BABs)'!B35+'Series1997-1'!B35 -> 545000 | D35: ='Series 2019A'!C35+'Series 2019'!C35+'Series 2018'!C35+'Series 2017'!C35+'Series 2016C'!C35+'Series 2016A'!C35+'Series 2015B'!C35+'Series 2015A'!C35+'Series 2014'!C35+'Series 2011'!C35+'Series 2010C(BABs)'!C35+'Series 2010A(BABs)'!C35+'Series 2009D QSCB'!C35+'Series 2009A(BABs)'!C35+'Series1997-1'!C35 -> 5361095.2 | F35: =B35+D35 -> 5906095.2 | G35: 0 | J35: ='Series 2009A(BABs)'!H35+'Series 2010A(BABs)'!G35+'Series 2010C(BABs)'!G35 -> 890699.53
A36: 45703 | B36: ='Series 2019A'!B36+'Series 2019'!B36+'Series 2018'!B36+'Series 2017'!B36+'Series 2016C'!B36+'Series 2016A'!B36+'Series 2015B'!B36+'Series 2015A'!B36+'Series 2014'!B36+'Series 2011'!B36+'Series 2010C(BABs)'!B36+'Series 2010A(BABs)'!B36+'Series 2009D QSCB'!B36+'Series 2009A(BABs)'!B36+'Series1997-1'!B36 -> 13705000 | D36: ='Series 2019A'!C36+'Series 2019'!C36+'Series 2018'!C36+'Series 2017'!C36+'Series 2016C'!C36+'Series 2016A'!C36+'Series 2015B'!C36+'Series 2015A'!C36+'Series 2014'!C36+'Series 2011'!C36+'Series 2010C(BABs)'!C36+'Series 2010A(BABs)'!C36+'Series 2009D QSCB'!C36+'Series 2009A(BABs)'!C36+'Series1997-1'!C36 -> 5360277.7 | F36: =B36+D36 -> 19065278 | G36: =+F35+F36 -> 24971373 | H36: 45838 | J36: ='Series 2009A(BABs)'!H36+'Series 2010A(BABs)'!G36+'Series 2010C(BABs)'!G36 -> 890699.53
A37: 45884 | B37: ='Series 2019A'!B37+'Series 2019'!B37+'Series 2018'!B37+'Series 2017'!B37+'Series 2016C'!B37+'Series 2016A'!B37+'Series 2015B'!B37+'Series 2015A'!B37+'Series 2014'!B37+'Series 2011'!B37+'Series 2010C(BABs)'!B37+'Series 2010A(BABs)'!B37+'Series 2009D QSCB'!B37+'Series 2009A(BABs)'!B37+'Series1997-1'!B37 -> 550000 | D37: ='Series 2019A'!C37+'Series 2019'!C37+'Series 2018'!C37+'Series 2017'!C37+'Series 2016C'!C37+'Series 2016A'!C37+'Series 2015B'!C37+'Series 2015A'!C37+'Series 2014'!C37+'Series 2011'!C37+'Series 2010C(BABs)'!C37+'Series 2010A(BABs)'!C37+'Series 2009D QSCB'!C37+'Series 2009A(BABs)'!C37+'Series1997-1'!C37 -> 5033993.4 | F37: =B37+D37 -> 5583993.4 | G37: 0 | J37: ='Series 2009A(BABs)'!H37+'Series 2010A(BABs)'!G37+'Series 2010C(BABs)'!G37 -> 839185.02
A38: 46068 | B38: ='Series 2019A'!B38+'Series 2019'!B38+'Series 2018'!B38+'Series 2017'!B38+'Series 2016C'!B38+'Series 2016A'!B38+'Series 2015B'!B38+'Series 2015A'!B38+'Series 2014'!B38+'Series 2011'!B38+'Series 2010C(BABs)'!B38+'Series 2010A(BABs)'!B38+'Series 2009D QSCB'!B38+'Series 2009A(BABs)'!B38+'Series1997-1'!B38 -> 14275000 | D38: ='Series 2019A'!C38+'Series 2019'!C38+'Series 2018'!C38+'Series 2017'!C38+'Series 2016C'!C38+'Series 2016A'!C38+'Series 2015B'!C38+'Series 2015A'!C38+'Series 2014'!C38+'Series 2011'!C38+'Series 2010C(BABs)'!C38+'Series 2010A(BABs)'!C38+'Series 2009D QSCB'!C38+'Series 2009A(BABs)'!C38+'Series1997-1'!C38 -> 5033168.4 | F38: =B38+D38 -> 19308168 | G38: =+F37+F38 -> 24892162 | H38: 46203 | J38: ='Series 2009A(BABs)'!H38+'Series 2010A(BABs)'!G38+'Series 2010C(BABs)'!G38 -> 839185.02
A39: 46249 | B39: ='Series 2019A'!B39+'Series 2019'!B39+'Series 2018'!B39+'Series 2017'!B39+'Series 2016C'!B39+'Series 2016A'!B39+'Series 2015B'!B39+'Series 2015A'!B39+'Series 2014'!B39+'Series 2011'!B39+'Series 2010C(BABs)'!B39+'Series 2010A(BABs)'!B39+'Series 2009D QSCB'!B39+'Series 2009A(BABs)'!B39+'Series1997-1'!B39 -> 550000 | D39: ='Series 2019A'!C39+'Series 2019'!C39+'Series 2018'!C39+'Series 2017'!C39+'Series 2016C'!C39+'Series 2016A'!C39+'Series 2015B'!C39+'Series 2015A'!C39+'Series 2014'!C39+'Series 2011'!C39+'Series 2010C(BABs)'!C39+'Series 2010A(BABs)'!C39+'Series 2009D QSCB'!C39+'Series 2009A(BABs)'!C39+'Series1997-1'!C39 -> 4664803.3 | F39: =B39+D39 -> 5214803.3 | G39: 0 | J39: ='Series 2009A(BABs)'!H39+'Series 2010A(BABs)'!G39+'Series 2010C(BABs)'!G39 -> 775943.48
A40: 46433 | B40: ='Series 2019A'!B40+'Series 2019'!B40+'Series 2018'!B40+'Series 2017'!B40+'Series 2016C'!B40+'Series 2016A'!B40+'Series 2015B'!B40+'Series 2015A'!B40+'Series 2014'!B40+'Series 2011'!B40+'Series 2010C(BABs)'!B40+'Series 2010A(BABs)'!B40+'Series 2009D QSCB'!B40+'Series 2009A(BABs)'!B40+'Series1997-1'!B40 -> 12285000 | D40: ='Series 2019A'!C40+'Series 2019'!C40+'Series 2018'!C40+'Series 2017'!C40+'Series 2016C'!C40+'Series 2016A'!C40+'Series 2015B'!C40+'Series 2015A'!C40+'Series 2014'!C40+'Series 2011'!C40+'Series 2010C(BABs)'!C40+'Series 2010A(BABs)'!C40+'Series 2009D QSCB'!C40+'Series 2009A(BABs)'!C40+'Series1997-1'!C40 -> 4663978.3 | F40: =B40+D40 -> 16948978 | G40: =+F39+F40 -> 22163782 | H40: 46568 | J40: ='Series 2009A(BABs)'!H40+'Series 2010A(BABs)'!G40+'Series 2010C(BABs)'!G40 -> 775943.48
A41: 46614 | B41: ='Series 2019A'!B41+'Series 2019'!B41+'Series 2018'!B41+'Series 2017'!B41+'Series 2016C'!B41+'Series 2016A'!B41+'Series 2015B'!B41+'Series 2015A'!B41+'Series 2014'!B41+'Series 2011'!B41+'Series 2010C(BABs)'!B41+'Series 2010A(BABs)'!B41+'Series 2009D QSCB'!B41+'Series 2009A(BABs)'!B41+'Series1997-1'!B41 -> 0 | D41: ='Series 2019A'!C41+'Series 2019'!C41+'Series 2018'!C41+'Series 2017'!C41+'Series 2016C'!C41+'Series 2016A'!C41+'Series 2015B'!C41+'Series 2015A'!C41+'Series 2014'!C41+'Series 2011'!C41+'Series 2010C(BABs)'!C41+'Series 2010A(BABs)'!C41+'Series 2009D QSCB'!C41+'Series 2009A(BABs)'!C41+'Series1997-1'!C41 -> 4331498.4 | F41: =B41+D41 -> 4331498.4 | G41: 0 | J41: ='Series 2009A(BABs)'!H41+'Series 2010A(BABs)'!G41+'Series 2010C(BABs)'!G41 -> 703102.42
A42: 46798 | B42: ='Series 2019A'!B42+'Series 2019'!B42+'Series 2018'!B42+'Series 2017'!B42+'Series 2016C'!B42+'Series 2016A'!B42+'Series 2015B'!B42+'Series 2015A'!B42+'Series 2014'!B42+'Series 2011'!B42+'Series 2010C(BABs)'!B42+'Series 2010A(BABs)'!B42+'Series 2009D QSCB'!B42+'Series 2009A(BABs)'!B42+'Series1997-1'!B42 -> 15165000 | D42: ='Series 2019A'!C42+'Series 2019'!C42+'Series 2018'!C42+'Series 2017'!C42+'Series 2016C'!C42+'Series 2016A'!C42+'Series 2015B'!C42+'Series 2015A'!C42+'Series 2014'!C42+'Series 2011'!C42+'Series 2010C(BABs)'!C42+'Series 2010A(BABs)'!C42+'Series 2009D QSCB'!C42+'Series 2009A(BABs)'!C42+'Series1997-1'!C42 -> 4331498.4 | F42: =B42+D42 -> 19496498 | G42: =+F41+F42 -> 23827997 | H42: 46934 | J42: ='Series 2009A(BABs)'!H42+'Series 2010A(BABs)'!G42+'Series 2010C(BABs)'!G42 -> 703102.42
A43: 46980 | B43: ='Series 2019A'!B43+'Series 2019'!B43+'Series 2018'!B43+'Series 2017'!B43+'Series 2016C'!B43+'Series 2016A'!B43+'Series 2015B'!B43+'Series 2015A'!B43+'Series 2014'!B43+'Series 2011'!B43+'Series 2010C(BABs)'!B43+'Series 2010A(BABs)'!B43+'Series 2009D QSCB'!B43+'Series 2009A(BABs)'!B43+'Series1997-1'!B43 -> 0 | D43: ='Series 2019A'!C43+'Series 2019'!C43+'Series 2018'!C43+'Series 2017'!C43+'Series 2016C'!C43+'Series 2016A'!C43+'Series 2015B'!C43+'Series 2015A'!C43+'Series 2014'!C43+'Series 2011'!C43+'Series 2010C(BABs)'!C43+'Series 2010A(BABs)'!C43+'Series 2009D QSCB'!C43+'Series 2009A(BABs)'!C43+'Series1997-1'!C43 -> 3916340.8 | F43: =B43+D43 -> 3916340.8 | G43: 0 | J43: ='Series 2009A(BABs)'!H43+'Series 2010A(BABs)'!G43+'Series 2010C(BABs)'!G43 -> 625509.11
A44: 47164 | B44: ='Series 2019A'!B44+'Series 2019'!B44+'Series 2018'!B44+'Series 2017'!B44+'Series 2016C'!B44+'Series 2016A'!B44+'Series 2015B'!B44+'Series 2015A'!B44+'Series 2014'!B44+'Series 2011'!B44+'Series 2010C(BABs)'!B44+'Series 2010A(BABs)'!B44+'Series 2009D QSCB'!B44+'Series 2009A(BABs)'!B44+'Series1997-1'!B44 -> 15895000 | D44: ='Series 2019A'!C44+'Series 2019'!C44+'Series 2018'!C44+'Series 2017'!C44+'Series 2016C'!C44+'Series 2016A'!C44+'Series 2015B'!C44+'Series 2015A'!C44+'Series 2014'!C44+'Series 2011'!C44+'Series 2010C(BABs)'!C44+'Series 2010A(BABs)'!C44+'Series 2009D QSCB'!C44+'Series 2009A(BABs)'!C44+'Series1997-1'!C44 -> 3916340.8 | F44: =B44+D44 -> 19811341 | G44: =+F43+F44 -> 23727682 | H44: 47299 | J44: ='Series 2009A(BABs)'!H44+'Series 2010A(BABs)'!G44+'Series 2010C(BABs)'!G44 -> 625509.11
A45: 47345 | B45: ='Series 2019A'!B45+'Series 2019'!B45+'Series 2018'!B45+'Series 2017'!B45+'Series 2016C'!B45+'Series 2016A'!B45+'Series 2015B'!B45+'Series 2015A'!B45+'Series 2014'!B45+'Series 2011'!B45+'Series 2010C(BABs)'!B45+'Series 2010A(BABs)'!B45+'Series 2009D QSCB'!B45+'Series 2009A(BABs)'!B45+'Series1997-1'!B45 -> 0 | D45: ='Series 2019A'!C45+'Series 2019'!C45+'Series 2018'!C45+'Series 2017'!C45+'Series 2016C'!C45+'Series 2016A'!C45+'Series 2015B'!C45+'Series 2015A'!C45+'Series 2014'!C45+'Series 2011'!C45+'Series 2010C(BABs)'!C45+'Series 2010A(BABs)'!C45+'Series 2009D QSCB'!C45+'Series 2009A(BABs)'!C45+'Series1997-1'!C45 -> 3502623.1 | F45: =B45+D45 -> 3502623.1 | G45: 0 | J45: ='Series 2009A(BABs)'!H45+'Series 2010A(BABs)'!G45+'Series 2010C(BABs)'!G45 -> 543051.69
A46: 47529 | B46: ='Series 2019A'!B46+'Series 2019'!B46+'Series 2018'!B46+'Series 2017'!B46+'Series 2016C'!B46+'Series 2016A'!B46+'Series 2015B'!B46+'Series 2015A'!B46+'Series 2014'!B46+'Series 2011'!B46+'Series 2010C(BABs)'!B46+'Series 2010A(BABs)'!B46+'Series 2009D QSCB'!B46+'Series 2009A(BABs)'!B46+'Series1997-1'!B46 -> 16685000 | D46: ='Series 2019A'!C46+'Series 2019'!C46+'Series 2018'!C46+'Series 2017'!C46+'Series 2016C'!C46+'Series 2016A'!C46+'Series 2015B'!C46+'Series 2015A'!C46+'Series 2014'!C46+'Series 2011'!C46+'Series 2010C(BABs)'!C46+'Series 2010A(BABs)'!C46+'Series 2009D QSCB'!C46+'Series 2009A(BABs)'!C46+'Series1997-1'!C46 -> 3502623.1 | F46: =B46+D46 -> 20187623 | G46: =+F45+F46 -> 23690246 | H46: 47664 | J46: ='Series 2009A(BABs)'!H46+'Series 2010A(BABs)'!G46+'Series 2010C(BABs)'!G46 -> 543051.69
A47: 47710 | B47: ='Series 2019A'!B47+'Series 2019'!B47+'Series 2018'!B47+'Series 2017'!B47+'Series 2016C'!B47+'Series 2016A'!B47+'Series 2015B'!B47+'Series 2015A'!B47+'Series 2014'!B47+'Series 2011'!B47+'Series 2010C(BABs)'!B47+'Series 2010A(BABs)'!B47+'Series 2009D QSCB'!B47+'Series 2009A(BABs)'!B47+'Series1997-1'!B47 -> 0 | D47: ='Series 2019A'!C47+'Series 2019'!C47+'Series 2018'!C47+'Series 2017'!C47+'Series 2016C'!C47+'Series 2016A'!C47+'Series 2015B'!C47+'Series 2015A'!C47+'Series 2014'!C47+'Series 2011'!C47+'Series 2010C(BABs)'!C47+'Series 2010A(BABs)'!C47+'Series 2009D QSCB'!C47+'Series 2009A(BABs)'!C47+'Series1997-1'!C47 -> 3086833.6 | F47: =B47+D47 -> 3086833.6 | G47: 0 | J47: ='Series 2009A(BABs)'!H47+'Series 2010A(BABs)'!G47+'Series 2010C(BABs)'!G47 -> 456724.57
A48: 47894 | B48: ='Series 2019A'!B48+'Series 2019'!B48+'Series 2018'!B48+'Series 2017'!B48+'Series 2016C'!B48+'Series 2016A'!B48+'Series 2015B'!B48+'Series 2015A'!B48+'Series 2014'!B48+'Series 2011'!B48+'Series 2010C(BABs)'!B48+'Series 2010A(BABs)'!B48+'Series 2009D QSCB'!B48+'Series 2009A(BABs)'!B48+'Series1997-1'!B48 -> 17610000 | D48: ='Series 2019A'!C48+'Series 2019'!C48+'Series 2018'!C48+'Series 2017'!C48+'Series 2016C'!C48+'Series 2016A'!C48+'Series 2015B'!C48+'Series 2015A'!C48+'Series 2014'!C48+'Series 2011'!C48+'Series 2010C(BABs)'!C48+'Series 2010A(BABs)'!C48+'Series 2009D QSCB'!C48+'Series 2009A(BABs)'!C48+'Series1997-1'!C48 -> 3086833.6 | F48: =B48+D48 -> 20696834 | G48: =+F47+F48 -> 23783667 | H48: 48029 | J48: ='Series 2009A(BABs)'!H48+'Series 2010A(BABs)'!G48+'Series 2010C(BABs)'!G48 -> 456724.57
A49: 48075 | B49: ='Series 2019A'!B49+'Series 2019'!B49+'Series 2018'!B49+'Series 2017'!B49+'Series 2016C'!B49+'Series 2016A'!B49+'Series 2015B'!B49+'Series 2015A'!B49+'Series 2014'!B49+'Series 2011'!B49+'Series 2010C(BABs)'!B49+'Series 2010A(BABs)'!B49+'Series 2009D QSCB'!B49+'Series 2009A(BABs)'!B49+'Series1997-1'!B49 -> 0 | D49: ='Series 2019A'!C49+'Series 2019'!C49+'Series 2018'!C49+'Series 2017'!C49+'Series 2016C'!C49+'Series 2016A'!C49+'Series 2015B'!C49+'Series 2015A'!C49+'Series 2014'!C49+'Series 2011'!C49+'Series 2010C(BABs)'!C49+'Series 2010A(BABs)'!C49+'Series 2009D QSCB'!C49+'Series 2009A(BABs)'!C49+'Series1997-1'!C49 -> 2672458 | F49: =B49+D49 -> 2672458 | G49: 0 | J49: ='Series 2009A(BABs)'!H49+'Series 2010A(BABs)'!G49+'Series 2010C(BABs)'!G49 -> 364744.38
A50: 48259 | B50: ='Series 2019A'!B50+'Series 2019'!B50+'Series 2018'!B50+'Series 2017'!B50+'Series 2016C'!B50+'Series 2016A'!B50+'Series 2015B'!B50+'Series 2015A'!B50+'Series 2014'!B50+'Series 2011'!B50+'Series 2010C(BABs)'!B50+'Series 2010A(BABs)'!B50+'Series 2009D QSCB'!B50+'Series 2009A(BABs)'!B50+'Series1997-1'!B50 -> 17345000 | D50: ='Series 2019A'!C50+'Series 2019'!C50+'Series 2018'!C50+'Series 2017'!C50+'Series 2016C'!C50+'Series 2016A'!C50+'Series 2015B'!C50+'Series 2015A'!C50+'Series 2014'!C50+'Series 2011'!C50+'Series 2010C(BABs)'!C50+'Series 2010A(BABs)'!C50+'Series 2009D QSCB'!C50+'Series 2009A(BABs)'!C50+'Series1997-1'!C50 -> 2672458 | F50: =B50+D50 -> 20017458 | G50: =+F49+F50 -> 22689916 | H50: 48395 | J50: ='Series 2009A(BABs)'!H50+'Series 2010A(BABs)'!G50+'Series 2010C(BABs)'!G50 -> 364744.38
A51: 48441 | B51: ='Series 2019A'!B51+'Series 2019'!B51+'Series 2018'!B51+'Series 2017'!B51+'Series 2016C'!B51+'Series 2016A'!B51+'Series 2015B'!B51+'Series 2015A'!B51+'Series 2014'!B51+'Series 2011'!B51+'Series 2010C(BABs)'!B51+'Series 2010A(BABs)'!B51+'Series 2009D QSCB'!B51+'Series 2009A(BABs)'!B51+'Series1997-1'!B51 -> 0 | D51: ='Series 2019A'!C51+'Series 2019'!C51+'Series 2018'!C51+'Series 2017'!C51+'Series 2016C'!C51+'Series 2016A'!C51+'Series 2015B'!C51+'Series 2015A'!C51+'Series 2014'!C51+'Series 2011'!C51+'Series 2010C(BABs)'!C51+'Series 2010A(BABs)'!C51+'Series 2009D QSCB'!C51+'Series 2009A(BABs)'!C51+'Series1997-1'!C51 -> 2271280.3 | F51: =B51+D51 -> 2271280.3 | G51: 0 | J51: ='Series 2009A(BABs)'!H51+'Series 2010A(BABs)'!G51+'Series 2010C(BABs)'!G51 -> 267261.85
A52: 48625 | B52: ='Series 2019A'!B52+'Series 2019'!B52+'Series 2018'!B52+'Series 2017'!B52+'Series 2016C'!B52+'Series 2016A'!B52+'Series 2015B'!B52+'Series 2015A'!B52+'Series 2014'!B52+'Series 2011'!B52+'Series 2010C(BABs)'!B52+'Series 2010A(BABs)'!B52+'Series 2009D QSCB'!B52+'Series 2009A(BABs)'!B52+'Series1997-1'!B52 -> 18130000 | D52: ='Series 2019A'!C52+'Series 2019'!C52+'Series 2018'!C52+'Series 2017'!C52+'Series 2016C'!C52+'Series 2016A'!C52+'Series 2015B'!C52+'Series 2015A'!C52+'Series 2014'!C52+'Series 2011'!C52+'Series 2010C(BABs)'!C52+'Series 2010A(BABs)'!C52+'Series 2009D QSCB'!C52+'Series 2009A(BABs)'!C52+'Series1997-1'!C52 -> 2271280.3 | F52: =B52+D52 -> 20401280 | G52: =+F51+F52 -> 22672561 | H52: 48760 | J52: ='Series 2009A(BABs)'!H52+'Series 2010A(BABs)'!G52+'Series 2010C(BABs)'!G52 -> 267261.85
A53: 48806 | B53: ='Series 2019A'!B53+'Series 2019'!B53+'Series 2018'!B53+'Series 2017'!B53+'Series 2016C'!B53+'Series 2016A'!B53+'Series 2015B'!B53+'Series 2015A'!B53+'Series 2014'!B53+'Series 2011'!B53+'Series 2010C(BABs)'!B53+'Series 2010A(BABs)'!B53+'Series 2009D QSCB'!B53+'Series 2009A(BABs)'!B53+'Series1997-1'!B53 -> 0 | D53: ='Series 2019A'!C53+'Series 2019'!C53+'Series 2018'!C53+'Series 2017'!C53+'Series 2016C'!C53+'Series 2016A'!C53+'Series 2015B'!C53+'Series 2015A'!C53+'Series 2014'!C53+'Series 2011'!C53+'Series 2010C(BABs)'!C53+'Series 2010A(BABs)'!C53+'Series 2009D QSCB'!C53+'Series 2009A(BABs)'!C53+'Series1997-1'!C53 -> 1846829 | F53: =B53+D53 -> 1846829 | G53: 0 | J53: ='Series 2009A(BABs)'!H53+'Series 2010A(BABs)'!G53+'Series 2010C(BABs)'!G53 -> 164040.94
A54: 48990 | B54: ='Series 2019A'!B54+'Series 2019'!B54+'Series 2018'!B54+'Series 2017'!B54+'Series 2016C'!B54+'Series 2016A'!B54+'Series 2015B'!B54+'Series 2015A'!B54+'Series 2014'!B54+'Series 2011'!B54+'Series 2010C(BABs)'!B54+'Series 2010A(BABs)'!B54+'Series 2009D QSCB'!B54+'Series 2009A(BABs)'!B54+'Series1997-1'!B54 -> 18660000 | D54: ='Series 2019A'!C54+'Series 2019'!C54+'Series 2018'!C54+'Series 2017'!C54+'Series 2016C'!C54+'Series 2016A'!C54+'Series 2015B'!C54+'Series 2015A'!C54+'Series 2014'!C54+'Series 2011'!C54+'Series 2010C(BABs)'!C54+'Series 2010A(BABs)'!C54+'Series 2009D QSCB'!C54+'Series 2009A(BABs)'!C54+'Series1997-1'!C54 -> 1846829 | F54: =B54+D54 -> 20506829 | G54: =+F53+F54 -> 22353658 | H54: 49125 | J54: ='Series 2009A(BABs)'!H54+'Series 2010A(BABs)'!G54+'Series 2010C(BABs)'!G54 -> 164040.94
A55: 49171 | B55: ='Series 2019A'!B55+'Series 2019'!B55+'Series 2018'!B55+'Series 2017'!B55+'Series 2016C'!B55+'Series 2016A'!B55+'Series 2015B'!B55+'Series 2015A'!B55+'Series 2014'!B55+'Series 2011'!B55+'Series 2010C(BABs)'!B55+'Series 2010A(BABs)'!B55+'Series 2009D QSCB'!B55+'Series 2009A(BABs)'!B55+'Series1997-1'!B55 -> 0 | D55: ='Series 2019A'!C55+'Series 2019'!C55+'Series 2018'!C55+'Series 2017'!C55+'Series 2016C'!C55+'Series 2016A'!C55+'Series 2015B'!C55+'Series 2015A'!C55+'Series 2014'!C55+'Series 2011'!C55+'Series 2010C(BABs)'!C55+'Series 2010A(BABs)'!C55+'Series 2009D QSCB'!C55+'Series 2009A(BABs)'!C55+'Series1997-1'!C55 -> 1403079.9 | F55: =B55+D55 -> 1403079.9 | G55: 0 | J55: ='Series 2009A(BABs)'!H55+'Series 2010A(BABs)'!G55+'Series 2010C(BABs)'!G55 -> 54622.505
A56: 49355 | B56: ='Series 2019A'!B56+'Series 2019'!B56+'Series 2018'!B56+'Series 2017'!B56+'Series 2016C'!B56+'Series 2016A'!B56+'Series 2015B'!B56+'Series 2015A'!B56+'Series 2014'!B56+'Series 2011'!B56+'Series 2010C(BABs)'!B56+'Series 2010A(BABs)'!B56+'Series 2009D QSCB'!B56+'Series 2009A(BABs)'!B56+'Series1997-1'!B56 -> 14260000 | D56: ='Series 2019A'!C56+'Series 2019'!C56+'Series 2018'!C56+'Series 2017'!C56+'Series 2016C'!C56+'Series 2016A'!C56+'Series 2015B'!C56+'Series 2015A'!C56+'Series 2014'!C56+'Series 2011'!C56+'Series 2010C(BABs)'!C56+'Series 2010A(BABs)'!C56+'Series 2009D QSCB'!C56+'Series 2009A(BABs)'!C56+'Series1997-1'!C56 -> 1403079.9 | F56: =B56+D56 -> 15663080 | G56: =+F55+F56 -> 17066160 | H56: 49490 | J56: ='Series 2009A(BABs)'!H56+'Series 2010A(BABs)'!G56+'Series 2010C(BABs)'!G56 -> 54622.505
A57: 49536 | B57: ='Series 2019A'!B57+'Series 2019'!B57+'Series 2018'!B57+'Series 2017'!B57+'Series 2016C'!B57+'Series 2016A'!B57+'Series 2015B'!B57+'Series 2015A'!B57+'Series 2014'!B57+'Series 2011'!B57+'Series 2010C(BABs)'!B57+'Series 2010A(BABs)'!B57+'Series 2009D QSCB'!B57+'Series 2009A(BABs)'!B57+'Series1997-1'!B57 -> 0 | D57: ='Series 2019A'!C57+'Series 2019'!C57+'Series 2018'!C57+'Series 2017'!C57+'Series 2016C'!C57+'Series 2016A'!C57+'Series 2015B'!C57+'Series 2015A'!C57+'Series 2014'!C57+'Series 2011'!C57+'Series 2010C(BABs)'!C57+'Series 2010A(BABs)'!C57+'Series 2009D QSCB'!C57+'Series 2009A(BABs)'!C57+'Series1997-1'!C57 -> 1113190.6 | F57: =B57+D57 -> 1113190.6 | G57: 0 | J57: ='Series 2009A(BABs)'!H57+'Series 2010A(BABs)'!G57+'Series 2010C(BABs)'!G57 -> 0
A58: 49720 | B58: ='Series 2019A'!B58+'Series 2019'!B58+'Series 2018'!B58+'Series 2017'!B58+'Series 2016C'!B58+'Series 2016A'!B58+'Series 2015B'!B58+'Series 2015A'!B58+'Series 2014'!B58+'Series 2011'!B58+'Series 2010C(BABs)'!B58+'Series 2010A(BABs)'!B58+'Series 2009D QSCB'!B58+'Series 2009A(BABs)'!B58+'Series1997-1'!B58 -> 8935000 | D58: ='Series 2019A'!C58+'Series 2019'!C58+'Series 2018'!C58+'Series 2017'!C58+'Series 2016C'!C58+'Series 2016A'!C58+'Series 2015B'!C58+'Series 2015A'!C58+'Series 2014'!C58+'Series 2011'!C58+'Series 2010C(BABs)'!C58+'Series 2010A(BABs)'!C58+'Series 2009D QSCB'!C58+'Series 2009A(BABs)'!C58+'Series1997-1'!C58 -> 1113190.6 | F58: =B58+D58 -> 10048191 | G58: =+F57+F58 -> 11161381 | H58: 49856 | J58: ='Series 2009A(BABs)'!H58+'Series 2010A(BABs)'!G58+'Series 2010C(BABs)'!G58 -> 0
A59: 49902 | B59: ='Series 2019A'!B59+'Series 2019'!B59+'Series 2018'!B59+'Series 2017'!B59+'Series 2016C'!B59+'Series 2016A'!B59+'Series 2015B'!B59+'Series 2015A'!B59+'Series 2014'!B59+'Series 2011'!B59+'Series 2010C(BABs)'!B59+'Series 2010A(BABs)'!B59+'Series 2009D QSCB'!B59+'Series 2009A(BABs)'!B59+'Series1997-1'!B59 -> 0 | D59: ='Series 2019A'!C59+'Series 2019'!C59+'Series 2018'!C59+'Series 2017'!C59+'Series 2016C'!C59+'Series 2016A'!C59+'Series 2015B'!C59+'Series 2015A'!C59+'Series 2014'!C59+'Series 2011'!C59+'Series 2010C(BABs)'!C59+'Series 2010A(BABs)'!C59+'Series 2009D QSCB'!C59+'Series 2009A(BABs)'!C59+'Series1997-1'!C59 -> 977306.25 | F59: =B59+D59 -> 977306.25 | G59: 0 | J59: ='Series 2009A(BABs)'!H59+'Series 2010A(BABs)'!G59+'Series 2010C(BABs)'!G59 -> 0
A60: 50086 | B60: ='Series 2019A'!B60+'Series 2019'!B60+'Series 2018'!B60+'Series 2017'!B60+'Series 2016C'!B60+'Series 2016A'!B60+'Series 2015B'!B60+'Series 2015A'!B60+'Series 2014'!B60+'Series 2011'!B60+'Series 2010C(BABs)'!B60+'Series 2010A(BABs)'!B60+'Series 2009D QSCB'!B60+'Series 2009A(BABs)'!B60+'Series1997-1'!B60 -> 9220000 | D60: ='Series 2019A'!C60+'Series 2019'!C60+'Series 2018'!C60+'Series 2017'!C60+'Series 2016C'!C60+'Series 2016A'!C60+'Series 2015B'!C60+'Series 2015A'!C60+'Series 2014'!C60+'Series 2011'!C60+'Series 2010C(BABs)'!C60+'Series 2010A(BABs)'!C60+'Series 2009D QSCB'!C60+'Series 2009A(BABs)'!C60+'Series1997-1'!C60 -> 977306.25 | F60: =B60+D60 -> 10197306 | G60: =+F59+F60 -> 11174612 | H60: 50221 | J60: ='Series 2009A(BABs)'!H60+'Series 2010A(BABs)'!G60+'Series 2010C(BABs)'!G60 -> 0
A61: 50267 | B61: ='Series 2019A'!B61+'Series 2019'!B61+'Series 2018'!B61+'Series 2017'!B61+'Series 2016C'!B61+'Series 2016A'!B61+'Series 2015B'!B61+'Series 2015A'!B61+'Series 2014'!B61+'Series 2011'!B61+'Series 2010C(BABs)'!B61+'Series 2010A(BABs)'!B61+'Series 2009D QSCB'!B61+'Series 2009A(BABs)'!B61+'Series1997-1'!B61 -> 0 | D61: ='Series 2019A'!C61+'Series 2019'!C61+'Series 2018'!C61+'Series 2017'!C61+'Series 2016C'!C61+'Series 2016A'!C61+'Series 2015B'!C61+'Series 2015A'!C61+'Series 2014'!C61+'Series 2011'!C61+'Series 2010C(BABs)'!C61+'Series 2010A(BABs)'!C61+'Series 2009D QSCB'!C61+'Series 2009A(BABs)'!C61+'Series1997-1'!C61 -> 835400 | F61: =B61+D61 -> 835400 | G61: 0 | J61: ='Series 2009A(BABs)'!H61+'Series 2010A(BABs)'!G61+'Series 2010C(BABs)'!G61 -> 0
A62: 50451 | B62: ='Series 2019A'!B62+'Series 2019'!B62+'Series 2018'!B62+'Series 2017'!B62+'Series 2016C'!B62+'Series 2016A'!B62+'Series 2015B'!B62+'Series 2015A'!B62+'Series 2014'!B62+'Series 2011'!B62+'Series 2010C(BABs)'!B62+'Series 2010A(BABs)'!B62+'Series 2009D QSCB'!B62+'Series 2009A(BABs)'!B62+'Series1997-1'!B62 -> 9525000 | D62: ='Series 2019A'!C62+'Series 2019'!C62+'Series 2018'!C62+'Series 2017'!C62+'Series 2016C'!C62+'Series 2016A'!C62+'Series 2015B'!C62+'Series 2015A'!C62+'Series 2014'!C62+'Series 2011'!C62+'Series 2010C(BABs)'!C62+'Series 2010A(BABs)'!C62+'Series 2009D QSCB'!C62+'Series 2009A(BABs)'!C62+'Series1997-1'!C62 -> 835400 | F62: =B62+D62 -> 10360400 | G62: =+F61+F62 -> 11195800 | H62: 50586 | J62: ='Series 2009A(BABs)'!H62+'Series 2010A(BABs)'!G62+'Series 2010C(BABs)'!G62 -> 0
A63: 50632 | B63: ='Series 2019A'!B63+'Series 2019'!B63+'Series 2018'!B63+'Series 2017'!B63+'Series 2016C'!B63+'Series 2016A'!B63+'Series 2015B'!B63+'Series 2015A'!B63+'Series 2014'!B63+'Series 2011'!B63+'Series 2010C(BABs)'!B63+'Series 2010A(BABs)'!B63+'Series 2009D QSCB'!B63+'Series 2009A(BABs)'!B63+'Series1997-1'!B63 -> 0 | D63: ='Series 2019A'!C63+'Series 2019'!C63+'Series 2018'!C63+'Series 2017'!C63+'Series 2016C'!C63+'Series 2016A'!C63+'Series 2015B'!C63+'Series 2015A'!C63+'Series 2014'!C63+'Series 2011'!C63+'Series 2010C(BABs)'!C63+'Series 2010A(BABs)'!C63+'Series 2009D QSCB'!C63+'Series 2009A(BABs)'!C63+'Series1997-1'!C63 -> 685981.25 | F63: =B63+D63 -> 685981.25 | G63: 0 | J63: ='Series 2009A(BABs)'!H63+'Series 2010A(BABs)'!G63+'Series 2010C(BABs)'!G63 -> 0
A64: 50816 | B64: ='Series 2019A'!B64+'Series 2019'!B64+'Series 2018'!B64+'Series 2017'!B64+'Series 2016C'!B64+'Series 2016A'!B64+'Series 2015B'!B64+'Series 2015A'!B64+'Series 2014'!B64+'Series 2011'!B64+'Series 2010C(BABs)'!B64+'Series 2010A(BABs)'!B64+'Series 2009D QSCB'!B64+'Series 2009A(BABs)'!B64+'Series1997-1'!B64 -> 9845000 | D64: ='Series 2019A'!C64+'Series 2019'!C64+'Series 2018'!C64+'Series 2017'!C64+'Series 2016C'!C64+'Series 2016A'!C64+'Series 2015B'!C64+'Series 2015A'!C64+'Series 2014'!C64+'Series 2011'!C64+'Series 2010C(BABs)'!C64+'Series 2010A(BABs)'!C64+'Series 2009D QSCB'!C64+'Series 2009A(BABs)'!C64+'Series1997-1'!C64 -> 685981.25 | F64: =B64+D64 -> 10530981 | G64: =+F63+F64 -> 11216962 | H64: 50951 | J64: ='Series 2009A(BABs)'!H64+'Series 2010A(BABs)'!G64+'Series 2010C(BABs)'!G64 -> 0
A65: 50997 | B65: ='Series 2019A'!B65+'Series 2019'!B65+'Series 2018'!B65+'Series 2017'!B65+'Series 2016C'!B65+'Series 2016A'!B65+'Series 2015B'!B65+'Series 2015A'!B65+'Series 2014'!B65+'Series 2011'!B65+'Series 2010C(BABs)'!B65+'Series 2010A(BABs)'!B65+'Series 2009D QSCB'!B65+'Series 2009A(BABs)'!B65+'Series1997-1'!B65 -> 0 | D65: ='Series 2019A'!C65+'Series 2019'!C65+'Series 2018'!C65+'Series 2017'!C65+'Series 2016C'!C65+'Series 2016A'!C65+'Series 2015B'!C65+'Series 2015A'!C65+'Series 2014'!C65+'Series 2011'!C65+'Series 2010C(BABs)'!C65+'Series 2010A(BABs)'!C65+'Series 2009D QSCB'!C65+'Series 2009A(BABs)'!C65+'Series1997-1'!C65 -> 529937.5 | F65: =B65+D65 -> 529937.5 | G65: 0 | J65: ='Series 2009A(BABs)'!H65+'Series 2010A(BABs)'!G65+'Series 2010C(BABs)'!G65 -> 0
A66: 51181 | B66: ='Series 2019A'!B66+'Series 2019'!B66+'Series 2018'!B66+'Series 2017'!B66+'Series 2016C'!B66+'Series 2016A'!B66+'Series 2015B'!B66+'Series 2015A'!B66+'Series 2014'!B66+'Series 2011'!B66+'Series 2010C(BABs)'!B66+'Series 2010A(BABs)'!B66+'Series 2009D QSCB'!B66+'Series 2009A(BABs)'!B66+'Series1997-1'!B66 -> 10290000 | D66: ='Series 2019A'!C66+'Series 2019'!C66+'Series 2018'!C66+'Series 2017'!C66+'Series 2016C'!C66+'Series 2016A'!C66+'Series 2015B'!C66+'Series 2015A'!C66+'Series 2014'!C66+'Series 2011'!C66+'Series 2010C(BABs)'!C66+'Series 2010A(BABs)'!C66+'Series 2009D QSCB'!C66+'Series 2009A(BABs)'!C66+'Series1997-1'!C66 -> 529937.5 | F66: =B66+D66 -> 10819938 | G66: =+F65+F66 -> 11349875 | H66: 51317 | J66: ='Series 2009A(BABs)'!H66+'Series 2010A(BABs)'!G66+'Series 2010C(BABs)'!G66 -> 0
A67: 51363 | B67: ='Series 2019A'!B67+'Series 2019'!B67+'Series 2018'!B67+'Series 2017'!B67+'Series 2016C'!B67+'Series 2016A'!B67+'Series 2015B'!B67+'Series 2015A'!B67+'Series 2014'!B67+'Series 2011'!B67+'Series 2010C(BABs)'!B67+'Series 2010A(BABs)'!B67+'Series 2009D QSCB'!B67+'Series 2009A(BABs)'!B67+'Series1997-1'!B67 -> 0 | D67: ='Series 2019A'!C67+'Series 2019'!C67+'Series 2018'!C67+'Series 2017'!C67+'Series 2016C'!C67+'Series 2016A'!C67+'Series 2015B'!C67+'Series 2015A'!C67+'Series 2014'!C67+'Series 2011'!C67+'Series 2010C(BABs)'!C67+'Series 2010A(BABs)'!C67+'Series 2009D QSCB'!C67+'Series 2009A(BABs)'!C67+'Series1997-1'!C67 -> 366612.5 | F67: =B67+D67 -> 366612.5 | G67: 0 | J67: ='Series 2009A(BABs)'!H67+'Series 2010A(BABs)'!G67+'Series 2010C(BABs)'!G67 -> 0
A68: 51547 | B68: ='Series 2019A'!B68+'Series 2019'!B68+'Series 2018'!B68+'Series 2017'!B68+'Series 2016C'!B68+'Series 2016A'!B68+'Series 2015B'!B68+'Series 2015A'!B68+'Series 2014'!B68+'Series 2011'!B68+'Series 2010C(BABs)'!B68+'Series 2010A(BABs)'!B68+'Series 2009D QSCB'!B68+'Series 2009A(BABs)'!B68+'Series1997-1'!B68 -> 10630000 | D68: ='Series 2019A'!C68+'Series 2019'!C68+'Series 2018'!C68+'Series 2017'!C68+'Series 2016C'!C68+'Series 2016A'!C68+'Series 2015B'!C68+'Series 2015A'!C68+'Series 2014'!C68+'Series 2011'!C68+'Series 2010C(BABs)'!C68+'Series 2010A(BABs)'!C68+'Series 2009D QSCB'!C68+'Series 2009A(BABs)'!C68+'Series1997-1'!C68 -> 366612.5 | F68: =B68+D68 -> 10996612 | G68: =+F67+F68 -> 11363225 | H68: 51682 | J68: ='Series 2009A(BABs)'!H68+'Series 2010A(BABs)'!G68+'Series 2010C(BABs)'!G68 -> 0
A69: 51728 | B69: ='Series 2019A'!B69+'Series 2019'!B69+'Series 2018'!B69+'Series 2017'!B69+'Series 2016C'!B69+'Series 2016A'!B69+'Series 2015B'!B69+'Series 2015A'!B69+'Series 2014'!B69+'Series 2011'!B69+'Series 2010C(BABs)'!B69+'Series 2010A(BABs)'!B69+'Series 2009D QSCB'!B69+'Series 2009A(BABs)'!B69+'Series1997-1'!B69 -> 0 | D69: ='Series 2019A'!C69+'Series 2019'!C69+'Series 2018'!C69+'Series 2017'!C69+'Series 2016C'!C69+'Series 2016A'!C69+'Series 2015B'!C69+'Series 2015A'!C69+'Series 2014'!C69+'Series 2011'!C69+'Series 2010C(BABs)'!C69+'Series 2010A(BABs)'!C69+'Series 2009D QSCB'!C69+'Series 2009A(BABs)'!C69+'Series1997-1'!C69 -> 197837.5 | F69: =B69+D69 -> 197837.5 | G69: 0 | J69: ='Series 2009A(BABs)'!H69+'Series 2010A(BABs)'!G69+'Series 2010C(BABs)'!G69 -> 0
A70: 51912 | B70: ='Series 2019A'!B70+'Series 2019'!B70+'Series 2018'!B70+'Series 2017'!B70+'Series 2016C'!B70+'Series 2016A'!B70+'Series 2015B'!B70+'Series 2015A'!B70+'Series 2014'!B70+'Series 2011'!B70+'Series 2010C(BABs)'!B70+'Series 2010A(BABs)'!B70+'Series 2009D QSCB'!B70+'Series 2009A(BABs)'!B70+'Series1997-1'!B70 -> 7680000 | D70: ='Series 2019A'!C70+'Series 2019'!C70+'Series 2018'!C70+'Series 2017'!C70+'Series 2016C'!C70+'Series 2016A'!C70+'Series 2015B'!C70+'Series 2015A'!C70+'Series 2014'!C70+'Series 2011'!C70+'Series 2010C(BABs)'!C70+'Series 2010A(BABs)'!C70+'Series 2009D QSCB'!C70+'Series 2009A(BABs)'!C70+'Series1997-1'!C70 -> 197837.5 | F70: =B70+D70 -> 7877837.5 | G70: =+F69+F70 -> 8075675 | H70: 52047 | J70: ='Series 2009A(BABs)'!H70+'Series 2010A(BABs)'!G70+'Series 2010C(BABs)'!G70 -> 0
A71: 52093 | B71: ='Series 2019A'!B71+'Series 2019'!B71+'Series 2018'!B71+'Series 2017'!B71+'Series 2016C'!B71+'Series 2016A'!B71+'Series 2015B'!B71+'Series 2015A'!B71+'Series 2014'!B71+'Series 2011'!B71+'Series 2010C(BABs)'!B71+'Series 2010A(BABs)'!B71+'Series 2009D QSCB'!B71+'Series 2009A(BABs)'!B71+'Series1997-1'!B71 -> 0 | D71: ='Series 2019A'!C71+'Series 2019'!C71+'Series 2018'!C71+'Series 2017'!C71+'Series 2016C'!C71+'Series 2016A'!C71+'Series 2015B'!C71+'Series 2015A'!C71+'Series 2014'!C71+'Series 2011'!C71+'Series 2010C(BABs)'!C71+'Series 2010A(BABs)'!C71+'Series 2009D QSCB'!C71+'Series 2009A(BABs)'!C71+'Series1997-1'!C71 -> 81218.75 | F71: =B71+D71 -> 81218.75 | G71: 0 | J71: ='Series 2009A(BABs)'!H71+'Series 2010A(BABs)'!G71+'Series 2010C(BABs)'!G71 -> 0
A72: 52277 | B72: ='Series 2019A'!B72+'Series 2019'!B72+'Series 2018'!B72+'Series 2017'!B72+'Series 2016C'!B72+'Series 2016A'!B72+'Series 2015B'!B72+'Series 2015A'!B72+'Series 2014'!B72+'Series 2011'!B72+'Series 2010C(BABs)'!B72+'Series 2010A(BABs)'!B72+'Series 2009D QSCB'!B72+'Series 2009A(BABs)'!B72+'Series1997-1'!B72 -> 2785000 | D72: ='Series 2019A'!C72+'Series 2019'!C72+'Series 2018'!C72+'Series 2017'!C72+'Series 2016C'!C72+'Series 2016A'!C72+'Series 2015B'!C72+'Series 2015A'!C72+'Series 2014'!C72+'Series 2011'!C72+'Series 2010C(BABs)'!C72+'Series 2010A(BABs)'!C72+'Series 2009D QSCB'!C72+'Series 2009A(BABs)'!C72+'Series1997-1'!C72 -> 81218.75 | F72: =B72+D72 -> 2866218.8 | G72: =+F71+F72 -> 2947437.5 | H72: 52412
A73: 52458 | B73: ='Series 2019A'!B73+'Series 2019'!B73+'Series 2018'!B73+'Series 2017'!B73+'Series 2016C'!B73+'Series 2016A'!B73+'Series 2015B'!B73+'Series 2015A'!B73+'Series 2014'!B73+'Series 2011'!B73+'Series 2010C(BABs)'!B73+'Series 2010A(BABs)'!B73+'Series 2009D QSCB'!B73+'Series 2009A(BABs)'!B73+'Series1997-1'!B73 -> 0 | D73: ='Series 2019A'!C73+'Series 2019'!C73+'Series 2018'!C73+'Series 2017'!C73+'Series 2016C'!C73+'Series 2016A'!C73+'Series 2015B'!C73+'Series 2015A'!C73+'Series 2014'!C73+'Series 2011'!C73+'Series 2010C(BABs)'!C73+'Series 2010A(BABs)'!C73+'Series 2009D QSCB'!C73+'Series 2009A(BABs)'!C73+'Series1997-1'!C73 -> 41184.375 | F73: =B73+D73 -> 41184.375 | G73: 0
A74: 52642 | B74: ='Series 2019A'!B74+'Series 2019'!B74+'Series 2018'!B74+'Series 2017'!B74+'Series 2016C'!B74+'Series 2016A'!B74+'Series 2015B'!B74+'Series 2015A'!B74+'Series 2014'!B74+'Series 2011'!B74+'Series 2010C(BABs)'!B74+'Series 2010A(BABs)'!B74+'Series 2009D QSCB'!B74+'Series 2009A(BABs)'!B74+'Series1997-1'!B74 -> 2865000 | D74: ='Series 2019A'!C74+'Series 2019'!C74+'Series 2018'!C74+'Series 2017'!C74+'Series 2016C'!C74+'Series 2016A'!C74+'Series 2015B'!C74+'Series 2015A'!C74+'Series 2014'!C74+'Series 2011'!C74+'Series 2010C(BABs)'!C74+'Series 2010A(BABs)'!C74+'Series 2009D QSCB'!C74+'Series 2009A(BABs)'!C74+'Series1997-1'!C74 -> 41184.375 | F74: =B74+D74 -> 2906184.4 | G74: =+F73+F74 -> 2947368.8 | H74: 52778
A75: 52824 | B75: ='Series 2019A'!B75+'Series 2019'!B75+'Series 2018'!B75+'Series 2017'!B75+'Series 2016C'!B75+'Series 2016A'!B75+'Series 2015B'!B75+'Series 2015A'!B75+'Series 2014'!B75+'Series 2011'!B75+'Series 2010C(BABs)'!B75+'Series 2010A(BABs)'!B75+'Series 2009D QSCB'!B75+'Series 2009A(BABs)'!B75+'Series1997-1'!B75 -> 0 | D75: ='Series 2019A'!C75+'Series 2019'!C75+'Series 2018'!C75+'Series 2017'!C75+'Series 2016C'!C75+'Series 2016A'!C75+'Series 2015B'!C75+'Series 2015A'!C75+'Series 2014'!C75+'Series 2011'!C75+'Series 2010C(BABs)'!C75+'Series 2010A(BABs)'!C75+'Series 2009D QSCB'!C75+'Series 2009A(BABs)'!C75+'Series1997-1'!C75 -> 0 | F75: =B75+D75 -> 0 | G75: 0
A76: 53008 | B76: ='Series1997-1'!B76+'Series 2006B'!B76+'Series 2006B'!F76+'Series 2009A(BABs)'!B76+'Series 2009C'!B76+'Series 2009C'!F76+'Series 2009D QSCB'!B76+'Series 2010A(BABs)'!B76+'Series 2010B'!B76+'Series 2010C(BABs)'!B76+'Series 2011'!B76+'Series 2011'!F76+'Series 2014'!B76+'Series 2015A'!B76+'Series 2015A'!F76+'Series 2015B'!B76+'Series 2016A'!B76+'Series 2016C'!B76+'Series 2017'!B76 -> 0 | D76: ='Series1997-1'!C76+'Series 2006B'!C76+'Series 2006B'!G76+'Series 2009A(BABs)'!C76+'Series 2009C'!C76+'Series 2009C'!G76+'Series 2009D QSCB'!C76+'Series 2010A(BABs)'!C76+'Series 2010B'!C76+'Series 2010C(BABs)'!C76+'Series 2011'!C76+'Series 2011'!G76+'Series 2014'!C76+'Series 2015A'!C76+'Series 2015A'!G76+'Series 2015B'!C76+'Series 2016A'!C76+'Series 2016C'!C76+'Series 2017'!C76 -> 0 | F76: =B76+D76 -> 0 | G76: 0
A77: 53189 | B77: ='Series1997-1'!B77+'Series 2006B'!B77+'Series 2006B'!F77+'Series 2009A(BABs)'!B77+'Series 2009C'!B77+'Series 2009C'!F77+'Series 2009D QSCB'!B77+'Series 2010A(BABs)'!B77+'Series 2010B'!B77+'Series 2010C(BABs)'!B77+'Series 2011'!B77+'Series 2011'!F77+'Series 2014'!B77+'Series 2015A'!B77+'Series 2015A'!F77+'Series 2015B'!B77+'Series 2016A'!B77+'Series 2016C'!B77+'Series 2017'!B77 -> 0 | D77: ='Series1997-1'!C77+'Series 2006B'!C77+'Series 2006B'!G77+'Series 2009A(BABs)'!C77+'Series 2009C'!C77+'Series 2009C'!G77+'Series 2009D QSCB'!C77+'Series 2010A(BABs)'!C77+'Series 2010B'!C77+'Series 2010C(BABs)'!C77+'Series 2011'!C77+'Series 2011'!G77+'Series 2014'!C77+'Series 2015A'!C77+'Series 2015A'!G77+'Series 2015B'!C77+'Series 2016A'!C77+'Series 2016C'!C77+'Series 2017'!C77 -> 0 | F77: =B77+D77 -> 0 | G77: =F77+F76 -> 0
A78: 53373 | B78: ='Series1997-1'!B78+'Series 2006B'!B78+'Series 2006B'!F78+'Series 2009A(BABs)'!B78+'Series 2009C'!B78+'Series 2009C'!F78+'Series 2009D QSCB'!B78+'Series 2010A(BABs)'!B78+'Series 2010B'!B78+'Series 2010C(BABs)'!B78+'Series 2011'!B78+'Series 2011'!F78+'Series 2014'!B78+'Series 2015A'!B78+'Series 2015A'!F78+'Series 2015B'!B78+'Series 2016A'!B78+'Series 2016C'!B78+'Series 2017'!B78 -> 0 | D78: ='Series1997-1'!C78+'Series 2006B'!C78+'Series 2006B'!G78+'Series 2009A(BABs)'!C78+'Series 2009C'!C78+'Series 2009C'!G78+'Series 2009D QSCB'!C78+'Series 2010A(BABs)'!C78+'Series 2010B'!C78+'Series 2010C(BABs)'!C78+'Series 2011'!C78+'Series 2011'!G78+'Series 2014'!C78+'Series 2015A'!C78+'Series 2015A'!G78+'Series 2015B'!C78+'Series 2016A'!C78+'Series 2016C'!C78+'Series 2017'!C78 -> 0 | F78: =B78+D78 -> 0 | G78: 0
A79: 53554 | B79: ='Series1997-1'!B79+'Series 2006B'!B79+'Series 2006B'!F79+'Series 2009A(BABs)'!B79+'Series 2009C'!B79+'Series 2009C'!F79+'Series 2009D QSCB'!B79+'Series 2010A(BABs)'!B79+'Series 2010B'!B79+'Series 2010C(BABs)'!B79+'Series 2011'!B79+'Series 2011'!F79+'Series 2014'!B79+'Series 2015A'!B79+'Series 2015A'!F79+'Series 2015B'!B79+'Series 2016A'!B79+'Series 2016C'!B79+'Series 2017'!B79 -> 0 | D79: ='Series1997-1'!C79+'Series 2006B'!C79+'Series 2006B'!G79+'Series 2009A(BABs)'!C79+'Series 2009C'!C79+'Series 2009C'!G79+'Series 2009D QSCB'!C79+'Series 2010A(BABs)'!C79+'Series 2010B'!C79+'Series 2010C(BABs)'!C79+'Series 2011'!C79+'Series 2011'!G79+'Series 2014'!C79+'Series 2015A'!C79+'Series 2015A'!G79+'Series 2015B'!C79+'Series 2016A'!C79+'Series 2016C'!C79+'Series 2017'!C79 -> 0 | F79: =B79+D79 -> 0 | G79: =F79+F78 -> 0
A80: 53738 | B80: ='Series1997-1'!B80+'Series 2006B'!B80+'Series 2006B'!F80+'Series 2009A(BABs)'!B80+'Series 2009C'!B80+'Series 2009C'!F80+'Series 2009D QSCB'!B80+'Series 2010A(BABs)'!B80+'Series 2010B'!B80+'Series 2010C(BABs)'!B80+'Series 2011'!B80+'Series 2011'!F80+'Series 2014'!B80+'Series 2015A'!B80+'Series 2015A'!F80+'Series 2015B'!B80+'Series 2016A'!B80+'Series 2016C'!B80+'Series 2017'!B80 -> 0 | D80: ='Series1997-1'!C80+'Series 2006B'!C80+'Series 2006B'!G80+'Series 2009A(BABs)'!C80+'Series 2009C'!C80+'Series 2009C'!G80+'Series 2009D QSCB'!C80+'Series 2010A(BABs)'!C80+'Series 2010B'!C80+'Series 2010C(BABs)'!C80+'Series 2011'!C80+'Series 2011'!G80+'Series 2014'!C80+'Series 2015A'!C80+'Series 2015A'!G80+'Series 2015B'!C80+'Series 2016A'!C80+'Series 2016C'!C80+'Series 2017'!C80 -> 0 | F80: =B80+D80 -> 0 | G80: 0
A81: 53919 | B81: ='Series1997-1'!B81+'Series 2006B'!B81+'Series 2006B'!F81+'Series 2009A(BABs)'!B81+'Series 2009C'!B81+'Series 2009C'!F81+'Series 2009D QSCB'!B81+'Series 2010A(BABs)'!B81+'Series 2010B'!B81+'Series 2010C(BABs)'!B81+'Series 2011'!B81+'Series 2011'!F81+'Series 2014'!B81+'Series 2015A'!B81+'Series 2015A'!F81+'Series 2015B'!B81+'Series 2016A'!B81+'Series 2016C'!B81+'Series 2017'!B81 -> 0 | D81: ='Series1997-1'!C81+'Series 2006B'!C81+'Series 2006B'!G81+'Series 2009A(BABs)'!C81+'Series 2009C'!C81+'Series 2009C'!G81+'Series 2009D QSCB'!C81+'Series 2010A(BABs)'!C81+'Series 2010B'!C81+'Series 2010C(BABs)'!C81+'Series 2011'!C81+'Series 2011'!G81+'Series 2014'!C81+'Series 2015A'!C81+'Series 2015A'!G81+'Series 2015B'!C81+'Series 2016A'!C81+'Series 2016C'!C81+'Series 2017'!C81 -> 0 | F81: =B81+D81 -> 0 | G81: =F81+F80 -> 0
A82: 54103 | B82: ='Series1997-1'!B82+'Series 2006B'!B82+'Series 2006B'!F82+'Series 2009A(BABs)'!B82+'Series 2009C'!B82+'Series 2009C'!F82+'Series 2009D QSCB'!B82+'Series 2010A(BABs)'!B82+'Series 2010B'!B82+'Series 2010C(BABs)'!B82+'Series 2011'!B82+'Series 2011'!F82+'Series 2014'!B82+'Series 2015A'!B82+'Series 2015A'!F82+'Series 2015B'!B82+'Series 2016A'!B82+'Series 2016C'!B82+'Series 2017'!B82 -> 0 | D82: ='Series1997-1'!C82+'Series 2006B'!C82+'Series 2006B'!G82+'Series 2009A(BABs)'!C82+'Series 2009C'!C82+'Series 2009C'!G82+'Series 2009D QSCB'!C82+'Series 2010A(BABs)'!C82+'Series 2010B'!C82+'Series 2010C(BABs)'!C82+'Series 2011'!C82+'Series 2011'!G82+'Series 2014'!C82+'Series 2015A'!C82+'Series 2015A'!G82+'Series 2015B'!C82+'Series 2016A'!C82+'Series 2016C'!C82+'Series 2017'!C82 -> 0 | F82: =B82+D82 -> 0 | G82: 0
A83: 54285 | B83: ='Series1997-1'!B83+'Series 2006B'!B83+'Series 2006B'!F83+'Series 2009A(BABs)'!B83+'Series 2009C'!B83+'Series 2009C'!F83+'Series 2009D QSCB'!B83+'Series 2010A(BABs)'!B83+'Series 2010B'!B83+'Series 2010C(BABs)'!B83+'Series 2011'!B83+'Series 2011'!F83+'Series 2014'!B83+'Series 2015A'!B83+'Series 2015A'!F83+'Series 2015B'!B83+'Series 2016A'!B83+'Series 2016C'!B83+'Series 2017'!B83 -> 0 | D83: ='Series1997-1'!C83+'Series 2006B'!C83+'Series 2006B'!G83+'Series 2009A(BABs)'!C83+'Series 2009C'!C83+'Series 2009C'!G83+'Series 2009D QSCB'!C83+'Series 2010A(BABs)'!C83+'Series 2010B'!C83+'Series 2010C(BABs)'!C83+'Series 2011'!C83+'Series 2011'!G83+'Series 2014'!C83+'Series 2015A'!C83+'Series 2015A'!G83+'Series 2015B'!C83+'Series 2016A'!C83+'Series 2016C'!C83+'Series 2017'!C83 -> 0 | F83: =B83+D83 -> 0 | G83: =F83+F82 -> 0
A84: 54469 | B84: ='Series1997-1'!B84+'Series 2006B'!B84+'Series 2006B'!F84+'Series 2009A(BABs)'!B84+'Series 2009C'!B84+'Series 2009C'!F84+'Series 2009D QSCB'!B84+'Series 2010A(BABs)'!B84+'Series 2010B'!B84+'Series 2010C(BABs)'!B84+'Series 2011'!B84+'Series 2011'!F84+'Series 2014'!B84+'Series 2015A'!B84+'Series 2015A'!F84+'Series 2015B'!B84+'Series 2016A'!B84+'Series 2016C'!B84+'Series 2017'!B84 -> 0 | D84: ='Series1997-1'!C84+'Series 2006B'!C84+'Series 2006B'!G84+'Series 2009A(BABs)'!C84+'Series 2009C'!C84+'Series 2009C'!G84+'Series 2009D QSCB'!C84+'Series 2010A(BABs)'!C84+'Series 2010B'!C84+'Series 2010C(BABs)'!C84+'Series 2011'!C84+'Series 2011'!G84+'Series 2014'!C84+'Series 2015A'!C84+'Series 2015A'!G84+'Series 2015B'!C84+'Series 2016A'!C84+'Series 2016C'!C84+'Series 2017'!C84 -> 0 | F84: =B84+D84 -> 0 | G84: 0
A85: 54650 | B85: ='Series1997-1'!B85+'Series 2006B'!B85+'Series 2006B'!F85+'Series 2009A(BABs)'!B85+'Series 2009C'!B85+'Series 2009C'!F85+'Series 2009D QSCB'!B85+'Series 2010A(BABs)'!B85+'Series 2010B'!B85+'Series 2010C(BABs)'!B85+'Series 2011'!B85+'Series 2011'!F85+'Series 2014'!B85+'Series 2015A'!B85+'Series 2015A'!F85+'Series 2015B'!B85+'Series 2016A'!B85+'Series 2016C'!B85+'Series 2017'!B85 -> 0 | D85: ='Series1997-1'!C85+'Series 2006B'!C85+'Series 2006B'!G85+'Series 2009A(BABs)'!C85+'Series 2009C'!C85+'Series 2009C'!G85+'Series 2009D QSCB'!C85+'Series 2010A(BABs)'!C85+'Series 2010B'!C85+'Series 2010C(BABs)'!C85+'Series 2011'!C85+'Series 2011'!G85+'Series 2014'!C85+'Series 2015A'!C85+'Series 2015A'!G85+'Series 2015B'!C85+'Series 2016A'!C85+'Series 2016C'!C85+'Series 2017'!C85 -> 0 | F85: =B85+D85 -> 0 | G85: =F85+F84 -> 0
A86: 54834 | B86: ='Series1997-1'!B86+'Series 2006B'!B86+'Series 2006B'!F86+'Series 2009A(BABs)'!B86+'Series 2009C'!B86+'Series 2009C'!F86+'Series 2009D QSCB'!B86+'Series 2010A(BABs)'!B86+'Series 2010B'!B86+'Series 2010C(BABs)'!B86+'Series 2011'!B86+'Series 2011'!F86+'Series 2014'!B86+'Series 2015A'!B86+'Series 2015A'!F86+'Series 2015B'!B86+'Series 2016A'!B86+'Series 2016C'!B86+'Series 2017'!B86 -> 0 | D86: ='Series1997-1'!C86+'Series 2006B'!C86+'Series 2006B'!G86+'Series 2009A(BABs)'!C86+'Series 2009C'!C86+'Series 2009C'!G86+'Series 2009D QSCB'!C86+'Series 2010A(BABs)'!C86+'Series 2010B'!C86+'Series 2010C(BABs)'!C86+'Series 2011'!C86+'Series 2011'!G86+'Series 2014'!C86+'Series 2015A'!C86+'Series 2015A'!G86+'Series 2015B'!C86+'Series 2016A'!C86+'Series 2016C'!C86+'Series 2017'!C86 -> 0 | F86: =B86+D86 -> 0 | G86: 0
A87: 55015 | B87: ='Series1997-1'!B87+'Series 2006B'!B87+'Series 2006B'!F87+'Series 2009A(BABs)'!B87+'Series 2009C'!B87+'Series 2009C'!F87+'Series 2009D QSCB'!B87+'Series 2010A(BABs)'!B87+'Series 2010B'!B87+'Series 2010C(BABs)'!B87+'Series 2011'!B87+'Series 2011'!F87+'Series 2014'!B87+'Series 2015A'!B87+'Series 2015A'!F87+'Series 2015B'!B87+'Series 2016A'!B87+'Series 2016C'!B87+'Series 2017'!B87 -> 0 | D87: ='Series1997-1'!C87+'Series 2006B'!C87+'Series 2006B'!G87+'Series 2009A(BABs)'!C87+'Series 2009C'!C87+'Series 2009C'!G87+'Series 2009D QSCB'!C87+'Series 2010A(BABs)'!C87+'Series 2010B'!C87+'Series 2010C(BABs)'!C87+'Series 2011'!C87+'Series 2011'!G87+'Series 2014'!C87+'Series 2015A'!C87+'Series 2015A'!G87+'Series 2015B'!C87+'Series 2016A'!C87+'Series 2016C'!C87+'Series 2017'!C87 -> 0 | F87: =B87+D87 -> 0 | G87: =F87+F86 -> 0
A88: 55199 | B88: ='Series1997-1'!B88+'Series 2006B'!B88+'Series 2006B'!F88+'Series 2009A(BABs)'!B88+'Series 2009C'!B88+'Series 2009C'!F88+'Series 2009D QSCB'!B88+'Series 2010A(BABs)'!B88+'Series 2010B'!B88+'Series 2010C(BABs)'!B88+'Series 2011'!B88+'Series 2011'!F88+'Series 2014'!B88+'Series 2015A'!B88+'Series 2015A'!F88+'Series 2015B'!B88+'Series 2016A'!B88+'Series 2016C'!B88+'Series 2017'!B88 -> 0 | D88: ='Series1997-1'!C88+'Series 2006B'!C88+'Series 2006B'!G88+'Series 2009A(BABs)'!C88+'Series 2009C'!C88+'Series 2009C'!G88+'Series 2009D QSCB'!C88+'Series 2010A(BABs)'!C88+'Series 2010B'!C88+'Series 2010C(BABs)'!C88+'Series 2011'!C88+'Series 2011'!G88+'Series 2014'!C88+'Series 2015A'!C88+'Series 2015A'!G88+'Series 2015B'!C88+'Series 2016A'!C88+'Series 2016C'!C88+'Series 2017'!C88 -> 0 | F88: =B88+D88 -> 0 | G88: 0
A89: 55380 | B89: ='Series1997-1'!B89+'Series 2006B'!B89+'Series 2006B'!F89+'Series 2009A(BABs)'!B89+'Series 2009C'!B89+'Series 2009C'!F89+'Series 2009D QSCB'!B89+'Series 2010A(BABs)'!B89+'Series 2010B'!B89+'Series 2010C(BABs)'!B89+'Series 2011'!B89+'Series 2011'!F89+'Series 2014'!B89+'Series 2015A'!B89+'Series 2015A'!F89+'Series 2015B'!B89+'Series 2016A'!B89+'Series 2016C'!B89+'Series 2017'!B89 -> 0 | D89: ='Series1997-1'!C89+'Series 2006B'!C89+'Series 2006B'!G89+'Series 2009A(BABs)'!C89+'Series 2009C'!C89+'Series 2009C'!G89+'Series 2009D QSCB'!C89+'Series 2010A(BABs)'!C89+'Series 2010B'!C89+'Series 2010C(BABs)'!C89+'Series 2011'!C89+'Series 2011'!G89+'Series 2014'!C89+'Series 2015A'!C89+'Series 2015A'!G89+'Series 2015B'!C89+'Series 2016A'!C89+'Series 2016C'!C89+'Series 2017'!C89 -> 0 | F89: =B89+D89 -> 0 | G89: =F89+F88 -> 0
A90: 55564 | B90: ='Series1997-1'!B90+'Series 2006B'!B90+'Series 2006B'!F90+'Series 2009A(BABs)'!B90+'Series 2009C'!B90+'Series 2009C'!F90+'Series 2009D QSCB'!B90+'Series 2010A(BABs)'!B90+'Series 2010B'!B90+'Series 2010C(BABs)'!B90+'Series 2011'!B90+'Series 2011'!F90+'Series 2014'!B90+'Series 2015A'!B90+'Series 2015A'!F90+'Series 2015B'!B90+'Series 2016A'!B90+'Series 2016C'!B90+'Series 2017'!B90 -> 0 | D90: ='Series1997-1'!C90+'Series 2006B'!C90+'Series 2006B'!G90+'Series 2009A(BABs)'!C90+'Series 2009C'!C90+'Series 2009C'!G90+'Series 2009D QSCB'!C90+'Series 2010A(BABs)'!C90+'Series 2010B'!C90+'Series 2010C(BABs)'!C90+'Series 2011'!C90+'Series 2011'!G90+'Series 2014'!C90+'Series 2015A'!C90+'Series 2015A'!G90+'Series 2015B'!C90+'Series 2016A'!C90+'Series 2016C'!C90+'Series 2017'!C90 -> 0 | F90: =B90+D90 -> 0 | G90: 0
A91: 55746 | B91: ='Series1997-1'!B91+'Series 2006B'!B91+'Series 2006B'!F91+'Series 2009A(BABs)'!B91+'Series 2009C'!B91+'Series 2009C'!F91+'Series 2009D QSCB'!B91+'Series 2010A(BABs)'!B91+'Series 2010B'!B91+'Series 2010C(BABs)'!B91+'Series 2011'!B91+'Series 2011'!F91+'Series 2014'!B91+'Series 2015A'!B91+'Series 2015A'!F91+'Series 2015B'!B91+'Series 2016A'!B91+'Series 2016C'!B91+'Series 2017'!B91 -> 0 | D91: ='Series1997-1'!C91+'Series 2006B'!C91+'Series 2006B'!G91+'Series 2009A(BABs)'!C91+'Series 2009C'!C91+'Series 2009C'!G91+'Series 2009D QSCB'!C91+'Series 2010A(BABs)'!C91+'Series 2010B'!C91+'Series 2010C(BABs)'!C91+'Series 2011'!C91+'Series 2011'!G91+'Series 2014'!C91+'Series 2015A'!C91+'Series 2015A'!G91+'Series 2015B'!C91+'Series 2016A'!C91+'Series 2016C'!C91+'Series 2017'!C91 -> 0 | F91: =B91+D91 -> 0 | G91: =F91+F90 -> 0
A92: 55930 | B92: ='Series1997-1'!B92+'Series 2006B'!B92+'Series 2006B'!F92+'Series 2009A(BABs)'!B92+'Series 2009C'!B92+'Series 2009C'!F92+'Series 2009D QSCB'!B92+'Series 2010A(BABs)'!B92+'Series 2010B'!B92+'Series 2010C(BABs)'!B92+'Series 2011'!B92+'Series 2011'!F92+'Series 2014'!B92+'Series 2015A'!B92+'Series 2015A'!F92+'Series 2015B'!B92+'Series 2016A'!B92+'Series 2016C'!B92+'Series 2017'!B92 -> 0 | D92: ='Series1997-1'!C92+'Series 2006B'!C92+'Series 2006B'!G92+'Series 2009A(BABs)'!C92+'Series 2009C'!C92+'Series 2009C'!G92+'Series 2009D QSCB'!C92+'Series 2010A(BABs)'!C92+'Series 2010B'!C92+'Series 2010C(BABs)'!C92+'Series 2011'!C92+'Series 2011'!G92+'Series 2014'!C92+'Series 2015A'!C92+'Series 2015A'!G92+'Series 2015B'!C92+'Series 2016A'!C92+'Series 2016C'!C92+'Series 2017'!C92 -> 0 | F92: =B92+D92 -> 0 | G92: 0
A93: 56111 | B93: ='Series1997-1'!B93+'Series 2006B'!B93+'Series 2006B'!F93+'Series 2009A(BABs)'!B93+'Series 2009C'!B93+'Series 2009C'!F93+'Series 2009D QSCB'!B93+'Series 2010A(BABs)'!B93+'Series 2010B'!B93+'Series 2010C(BABs)'!B93+'Series 2011'!B93+'Series 2011'!F93+'Series 2014'!B93+'Series 2015A'!B93+'Series 2015A'!F93+'Series 2015B'!B93+'Series 2016A'!B93+'Series 2016C'!B93+'Series 2017'!B93 -> 0 | D93: ='Series1997-1'!C93+'Series 2006B'!C93+'Series 2006B'!G93+'Series 2009A(BABs)'!C93+'Series 2009C'!C93+'Series 2009C'!G93+'Series 2009D QSCB'!C93+'Series 2010A(BABs)'!C93+'Series 2010B'!C93+'Series 2010C(BABs)'!C93+'Series 2011'!C93+'Series 2011'!G93+'Series 2014'!C93+'Series 2015A'!C93+'Series 2015A'!G93+'Series 2015B'!C93+'Series 2016A'!C93+'Series 2016C'!C93+'Series 2017'!C93 -> 0 | F93: =B93+D93 -> 0 | G93: =F93+F92 -> 0
A94: 56295 | B94: ='Series1997-1'!B94+'Series 2006B'!B94+'Series 2006B'!F94+'Series 2009A(BABs)'!B94+'Series 2009C'!B94+'Series 2009C'!F94+'Series 2009D QSCB'!B94+'Series 2010A(BABs)'!B94+'Series 2010B'!B94+'Series 2010C(BABs)'!B94+'Series 2011'!B94+'Series 2011'!F94+'Series 2014'!B94+'Series 2015A'!B94+'Series 2015A'!F94+'Series 2015B'!B94+'Series 2016A'!B94+'Series 2016C'!B94+'Series 2017'!B94 -> 0 | D94: ='Series1997-1'!C94+'Series 2006B'!C94+'Series 2006B'!G94+'Series 2009A(BABs)'!C94+'Series 2009C'!C94+'Series 2009C'!G94+'Series 2009D QSCB'!C94+'Series 2010A(BABs)'!C94+'Series 2010B'!C94+'Series 2010C(BABs)'!C94+'Series 2011'!C94+'Series 2011'!G94+'Series 2014'!C94+'Series 2015A'!C94+'Series 2015A'!G94+'Series 2015B'!C94+'Series 2016A'!C94+'Series 2016C'!C94+'Series 2017'!C94 -> 0 | F94: =B94+D94 -> 0 | G94: 0
A95: 56476 | B95: ='Series1997-1'!B95+'Series 2006B'!B95+'Series 2006B'!F95+'Series 2009A(BABs)'!B95+'Series 2009C'!B95+'Series 2009C'!F95+'Series 2009D QSCB'!B95+'Series 2010A(BABs)'!B95+'Series 2010B'!B95+'Series 2010C(BABs)'!B95+'Series 2011'!B95+'Series 2011'!F95+'Series 2014'!B95+'Series 2015A'!B95+'Series 2015A'!F95+'Series 2015B'!B95+'Series 2016A'!B95+'Series 2016C'!B95+'Series 2017'!B95 -> 0 | D95: ='Series1997-1'!C95+'Series 2006B'!C95+'Series 2006B'!G95+'Series 2009A(BABs)'!C95+'Series 2009C'!C95+'Series 2009C'!G95+'Series 2009D QSCB'!C95+'Series 2010A(BABs)'!C95+'Series 2010B'!C95+'Series 2010C(BABs)'!C95+'Series 2011'!C95+'Series 2011'!G95+'Series 2014'!C95+'Series 2015A'!C95+'Series 2015A'!G95+'Series 2015B'!C95+'Series 2016A'!C95+'Series 2016C'!C95+'Series 2017'!C95 -> 0 | F95: =B95+D95 -> 0 | G95: =F95+F94 -> 0
A96: 56660 | B96: ='Series1997-1'!B96+'Series 2006B'!B96+'Series 2006B'!F96+'Series 2009A(BABs)'!B96+'Series 2009C'!B96+'Series 2009C'!F96+'Series 2009D QSCB'!B96+'Series 2010A(BABs)'!B96+'Series 2010B'!B96+'Series 2010C(BABs)'!B96+'Series 2011'!B96+'Series 2011'!F96+'Series 2014'!B96+'Series 2015A'!B96+'Series 2015A'!F96+'Series 2015B'!B96+'Series 2016A'!B96+'Series 2016C'!B96+'Series 2017'!B96 -> 0 | D96: ='Series1997-1'!C96+'Series 2006B'!C96+'Series 2006B'!G96+'Series 2009A(BABs)'!C96+'Series 2009C'!C96+'Series 2009C'!G96+'Series 2009D QSCB'!C96+'Series 2010A(BABs)'!C96+'Series 2010B'!C96+'Series 2010C(BABs)'!C96+'Series 2011'!C96+'Series 2011'!G96+'Series 2014'!C96+'Series 2015A'!C96+'Series 2015A'!G96+'Series 2015B'!C96+'Series 2016A'!C96+'Series 2016C'!C96+'Series 2017'!C96 -> 0 | F96: =B96+D96 -> 0 | G96: 0
A97: 56841 | B97: ='Series1997-1'!B97+'Series 2006B'!B97+'Series 2006B'!F97+'Series 2009A(BABs)'!B97+'Series 2009C'!B97+'Series 2009C'!F97+'Series 2009D QSCB'!B97+'Series 2010A(BABs)'!B97+'Series 2010B'!B97+'Series 2010C(BABs)'!B97+'Series 2011'!B97+'Series 2011'!F97+'Series 2014'!B97+'Series 2015A'!B97+'Series 2015A'!F97+'Series 2015B'!B97+'Series 2016A'!B97+'Series 2016C'!B97+'Series 2017'!B97 -> 0 | D97: ='Series1997-1'!C97+'Series 2006B'!C97+'Series 2006B'!G97+'Series 2009A(BABs)'!C97+'Series 2009C'!C97+'Series 2009C'!G97+'Series 2009D QSCB'!C97+'Series 2010A(BABs)'!C97+'Series 2010B'!C97+'Series 2010C(BABs)'!C97+'Series 2011'!C97+'Series 2011'!G97+'Series 2014'!C97+'Series 2015A'!C97+'Series 2015A'!G97+'Series 2015B'!C97+'Series 2016A'!C97+'Series 2016C'!C97+'Series 2017'!C97 -> 0 | F97: =B97+D97 -> 0 | G97: =F97+F96 -> 0
A98: 57025 | B98: ='Series1997-1'!B98+'Series 2006B'!B98+'Series 2006B'!F98+'Series 2009A(BABs)'!B98+'Series 2009C'!B98+'Series 2009C'!F98+'Series 2009D QSCB'!B98+'Series 2010A(BABs)'!B98+'Series 2010B'!B98+'Series 2010C(BABs)'!B98+'Series 2011'!B98+'Series 2011'!F98+'Series 2014'!B98+'Series 2015A'!B98+'Series 2015A'!F98+'Series 2015B'!B98+'Series 2016A'!B98+'Series 2016C'!B98+'Series 2017'!B98 -> 0 | D98: ='Series1997-1'!C98+'Series 2006B'!C98+'Series 2006B'!G98+'Series 2009A(BABs)'!C98+'Series 2009C'!C98+'Series 2009C'!G98+'Series 2009D QSCB'!C98+'Series 2010A(BABs)'!C98+'Series 2010B'!C98+'Series 2010C(BABs)'!C98+'Series 2011'!C98+'Series 2011'!G98+'Series 2014'!C98+'Series 2015A'!C98+'Series 2015A'!G98+'Series 2015B'!C98+'Series 2016A'!C98+'Series 2016C'!C98+'Series 2017'!C98 -> 0 | F98: =B98+D98 -> 0 | G98: 0
A99: 57207 | B99: ='Series1997-1'!B99+'Series 2006B'!B99+'Series 2006B'!F99+'Series 2009A(BABs)'!B99+'Series 2009C'!B99+'Series 2009C'!F99+'Series 2009D QSCB'!B99+'Series 2010A(BABs)'!B99+'Series 2010B'!B99+'Series 2010C(BABs)'!B99+'Series 2011'!B99+'Series 2011'!F99+'Series 2014'!B99+'Series 2015A'!B99+'Series 2015A'!F99+'Series 2015B'!B99+'Series 2016A'!B99+'Series 2016C'!B99+'Series 2017'!B99 -> 0 | D99: ='Series1997-1'!C99+'Series 2006B'!C99+'Series 2006B'!G99+'Series 2009A(BABs)'!C99+'Series 2009C'!C99+'Series 2009C'!G99+'Series 2009D QSCB'!C99+'Series 2010A(BABs)'!C99+'Series 2010B'!C99+'Series 2010C(BABs)'!C99+'Series 2011'!C99+'Series 2011'!G99+'Series 2014'!C99+'Series 2015A'!C99+'Series 2015A'!G99+'Series 2015B'!C99+'Series 2016A'!C99+'Series 2016C'!C99+'Series 2017'!C99 -> 0 | F99: =B99+D99 -> 0 | G99: =F99+F98 -> 0
A100: 57391 | B100: ='Series1997-1'!B100+'Series 2006B'!B100+'Series 2006B'!F100+'Series 2009A(BABs)'!B100+'Series 2009C'!B100+'Series 2009C'!F100+'Series 2009D QSCB'!B100+'Series 2010A(BABs)'!B100+'Series 2010B'!B100+'Series 2010C(BABs)'!B100+'Series 2011'!B100+'Series 2011'!F100+'Series 2014'!B100+'Series 2015A'!B100+'Series 2015A'!F100+'Series 2015B'!B100+'Series 2016A'!B100+'Series 2016C'!B100+'Series 2017'!B100 -> 0 | D100: ='Series1997-1'!C100+'Series 2006B'!C100+'Series 2006B'!G100+'Series 2009A(BABs)'!C100+'Series 2009C'!C100+'Series 2009C'!G100+'Series 2009D QSCB'!C100+'Series 2010A(BABs)'!C100+'Series 2010B'!C100+'Series 2010C(BABs)'!C100+'Series 2011'!C100+'Series 2011'!G100+'Series 2014'!C100+'Series 2015A'!C100+'Series 2015A'!G100+'Series 2015B'!C100+'Series 2016A'!C100+'Series 2016C'!C100+'Series 2017'!C100 -> 0 | F100: =B100+D100 -> 0 | G100: 0
A101: 57572 | B101: ='Series1997-1'!B101+'Series 2006B'!B101+'Series 2006B'!F101+'Series 2009A(BABs)'!B101+'Series 2009C'!B101+'Series 2009C'!F101+'Series 2009D QSCB'!B101+'Series 2010A(BABs)'!B101+'Series 2010B'!B101+'Series 2010C(BABs)'!B101+'Series 2011'!B101+'Series 2011'!F101+'Series 2014'!B101+'Series 2015A'!B101+'Series 2015A'!F101+'Series 2015B'!B101+'Series 2016A'!B101+'Series 2016C'!B101+'Series 2017'!B101 -> 0 | D101: ='Series1997-1'!C101+'Series 2006B'!C101+'Series 2006B'!G101+'Series 2009A(BABs)'!C101+'Series 2009C'!C101+'Series 2009C'!G101+'Series 2009D QSCB'!C101+'Series 2010A(BABs)'!C101+'Series 2010B'!C101+'Series 2010C(BABs)'!C101+'Series 2011'!C101+'Series 2011'!G101+'Series 2014'!C101+'Series 2015A'!C101+'Series 2015A'!G101+'Series 2015B'!C101+'Series 2016A'!C101+'Series 2016C'!C101+'Series 2017'!C101 -> 0 | F101: =B101+D101 -> 0 | G101: =F101+F100 -> 0
A102: 57756 | B102: ='Series1997-1'!B102+'Series 2006B'!B102+'Series 2006B'!F102+'Series 2009A(BABs)'!B102+'Series 2009C'!B102+'Series 2009C'!F102+'Series 2009D QSCB'!B102+'Series 2010A(BABs)'!B102+'Series 2010B'!B102+'Series 2010C(BABs)'!B102+'Series 2011'!B102+'Series 2011'!F102+'Series 2014'!B102+'Series 2015A'!B102+'Series 2015A'!F102+'Series 2015B'!B102+'Series 2016A'!B102+'Series 2016C'!B102+'Series 2017'!B102 -> 0 | D102: ='Series1997-1'!C102+'Series 2006B'!C102+'Series 2006B'!G102+'Series 2009A(BABs)'!C102+'Series 2009C'!C102+'Series 2009C'!G102+'Series 2009D QSCB'!C102+'Series 2010A(BABs)'!C102+'Series 2010B'!C102+'Series 2010C(BABs)'!C102+'Series 2011'!C102+'Series 2011'!G102+'Series 2014'!C102+'Series 2015A'!C102+'Series 2015A'!G102+'Series 2015B'!C102+'Series 2016A'!C102+'Series 2016C'!C102+'Series 2017'!C102 -> 0 | F102: =B102+D102 -> 0 | G102: 0
A103: 57937 | B103: ='Series1997-1'!B103+'Series 2006B'!B103+'Series 2006B'!F103+'Series 2009A(BABs)'!B103+'Series 2009C'!B103+'Series 2009C'!F103+'Series 2009D QSCB'!B103+'Series 2010A(BABs)'!B103+'Series 2010B'!B103+'Series 2010C(BABs)'!B103+'Series 2011'!B103+'Series 2011'!F103+'Series 2014'!B103+'Series 2015A'!B103+'Series 2015A'!F103+'Series 2015B'!B103+'Series 2016A'!B103+'Series 2016C'!B103+'Series 2017'!B103 -> 0 | D103: ='Series1997-1'!C103+'Series 2006B'!C103+'Series 2006B'!G103+'Series 2009A(BABs)'!C103+'Series 2009C'!C103+'Series 2009C'!G103+'Series 2009D QSCB'!C103+'Series 2010A(BABs)'!C103+'Series 2010B'!C103+'Series 2010C(BABs)'!C103+'Series 2011'!C103+'Series 2011'!G103+'Series 2014'!C103+'Series 2015A'!C103+'Series 2015A'!G103+'Series 2015B'!C103+'Series 2016A'!C103+'Series 2016C'!C103+'Series 2017'!C103 -> 0 | F103: =B103+D103 -> 0 | G103: =F103+F102 -> 0
A104: Total | B104: =SUM(B32:B75) -> 247435000 | D104: =SUM(D32:D75) -> 85836540 | F104: =SUM(F32:F75) -> 3.3327154e+08 | G104: =SUM(G32:G75) -> 333271540
A107: (a) Includes amortization of the Series 2009 QSCBs.
...

Sheet Total Debt (Ann)
A1: Carroll ISD
A4: Combined Annual Debt Service | M4: Reco
E6: Total | N6: Dif | P6: Dif | Q6: MAC 2009 | R6: Difference in MAC and | S6: 2016A and 2018
A7: Date | B7: Principal | D7: Interest | E7: Annual D/S (b) | M7: MACPrinc | N7: 2009QSCBs | O7: Mac Total | P7: 2009QSCBs | Q7: Q Interest | R7: USCA Q interest | S7: Savings
A9: 41152 | B9: =+'Total Debt (Semi-Ann)'!#REF!+'Total Debt (Semi-Ann)'!B11 -> #REF! | D9: =+'Total Debt (Semi-Ann)'!#REF!+'Total Debt (Semi-Ann)'!D11 -> #REF! | E9: =B9+D9 -> #REF!
A10: =DATE(YEAR(A9)+1, MONTH(A9),DAY(A9)) -> 41517 | B10: =+'Total Debt (Semi-Ann)'!B12+'Total Debt (Semi-Ann)'!B13 -> #REF! | D10: =+'Total Debt (Semi-Ann)'!D12+'Total Debt (Semi-Ann)'!D13 -> #REF! | E10: =B10+D10 -> #REF!
A11: =DATE(YEAR(A10)+1, MONTH(A10),DAY(A10)) -> 41882 | B11: =+'Total Debt (Semi-Ann)'!B14+'Total Debt (Semi-Ann)'!B15 -> #REF! | D11: =+'Total Debt (Semi-Ann)'!D14+'Total Debt (Semi-Ann)'!D15 -> #REF! | E11: =B11+D11 -> #REF!
A12: =DATE(YEAR(A11)+1, MONTH(A11),DAY(A11)) -> 42247 | B12: =+'Total Debt (Semi-Ann)'!B16+'Total Debt (Semi-Ann)'!B17 -> #REF! | D12: =+'Total Debt (Semi-Ann)'!D16+'Total Debt (Semi-Ann)'!D17 -> #REF! | E12: =B12+D12 -> #REF!
A13: =DATE(YEAR(A12)+1, MONTH(A12),DAY(A12)) -> 42613 | B13: =+'Total Debt (Semi-Ann)'!B18+'Total Debt (Semi-Ann)'!B19 -> #REF! | D13: =+'Total Debt (Semi-Ann)'!D18+'Total Debt (Semi-Ann)'!D19 -> #REF! | E13: =B13+D13 -> #REF!
A14: =DATE(YEAR(A13)+1, MONTH(A13),DAY(A13)) -> 42978 | B14: =+'Total Debt (Semi-Ann)'!B20+'Total Debt (Semi-Ann)'!B21 -> 4765462.8 | D14: =+'Total Debt (Semi-Ann)'!D20+'Total Debt (Semi-Ann)'!D21 -> 10360836 | E14: =B14+D14 -> 15126299
A15: =DATE(YEAR(A14)+1, MONTH(A14),DAY(A14)) -> 43343 | B15: =+'Total Debt (Semi-Ann)'!B22+'Total Debt (Semi-Ann)'!B23 -> 15190247 | D15: =+'Total Debt (Semi-Ann)'!D22+'Total Debt (Semi-Ann)'!D23 -> 12916953 | E15: =B15+D15 -> 28107200
A16: =DATE(YEAR(A15)+1, MONTH(A15),DAY(A15)) -> 43708 | B16: =+'Total Debt (Semi-Ann)'!B24+'Total Debt (Semi-Ann)'!B25 -> 16167836 | D16: =+'Total Debt (Semi-Ann)'!D24+'Total Debt (Semi-Ann)'!D25 -> 13624766 | E16: =B16+D16 -> 29792602
A17: =DATE(YEAR(A16)+1, MONTH(A16),DAY(A16)) -> 44074 | B17: =+'Total Debt (Semi-Ann)'!B26+'Total Debt (Semi-Ann)'!B27 -> 16432164 | D17: =+'Total Debt (Semi-Ann)'!D26+'Total Debt (Semi-Ann)'!D27 -> 14579620 | E17: =B17+D17 -> 31011784
A18: =DATE(YEAR(A17)+1, MONTH(A17),DAY(A17)) -> 44439 | B18: =+'Total Debt (Semi-Ann)'!B28+'Total Debt (Semi-Ann)'!B29 -> 0 | D18: =+'Total Debt (Semi-Ann)'!D28+'Total Debt (Semi-Ann)'!D29 -> 0 | E18: =B18+D18 -> 0 | M18: 16825000 | N18: =+B18-M18 -> -16825000 | O18: 31256728 | P18: =+E18-O18 -> -31256728
A19: =DATE(YEAR(A18)+1, MONTH(A18),DAY(A18)) -> 44804 | B19: =+'Total Debt (Semi-Ann)'!B30+'Total Debt (Semi-Ann)'!B31 -> 19030000 | D19: =+'Total Debt (Semi-Ann)'!D30+'Total Debt (Semi-Ann)'!D31 -> 13561039 | E19: =B19+D19 -> 32591039 | M19: 19030000 | N19: =+B19-M19 -> 0 | O19: 32591039 | P19: =+E19-O19 -> -0.050000001 | S19: =+-P19 -> 0.050000001
A20: =DATE(YEAR(A19)+1, MONTH(A19),DAY(A19)) -> 45169 | B20: =+'Total Debt (Semi-Ann)'!B32+'Total Debt (Semi-Ann)'!B33 -> 0 | D20: =+'Total Debt (Semi-Ann)'!D32+'Total Debt (Semi-Ann)'!D33 -> 0 | E20: =B20+D20 -> 0 | M20: 14960000 | N20: =+B20-M20 -> -14960000 | O20: 27678887 | P20: =+E20-O20 -> -27678887 | Q20: 132013.12 | R20: =+P20+Q20 -> -27546874 | S20: =+-P20 -> 27678887
A21: 45838 | B21: =+'Total Debt (Semi-Ann)'!B35+'Total Debt (Semi-Ann)'!B36 -> 14250000 | D21: =+'Total Debt (Semi-Ann)'!D35+'Total Debt (Semi-Ann)'!D36 -> 10721373 | E21: =B21+D21 -> 24971373 | M21: 15160000 | N21: =+B21-M21 -> -910000 | O21: 25490858 | P21: =+E21-O21 -> -519485.01 | Q21: 0 | S21: 496137.5
A22: =DATE(YEAR(A21)+1, MONTH(A21),DAY(A21)) -> 46203 | B22: =+'Total Debt (Semi-Ann)'!B37+'Total Debt (Semi-Ann)'!B38 -> 14825000 | D22: =+'Total Debt (Semi-Ann)'!D37+'Total Debt (Semi-Ann)'!D38 -> 10067162 | E22: =B22+D22 -> 24892162 | M22: 15820000 | N22: =+B22-M22 -> -995000 | O22: 25763289 | P22: =+E22-O22 -> -871127.51 | Q22: 0 | R22: 0 | S22: 846137.5
A23: =DATE(YEAR(A22)+1, MONTH(A22),DAY(A22)) -> 46568 | B23: =+'Total Debt (Semi-Ann)'!B39+'Total Debt (Semi-Ann)'!B40 -> 12835000 | D23: =+'Total Debt (Semi-Ann)'!D39+'Total Debt (Semi-Ann)'!D40 -> 9328781.5 | E23: =B23+D23 -> 22163782 | M23: 17120000 | N23: =+B23-M23 -> -4285000 | O23: 26248827 | P23: =+E23-O23 -> -4085045 | Q23: 0 | R23: 0 | S23: 4072137.5 | T23: Other difference is how MAC handles 2009QSCBs
A24: =DATE(YEAR(A23)+1, MONTH(A23),DAY(A23)) -> 46934 | B24: ='Total Debt (Semi-Ann)'!B41+'Total Debt (Semi-Ann)'!B42 -> 15165000 | D24: ='Total Debt (Semi-Ann)'!D41+'Total Debt (Semi-Ann)'!D42 -> 8662996.8 | E24: =B24+D24 -> 23827997 | M24: 15985000 | N24: =+B24-M24 -> -820000 | O24: 24352434 | P24: =+E24-O24 -> -524437.51 | S24: 524437.5
A25: =DATE(YEAR(A24)+1, MONTH(A24),DAY(A24)) -> 47299 | B25: =+'Total Debt (Semi-Ann)'!B43+'Total Debt (Semi-Ann)'!B44 -> 15895000 | D25: =+'Total Debt (Semi-Ann)'!D43+'Total Debt (Semi-Ann)'!D44 -> 7832681.5 | E25: =B25+D25 -> 23727682 | M25: 16040000 | N25: =+B25-M25 -> -145000 | O25: 24243369 | P25: =+E25-O25 -> -515687.49 | S25: 515687.5
A26: =DATE(YEAR(A25)+1, MONTH(A25),DAY(A25)) -> 47664 | B26: =+'Total Debt (Semi-Ann)'!B45+'Total Debt (Semi-Ann)'!B46 -> 16685000 | D26: =+'Total Debt (Semi-Ann)'!D45+'Total Debt (Semi-Ann)'!D46 -> 7005246.2 | E26: =B26+D26 -> 23690246 | M26: 16830000 | N26: =+B26-M26 -> -145000 | O26: 24201584 | P26: =+E26-O26 -> -511337.51 | S26: 511337.5
A27: =DATE(YEAR(A26)+1, MONTH(A26),DAY(A26)) -> 48029 | B27: =+'Total Debt (Semi-Ann)'!B47+'Total Debt (Semi-Ann)'!B48 -> 17610000 | D27: =+'Total Debt (Semi-Ann)'!D47+'Total Debt (Semi-Ann)'!D48 -> 6173667.2 | E27: =B27+D27 -> 23783667 | M27: 17750000 | N27: =+B27-M27 -> -140000 | O27: 24285655 | P27: =+E27-O27 -> -501987.52 | S27: 501987.5
A28: =DATE(YEAR(A27)+1, MONTH(A27),DAY(A27)) -> 48395 | B28: =+'Total Debt (Semi-Ann)'!B49+'Total Debt (Semi-Ann)'!B50 -> 17345000 | D28: =+'Total Debt (Semi-Ann)'!D49+'Total Debt (Semi-Ann)'!D50 -> 5344916.1 | E28: =B28+D28 -> 22689916 | M28: 17575000 | N28: =+B28-M28 -> -230000 | O28: 23277704 | P28: =+E28-O28 -> -587787.52 | S28: 587787.5
A29: =DATE(YEAR(A28)+1, MONTH(A28),DAY(A28)) -> 48760 | B29: =+'Total Debt (Semi-Ann)'!B51+'Total Debt (Semi-Ann)'!B52 -> 18130000 | D29: =+'Total Debt (Semi-Ann)'!D51+'Total Debt (Semi-Ann)'!D52 -> 4542560.6 | E29: =B29+D29 -> 22672561 | M29: 18360000 | N29: =+B29-M29 -> -230000 | O29: 23253448 | P29: =+E29-O29 -> -580887.52 | S29: 580887.5
A30: =DATE(YEAR(A29)+1, MONTH(A29),DAY(A29)) -> 49125 | B30: =+'Total Debt (Semi-Ann)'!B53+'Total Debt (Semi-Ann)'!B54 -> 18660000 | D30: =+'Total Debt (Semi-Ann)'!D53+'Total Debt (Semi-Ann)'!D54 -> 3693658 | E30: =B30+D30 -> 22353658 | M30: 18660000 | N30: =+B30-M30 -> 0 | O30: 22697358 | P30: =+E30-O30 -> -343700.03 | S30: 343700
